Workbook
Name chart1: ChartDashboard!$E$7
Name chart1X: OFFSET(Calc!$CP$7,0,0,MAX(Calc!$CN$5,1),1)
Name chart1Y: OFFSET(Calc!$CP$7,0,1,MAX(Calc!$CN$5,1),1)
Name chart2: ChartDashboard!$K$7
Name chart2X: OFFSET(Calc!$CT$7,0,0,MAX(Calc!$CU$5,1),1)
Name chart2Y: OFFSET(Calc!$CT$7,0,1,MAX(Calc!$CU$5,1),1)
Name chart3: ChartDashboard!$E$19
Name chart3X: OFFSET(Calc!$DA$7,0,0,MAX(Calc!$CY$5,1),1)
Name chart3Y: OFFSET(Calc!$DA$7,0,1,MAX(Calc!$CY$5,1),1)
Name chart4a: ChartDashboard!$I$19
Name chart4b: ChartDashboard!$K$19
Name chart4X: OFFSET(Calc!$DH$7,0,0,MAX(Calc!$DG$5,1),1)
Name chart4Y: OFFSET(Calc!$DH$7,0,1,MAX(Calc!$DG$5,1),1)
Name chart5a: ChartDashboard!$E$31
Name chart5b: ChartDashboard!$G$31
Name chart5X: OFFSET(Calc!$DM$7,0,0,MAX(Calc!$DN$5,1),1)
Name chart5Y: OFFSET(Calc!$DM$7,0,1,MAX(Calc!$DN$5,1),1)
Name chart6: ChartDashboard!$K$31
Name chart6Values: OFFSET(Calc!$DO$7,0,0,MAX(Calc!$DP$5,1),1)
Name CityDD: OFFSET(Settings!$D$41,0,0,Calc!$AS$4,1)
Name connector: Calc!$DW$6
Name CountryDD: OFFSET(Settings!$L$9,0,0,Calc!$AQ$4,1)
Name dateFormat: Settings!$B$8
Name filter1: Output!$C$10
Name filter2: Output!$C$13
Name filter3: Output!$C$16
Name filter4: Output!$C$19
Name filterA: Output!$B$9
Name filterB: Output!$B$12
Name filterC: Output!$B$15
Name filterD: Output!$B$18
Name FilterList: OFFSET(Calc!$E$7,0,0,Calc!$E$6,1)
Name FilterList2: OFFSET(Calc!$E$59,0,0,Calc!$F$59,1)
Name IndustryDD: OFFSET(Settings!$J$9,0,0,Calc!$AH$4,1)
Name months: Calc!$DY$7:$DY$18
Name order: Calc!$DX$6
Name order1: Calc!$DX$3
Name order2: Calc!$DX$4
Name order3: Calc!$DX$5
Name SectionList: OFFSET(Settings!$D$9,0,0,Calc!$F$3,1)
Name showID: Form!$G$5
Name SkillsDD: OFFSET(Settings!$L$41,0,0,Calc!$BD$4,1)
Name StateDD: OFFSET(Settings!$F$41,0,0,Calc!$AR$4,1)
Name StatusDD: OFFSET(Settings!$H$9,0,0,Calc!$AD$4,1)
Name SystemsDD: OFFSET(Settings!$H$41,0,0,Calc!$BB$4,1)
Name TechnologyDD: OFFSET(Settings!$J$41,0,0,Calc!$BC$4,1)
Name type1: Output!$B$10
Name type2: Output!$B$13
Name type3: Output!$B$16
Name type4: Output!$B$19
Name TypeDD: OFFSET(Settings!$F$9,0,0,Calc!$AC$4,1)

Sheet Dashboard
C2: CUSTOMER DATABASE TEMPLATE
C3: DASHBOARD

Sheet Settings
B2: CUSTOMER DATABASE TEMPLATE
B3: SETTINGS
B5: ERROR CHECK | C5: =Calc!DU3
B7: DATE FORMAT | D7: DEFINE DROPDOWNS LISTS
B8: 1.31.2021 | D8: FORM SECTIONS | F8: =IFERROR(IF(Input!D6="","",Input!D6),"Referenced Column was deleted!") -> TYPE | H8: =IFERROR(IF(Input!E6="","",Input!E6),"Referenced Column was deleted!") -> STATUS | J8: =IFERROR(IF(Input!I6="","",Input!I6),"Referenced Column was deleted!") -> INDUSTRY | L8: =IFERROR(IF(Input!R6="","",Input!R6),"Referenced Column was deleted!") -> COUNTRY
D9: Basic information | F9: Limited Liability Company | H9: Partner | J9: Agriculture | L9: USA
B10: WHICH ARE DATE INPUTS | D10: Location | F10: Joint Stock Company | H10: Contractor | J10: Manufacturing | L10: India
B11: FOUNDATION DATE | D11: Value | F11: Collective Company | H11: Corporation | J11: Automotive | L11: Spain
D12: Employees | F12: Commandite Company | H12: Startup | J12: Chemical | L12: Brazil
D13: Contact | F13: Cooperative Company | J13: Electronics | L13: Chile
J14: Food industry | L14: Turkey
J15: Petroleum | L15: Sweden
J16: Textile | L16: Poland
J17: Financial | L17: Germany
J18: Healthcare | L18: France
D40: =IFERROR(IF(Input!T6="","",Input!T6),"Referenced Column was deleted!") -> CITY | F40: =IFERROR(IF(Input!S6="","",Input!S6),"Referenced Column was deleted!") -> STATE / REGION | H40: =IFERROR(IF(Input!AC6="","",Input!AC6),"Referenced Column was deleted!") -> COMPUTER SYSTEMS | J40: =IFERROR(IF(Input!AD6="","",Input!AD6),"Referenced Column was deleted!") -> TECHNOLOGY USED | L40: =IFERROR(IF(Input!AE6="","",Input!AE6),"Referenced Column was deleted!") -> SKILLS
D41: NY | F41: New York | H41: SAP | J41: Nanomaterials | L41: IT
D42: London | F42: Mumbai | H42: -NA- | J42: AI | L42: Languages
D43: Berlin | F43: Silesia | H43: Linux | J43: Handmade | L43: Manufacturing
D44: Paris | F44: Catalonia | H44: Windows | J44: Cloud computing | L44: Robotics
D45: Istanbul | H45: Oracle | J45: Microservices
D46: Madrid | H46: Salesforce
D47: Barcelona
D48: Wroclaw
D49: Wuppertal

Sheet Input
B2: CUSTOMER DATABASE TEMPLATE
B3: INPUT DATA
B5: Basic information | J5: Contact | Q5: Location | W5: Company Size | AB5: Employees | AG5: Other
B6: UNIQUE ID | C6: NAME | D6: TYPE | E6: STATUS | F6: ALTERNATIVE NAMES | G6: FOUNDATION DATE | H6: CEO | I6: INDUSTRY | J6: HR CONTACT | K6: CONTACT PERSON | L6: PHONE NUMBER | M6: FAX | N6: EMAIL | O6: WEBSITE | P6: LINKED IN | Q6: STREET ADDRESS | R6: COUNTRY | S6: STATE / REGION | T6: CITY | U6: ZIPCODE | V6: OTHER LOCATIONS | W6: COMPANY REVENUE | X6: COMPANY VALUE | Y6: COMPANY SALES | Z6: FUNDING | AA6: VAT NO | AB6: NUMBER OF EMPLOYEE | AC6: COMPUTER SYSTEMS | AD6: TECHNOLOGY USED | AE6: SKILLS | AF6: JOB OPPENINGS | AG6: EVENTS | AH6: ASOCIATED COMPANIES | AI6: SUMMARY DESCRIPTION
B7: B-00001 | C7: Marketingoryx | D7: Limited Liability Company | E7: Partner | F7: - | G7: 44525 | H7: Joseph Manning | I7: Financial | J7: Russell Becker | K7: Caleb Mullins | L7: 1-783-277-9499 | M7: 1-874-109-6713 | N7: vivamus.nisi@protonmail.net | O7: Marketingoryx.com | P7: linkedin.com/company/Marketingoryx | R7: USA | T7: NY | U7: L7 8QR | V7: Firenze | W7: 88800 | X7: 9321000 | Y7: 238100 | AB7: 25 | AD7: SAP | AE7: Databases
B8: B-00002 | C8: Linear Marketing | D8: Collective Company | E8: Contractor | F8: - | G8: 44529 | H8: Abra Greene | I8: Financial | J8: Ruby Peters | K8: Laura Hartman | L8: (557) 683-7717 | M8: 1-681-640-2807 | N8: neque.morbi@outlook.edu | O8: Linear Marketing.com | P8: linkedin.com/company/Linear Marketing | R8: India | T8: Paris | U8: 521371 | V8: Tarragona | W8: 24600 | X8: 8692000 | Y8: 220000 | AB8: 540 | AD8: SAP | AE8: databases, finances
B9: B-00003 | C9: Edge Finance | D9: Commandite Company | E9: Partner | F9: Edge Finance - xyz | G9: 44525 | H9: Macaulay Hart | I9: Food industry | J9: Rebekah Lawrence | K9: Dustin Santana | L9: 1-541-307-5357 | M9: 1-814-471-2376 | N9: massa.lobortis.ultrices@aol.edu | O9: Edge Finance.com | P9: linkedin.com/company/Edge Finance | R9: Spain | T9: Barcelona | U9: 784357 | V9: Spijkenisse | W9: 75000 | X9: 1106000 | Y9: 889300 | AB9: 400 | AD9: ORACLE | AE9: finances
B10: B-00004 | C10: Overdrive Logistics | D10: Collective Company | E10: Corporation | F10: Overdrive Logistics - xyz | G10: 44525 | H10: Brenda Fuller | I10: Textile | J10: Nerea Leon | K10: Aidan Yates | L10: 1-868-596-7615 | M10: 1-776-132-4431 | N10: sociis.natoque@icloud.net | O10: Overdrive Logistics.com | P10: linkedin.com/company/Overdrive Logistics | R10: Turkey | T10: Barcelona | U10: 7483 XO | V10: Bida | W10: 74000 | X10: 6058000 | Y10: 438000 | AB10: 670 | AD10: SAP | AE10: database
B11: B-00005 | C11: Pixel Logistics | D11: Cooperative Company | E11: Startup | F11: Pixel Logistics - xyz | G11: 44525 | H11: Murphy Todd | I11: Financial | J11: Lysandra Wiley | K11: Deanna Holcomb | L11: (490) 135-2832 | M11: 1-582-392-0196 | N11: fermentum.arcu@aol.couk | O11: Pixel Logistics.com | P11: linkedin.com/company/Pixel Logistics | R11: Poland | T11: Wroclaw | U11: 45607 | V11: New Quay | W11: 31900 | X11: 5804000 | Y11: 935800 | AB11: 1000 | AD11: Salesforce | AE11: automation, agile
B12: B-00007 | C12: Fusion Finance | D12: Collective Company | E12: Partner | F12: Fusion Finance - xyz | G12: 43794 | H12: Cameran Stokes | I12: Automotive | J12: Aidan Delaney | K12: Gage Boyd | L12: (513) 726-3612 | M12: 1-265-665-2537 | N12: pede.cum@aol.edu | O12: Fusion Finance.com | P12: linkedin.com/company/Fusion Finance | R12: Brazil | T12: Madrid | U12: 903758 | V12: Lunel | W12: 7800 | X12: 6272000 | Y12: 94300 | AB12: 240 | AD12: Office | AE12: Databases
B13: B-00008 | C13: Marketingology | D13: Limited Liability Company | E13: Contractor | F13: Marketingology - xyz | G13: 29550 | H13: Emerald Vincent | I13: Food industry | J13: Lacota Acosta | K13: Nash Goodwin | L13: (921) 223-4744 | M13: (800) 211-0587 | N13: quis.pede.praesent@icloud.com | O13: Marketingology.com | P13: linkedin.com/company/Marketingology | R13: Turkey | T13: Istanbul | U13: 23582 | V13: Quirihue | W13: 28400 | X13: 4548000 | Y13: 937400 | AB13: 665 | AD13: Office | AE13: databases, finances
B14: B-00009 | C14: Marketingsy | D14: Cooperative Company | E14: Partner | F14: Marketingsy - xyz | G14: 42333 | H14: Gwendolyn Carson | I14: Healthcare | J14: Luke Nielsen | K14: Hayley Leblanc | L14: 1-783-372-8799 | M14: (502) 321-1575 | N14: lacus.varius@icloud.org | O14: Marketingsy.com | P14: linkedin.com/company/Marketingsy | R14: Sweden | T14: Kiev | U14: 63585 | V14: Sobral | W14: 42900 | X14: 2225000 | Y14: 187400 | AB14: 815 | AD14: Chrome OS | AE14: finances
B15: B-00010 | C15: Electric Logistics | D15: Cooperative Company | E15: Corporation | F15: Electric Logistics - xyz | G15: 31192 | H15: Marsden Melendez | I15: Financial | J15: Anthony Hull | K15: Barbara Nash | L15: 1-766-527-2028 | M15: 1-653-416-6530 | N15: malesuada.id.erat@hotmail.ca | O15: Electric Logistics.com | P15: linkedin.com/company/Electric Logistics | R15: UK | T15: London | U15: 37445-15774 | V15: Puno | W15: 93000 | X15: 8034000 | Y15: 805300 | AB15: 905 | AD15: Tablets | AE15: economics
B16: B-00011 | C16: Financenest | D16: Cooperative Company | E16: Startup | F16: Financenest - xyz | G16: 32629 | H16: Lani Robertson | I16: Textile | J16: Ethan Copeland | K16: Leroy Gates | L16: 1-202-234-2866 | M16: (835) 324-3219 | N16: imperdiet@yahoo.edu | O16: Financenest.com | P16: linkedin.com/company/Financenest | R16: Poland | T16: Hong Kong | U16: 226925 | V16: Jilin | W16: 41800 | X16: 2214000 | Y16: 145100 | AB16: 525 | AD16: Tablets | AE16: database
B17: B-00013 | C17: Logisticsoont | D17: Joint Stock Company | E17: Partner | F17: Logisticsoont - xyz | G17: 35463 | H17: Kirestin Garrett | I17: Petroleum | J17: Imelda Rowe | K17: Ray Hampton | L17: (344) 767-8905 | M17: (409) 537-1037 | N17: luctus@outlook.net | O17: Logisticsoont.com | P17: linkedin.com/company/Logisticsoont | R17: Spain | T17: Madrid | U17: 47147-788 | V17: Frasnes-lez-Gosselies | W17: 67700 | X17: 5838000 | Y17: 926300 | AB17: 550 | AD17: Office | AE17: databases, finances
B18: B-00014 | C18: Operationswind | D18: Commandite Company | E18: Contractor | F18: Operationswind - xyz | G18: 36220 | H18: Fitzgerald Merrill | I18: Food industry | J18: Garth Gallagher | K18: Benjamin White | L18: 1-122-457-8739 | M18: 1-396-713-9885 | N18: sit.amet@google.edu | O18: Operationswind.com | P18: linkedin.com/company/Operationswind | R18: Chile | T18: LA | U18: 12487 | V18: Dublin | W18: 86900 | X18: 1387000 | Y18: 737800 | AB18: 540 | AD18: RPA | AE18: finances
... B31: B-00027 | C31: SAASWizard Logo Domainify | D31: Collective Company | E31: Startup | F31: SAASWizard Logo Domainify - xyz | G31: 36220 | H31: Wyoming Velasquez | I31: Healthcare | J31: Michael Valdez | K31: Dale Bruce | L31: 1-534-246-2842 | M31: (237) 868-1405 | N31: suspendisse.tristique@outlook.com | O31: SAASWizard Logo Domainify.com | P31: linkedin.com/company/SAASWizard Logo Domainify | R31: Germany | T31: LA | U31: 15231 | V31: Detroit | W31: 18400 | X31: 2393000 | Y31: 242000 | AB31: 565 | AD31: SAP | AE31: databases, finances

Sheet Output
C2: CUSTOMER DATABASE TEMPLATE
C3: CUSTOMER OUTPUT LIST
E4: =IF(E6="","",IF(ISNUMBER(MATCH(E6,Calc!$AA$6:$BX$6,0)),"","x")) | F4: =IF(F6="","",IF(ISNUMBER(MATCH(F6,Calc!$AA$6:$BX$6,0)),"","x")) | G4: =IF(G6="","",IF(ISNUMBER(MATCH(G6,Calc!$AA$6:$BX$6,0)),"","x")) | H4: =IF(H6="","",IF(ISNUMBER(MATCH(H6,Calc!$AA$6:$BX$6,0)),"","x")) | I4: =IF(I6="","",IF(ISNUMBER(MATCH(I6,Calc!$AA$6:$BX$6,0)),"","x")) | J4: =IF(J6="","",IF(ISNUMBER(MATCH(J6,Calc!$AA$6:$BX$6,0)),"","x")) | K4: =IF(K6="","",IF(ISNUMBER(MATCH(K6,Calc!$AA$6:$BX$6,0)),"","x")) | L4: =IF(L6="","",IF(ISNUMBER(MATCH(L6,Calc!$AA$6:$BX$6,0)),"","x")) | ... N4: =IF(N6="","",IF(ISNUMBER(MATCH(N6,Calc!$AA$6:$BX$6,0)),"","x"))
E5: =IFERROR(IF(INDEX(Calc!$AA$5:$BX$5,1,MATCH(Output!E$6,Calc!$AA$6:$BX$6,0))="","",INDEX(Calc!$AA$5:$BX$5,1,MATCH(Output!E$6,Calc!$AA$6:$BX$6,0))),"") -> 2 | F5: =IFERROR(IF(INDEX(Calc!$AA$5:$BX$5,1,MATCH(Output!F$6,Calc!$AA$6:$BX$6,0))="","",INDEX(Calc!$AA$5:$BX$5,1,MATCH(Output!F$6,Calc!$AA$6:$BX$6,0))),"") -> 23 | G5: =IFERROR(IF(INDEX(Calc!$AA$5:$BX$5,1,MATCH(Output!G$6,Calc!$AA$6:$BX$6,0))="","",INDEX(Calc!$AA$5:$BX$5,1,MATCH(Output!G$6,Calc!$AA$6:$BX$6,0))),"") -> 10 | H5: =IFERROR(IF(INDEX(Calc!$AA$5:$BX$5,1,MATCH(Output!H$6,Calc!$AA$6:$BX$6,0))="","",INDEX(Calc!$AA$5:$BX$5,1,MATCH(Output!H$6,Calc!$AA$6:$BX$6,0))),"") -> 11 | I5: =IFERROR(IF(INDEX(Calc!$AA$5:$BX$5,1,MATCH(Output!I$6,Calc!$AA$6:$BX$6,0))="","",INDEX(Calc!$AA$5:$BX$5,1,MATCH(Output!I$6,Calc!$AA$6:$BX$6,0))),"") -> 27 | J5: =IFERROR(IF(INDEX(Calc!$AA$5:$BX$5,1,MATCH(Output!J$6,Calc!$AA$6:$BX$6,0))="","",INDEX(Calc!$AA$5:$BX$5,1,MATCH(Output!J$6,Calc!$AA$6:$BX$6,0))),"") -> 8 | K5: =IFERROR(IF(INDEX(Calc!$AA$5:$BX$5,1,MATCH(Output!K$6,Calc!$AA$6:$BX$6,0))="","",INDEX(Calc!$AA$5:$BX$5,1,MATCH(Output!K$6,Calc!$AA$6:$BX$6,0))),"") | L5: =IFERROR(IF(INDEX(Calc!$AA$5:$BX$5,1,MATCH(Output!L$6,Calc!$AA$6:$BX$6,0))="","",INDEX(Calc!$AA$5:$BX$5,1,MATCH(Output!L$6,Calc!$AA$6:$BX$6,0))),"") | ... N5: =IFERROR(IF(INDEX(Calc!$AA$5:$BX$5,1,MATCH(Output!N$6,Calc!$AA$6:$BX$6,0))="","",INDEX(Calc!$AA$5:$BX$5,1,MATCH(Output!N$6,Calc!$AA$6:$BX$6,0))),"")
B6: SET OF FILTERS | E6: NAME | F6: COMPANY VALUE | G6: CONTACT PERSON | H6: PHONE NUMBER | I6: NUMBER OF EMPLOYEE | J6: INDUSTRY
E7: Column1 | F7: Column2 | G7: Column3 | H7: Column4 | I7: Column5 | J7: Column6 | K7: Column7 | L7: Column8 | M7: Column9 | N7: Column10 | O7: ROW
E8: =IFERROR(INDEX(Calc!$AA$7:$CC$1006,$O8,E$5),"") -> Marketingoryx | F8: =IFERROR(INDEX(Calc!$AA$7:$CC$1006,$O8,F$5),"") -> 9321000 | G8: =IFERROR(INDEX(Calc!$AA$7:$CC$1006,$O8,G$5),"") -> Caleb Mullins | H8: =IFERROR(INDEX(Calc!$AA$7:$CC$1006,$O8,H$5),"") -> 1-783-277-9499 | I8: =IFERROR(INDEX(Calc!$AA$7:$CC$1006,$O8,I$5),"") -> 25 | J8: =IFERROR(INDEX(Calc!$AA$7:$CC$1006,$O8,J$5),"") -> Financial | K8: =IFERROR(INDEX(Calc!$AA$7:$CC$1006,$O8,K$5),"") | L8: =IFERROR(INDEX(Calc!$AA$7:$CC$1006,$O8,L$5),"") | ... N8: =IFERROR(INDEX(Calc!$AA$7:$CC$1006,$O8,N$5),"") | O8: =IFERROR(SMALL(Calc!$CD$7:$CD$1006,ROW(O7)-ROW(O$6)),"") -> 1
A9: =IF(Calc!CE5=0,">>","") | B9: INDUSTRY | E9: =IFERROR(INDEX(Calc!$AA$7:$CC$1006,$O9,E$5),"") -> Linear Marketing | F9: =IFERROR(INDEX(Calc!$AA$7:$CC$1006,$O9,F$5),"") -> 8692000 | G9: =IFERROR(INDEX(Calc!$AA$7:$CC$1006,$O9,G$5),"") -> Laura Hartman | H9: =IFERROR(INDEX(Calc!$AA$7:$CC$1006,$O9,H$5),"") -> (557) 683-7717 | I9: =IFERROR(INDEX(Calc!$AA$7:$CC$1006,$O9,I$5),"") -> 540 | J9: =IFERROR(INDEX(Calc!$AA$7:$CC$1006,$O9,J$5),"") -> Financial | K9: =IFERROR(INDEX(Calc!$AA$7:$CC$1006,$O9,K$5),"") | L9: =IFERROR(INDEX(Calc!$AA$7:$CC$1006,$O9,L$5),"") | ... N9: =IFERROR(INDEX(Calc!$AA$7:$CC$1006,$O9,N$5),"") | O9: =IFERROR(SMALL(Calc!$CD$7:$CD$1006,ROW(O8)-ROW(O$6)),"") -> 2
B10: Equals | C10: Financial | E10: =IFERROR(INDEX(Calc!$AA$7:$CC$1006,$O10,E$5),"") -> Pixel Logistics | F10: =IFERROR(INDEX(Calc!$AA$7:$CC$1006,$O10,F$5),"") -> 5804000 | G10: =IFERROR(INDEX(Calc!$AA$7:$CC$1006,$O10,G$5),"") -> Deanna Holcomb | H10: =IFERROR(INDEX(Calc!$AA$7:$CC$1006,$O10,H$5),"") -> (490) 135-2832 | I10: =IFERROR(INDEX(Calc!$AA$7:$CC$1006,$O10,I$5),"") -> 1000 | J10: =IFERROR(INDEX(Calc!$AA$7:$CC$1006,$O10,J$5),"") -> Financial | K10: =IFERROR(INDEX(Calc!$AA$7:$CC$1006,$O10,K$5),"") | L10: =IFERROR(INDEX(Calc!$AA$7:$CC$1006,$O10,L$5),"") | ... N10: =IFERROR(INDEX(Calc!$AA$7:$CC$1006,$O10,N$5),"") | O10: =IFERROR(SMALL(Calc!$CD$7:$CD$1006,ROW(O9)-ROW(O$6)),"") -> 5
E11: =IFERROR(INDEX(Calc!$AA$7:$CC$1006,$O11,E$5),"") -> Electric Logistics | F11: =IFERROR(INDEX(Calc!$AA$7:$CC$1006,$O11,F$5),"") -> 8034000 | G11: =IFERROR(INDEX(Calc!$AA$7:$CC$1006,$O11,G$5),"") -> Barbara Nash | H11: =IFERROR(INDEX(Calc!$AA$7:$CC$1006,$O11,H$5),"") -> 1-766-527-2028 | I11: =IFERROR(INDEX(Calc!$AA$7:$CC$1006,$O11,I$5),"") -> 905 | J11: =IFERROR(INDEX(Calc!$AA$7:$CC$1006,$O11,J$5),"") -> Financial | K11: =IFERROR(INDEX(Calc!$AA$7:$CC$1006,$O11,K$5),"") | L11: =IFERROR(INDEX(Calc!$AA$7:$CC$1006,$O11,L$5),"") | ... N11: =IFERROR(INDEX(Calc!$AA$7:$CC$1006,$O11,N$5),"") | O11: =IFERROR(SMALL(Calc!$CD$7:$CD$1006,ROW(O10)-ROW(O$6)),"") -> 9
A12: =IF(Calc!CF5=0,">>","") | B12: COUNTRY | E12: =IFERROR(INDEX(Calc!$AA$7:$CC$1006,$O12,E$5),"") -> Macro Finance | F12: =IFERROR(INDEX(Calc!$AA$7:$CC$1006,$O12,F$5),"") -> 2946000 | G12: =IFERROR(INDEX(Calc!$AA$7:$CC$1006,$O12,G$5),"") -> Ross Porter | H12: =IFERROR(INDEX(Calc!$AA$7:$CC$1006,$O12,H$5),"") -> 1-771-531-6786 | I12: =IFERROR(INDEX(Calc!$AA$7:$CC$1006,$O12,I$5),"") -> 415 | J12: =IFERROR(INDEX(Calc!$AA$7:$CC$1006,$O12,J$5),"") -> Financial | K12: =IFERROR(INDEX(Calc!$AA$7:$CC$1006,$O12,K$5),"") | L12: =IFERROR(INDEX(Calc!$AA$7:$CC$1006,$O12,L$5),"") | ... N12: =IFERROR(INDEX(Calc!$AA$7:$CC$1006,$O12,N$5),"") | O12: =IFERROR(SMALL(Calc!$CD$7:$CD$1006,ROW(O11)-ROW(O$6)),"") -> 18
B13: Equals | E13: =IFERROR(INDEX(Calc!$AA$7:$CC$1006,$O13,E$5),"") -> Financefluent | F13: =IFERROR(INDEX(Calc!$AA$7:$CC$1006,$O13,F$5),"") -> 9844000 | G13: =IFERROR(INDEX(Calc!$AA$7:$CC$1006,$O13,G$5),"") -> Norman Dillon | H13: =IFERROR(INDEX(Calc!$AA$7:$CC$1006,$O13,H$5),"") -> (803) 712-9679 | I13: =IFERROR(INDEX(Calc!$AA$7:$CC$1006,$O13,I$5),"") -> 185 | J13: =IFERROR(INDEX(Calc!$AA$7:$CC$1006,$O13,J$5),"") -> Financial | K13: =IFERROR(INDEX(Calc!$AA$7:$CC$1006,$O13,K$5),"") | L13: =IFERROR(INDEX(Calc!$AA$7:$CC$1006,$O13,L$5),"") | ... N13: =IFERROR(INDEX(Calc!$AA$7:$CC$1006,$O13,N$5),"") | O13: =IFERROR(SMALL(Calc!$CD$7:$CD$1006,ROW(O12)-ROW(O$6)),"") -> 19
E14: =IFERROR(INDEX(Calc!$AA$7:$CC$1006,$O14,E$5),"") -> Spire Operations | F14: =IFERROR(INDEX(Calc!$AA$7:$CC$1006,$O14,F$5),"") -> 5975000 | G14: =IFERROR(INDEX(Calc!$AA$7:$CC$1006,$O14,G$5),"") -> Ahmed Munoz | H14: =IFERROR(INDEX(Calc!$AA$7:$CC$1006,$O14,H$5),"") -> (676) 613-1898 | I14: =IFERROR(INDEX(Calc!$AA$7:$CC$1006,$O14,I$5),"") -> 645 | J14: =IFERROR(INDEX(Calc!$AA$7:$CC$1006,$O14,J$5),"") -> Financial | K14: =IFERROR(INDEX(Calc!$AA$7:$CC$1006,$O14,K$5),"") | L14: =IFERROR(INDEX(Calc!$AA$7:$CC$1006,$O14,L$5),"") | ... N14: =IFERROR(INDEX(Calc!$AA$7:$CC$1006,$O14,N$5),"") | O14: =IFERROR(SMALL(Calc!$CD$7:$CD$1006,ROW(O13)-ROW(O$6)),"") -> 22
A15: =IF(Calc!CG5=0,">>","") | B15: FOUNDATION DATE | E15: =IFERROR(INDEX(Calc!$AA$7:$CC$1006,$O15,E$5),"") | F15: =IFERROR(INDEX(Calc!$AA$7:$CC$1006,$O15,F$5),"") | G15: =IFERROR(INDEX(Calc!$AA$7:$CC$1006,$O15,G$5),"") | H15: =IFERROR(INDEX(Calc!$AA$7:$CC$1006,$O15,H$5),"") | I15: =IFERROR(INDEX(Calc!$AA$7:$CC$1006,$O15,I$5),"") | J15: =IFERROR(INDEX(Calc!$AA$7:$CC$1006,$O15,J$5),"") | K15: =IFERROR(INDEX(Calc!$AA$7:$CC$1006,$O15,K$5),"") | L15: =IFERROR(INDEX(Calc!$AA$7:$CC$1006,$O15,L$5),"") | ... N15: =IFERROR(INDEX(Calc!$AA$7:$CC$1006,$O15,N$5),"") | O15: =IFERROR(SMALL(Calc!$CD$7:$CD$1006,ROW(O14)-ROW(O$6)),"")
B16: Above | C16: 1.11.1950 | E16: =IFERROR(INDEX(Calc!$AA$7:$CC$1006,$O16,E$5),"") | F16: =IFERROR(INDEX(Calc!$AA$7:$CC$1006,$O16,F$5),"") | G16: =IFERROR(INDEX(Calc!$AA$7:$CC$1006,$O16,G$5),"") | H16: =IFERROR(INDEX(Calc!$AA$7:$CC$1006,$O16,H$5),"") | I16: =IFERROR(INDEX(Calc!$AA$7:$CC$1006,$O16,I$5),"") | J16: =IFERROR(INDEX(Calc!$AA$7:$CC$1006,$O16,J$5),"") | K16: =IFERROR(INDEX(Calc!$AA$7:$CC$1006,$O16,K$5),"") | L16: =IFERROR(INDEX(Calc!$AA$7:$CC$1006,$O16,L$5),"") | ... N16: =IFERROR(INDEX(Calc!$AA$7:$CC$1006,$O16,N$5),"") | O16: =IFERROR(SMALL(Calc!$CD$7:$CD$1006,ROW(O15)-ROW(O$6)),"")
E17: =IFERROR(INDEX(Calc!$AA$7:$CC$1006,$O17,E$5),"") | F17: =IFERROR(INDEX(Calc!$AA$7:$CC$1006,$O17,F$5),"") | G17: =IFERROR(INDEX(Calc!$AA$7:$CC$1006,$O17,G$5),"") | H17: =IFERROR(INDEX(Calc!$AA$7:$CC$1006,$O17,H$5),"") | I17: =IFERROR(INDEX(Calc!$AA$7:$CC$1006,$O17,I$5),"") | J17: =IFERROR(INDEX(Calc!$AA$7:$CC$1006,$O17,J$5),"") | K17: =IFERROR(INDEX(Calc!$AA$7:$CC$1006,$O17,K$5),"") | L17: =IFERROR(INDEX(Calc!$AA$7:$CC$1006,$O17,L$5),"") | ... N17: =IFERROR(INDEX(Calc!$AA$7:$CC$1006,$O17,N$5),"") | O17: =IFERROR(SMALL(Calc!$CD$7:$CD$1006,ROW(O16)-ROW(O$6)),"")
A18: =IF(Calc!CH5=0,">>","") | B18: COMPANY REVENUE | E18: =IFERROR(INDEX(Calc!$AA$7:$CC$1006,$O18,E$5),"") | F18: =IFERROR(INDEX(Calc!$AA$7:$CC$1006,$O18,F$5),"") | G18: =IFERROR(INDEX(Calc!$AA$7:$CC$1006,$O18,G$5),"") | H18: =IFERROR(INDEX(Calc!$AA$7:$CC$1006,$O18,H$5),"") | I18: =IFERROR(INDEX(Calc!$AA$7:$CC$1006,$O18,I$5),"") | J18: =IFERROR(INDEX(Calc!$AA$7:$CC$1006,$O18,J$5),"") | K18: =IFERROR(INDEX(Calc!$AA$7:$CC$1006,$O18,K$5),"") | L18: =IFERROR(INDEX(Calc!$AA$7:$CC$1006,$O18,L$5),"") | ... N18: =IFERROR(INDEX(Calc!$AA$7:$CC$1006,$O18,N$5),"") | O18: =IFERROR(SMALL(Calc!$CD$7:$CD$1006,ROW(O17)-ROW(O$6)),"")
B19: Below | E19: =IFERROR(INDEX(Calc!$AA$7:$CC$1006,$O19,E$5),"") | F19: =IFERROR(INDEX(Calc!$AA$7:$CC$1006,$O19,F$5),"") | G19: =IFERROR(INDEX(Calc!$AA$7:$CC$1006,$O19,G$5),"") | H19: =IFERROR(INDEX(Calc!$AA$7:$CC$1006,$O19,H$5),"") | I19: =IFERROR(INDEX(Calc!$AA$7:$CC$1006,$O19,I$5),"") | J19: =IFERROR(INDEX(Calc!$AA$7:$CC$1006,$O19,J$5),"") | K19: =IFERROR(INDEX(Calc!$AA$7:$CC$1006,$O19,K$5),"") | L19: =IFERROR(INDEX(Calc!$AA$7:$CC$1006,$O19,L$5),"") | ... N19: =IFERROR(INDEX(Calc!$AA$7:$CC$1006,$O19,N$5),"") | O19: =IFERROR(SMALL(Calc!$CD$7:$CD$1006,ROW(O18)-ROW(O$6)),"")
E20: =IFERROR(INDEX(Calc!$AA$7:$CC$1006,$O20,E$5),"") | F20: =IFERROR(INDEX(Calc!$AA$7:$CC$1006,$O20,F$5),"") | G20: =IFERROR(INDEX(Calc!$AA$7:$CC$1006,$O20,G$5),"") | H20: =IFERROR(INDEX(Calc!$AA$7:$CC$1006,$O20,H$5),"") | I20: =IFERROR(INDEX(Calc!$AA$7:$CC$1006,$O20,I$5),"") | J20: =IFERROR(INDEX(Calc!$AA$7:$CC$1006,$O20,J$5),"") | K20: =IFERROR(INDEX(Calc!$AA$7:$CC$1006,$O20,K$5),"") | L20: =IFERROR(INDEX(Calc!$AA$7:$CC$1006,$O20,L$5),"") | ... N20: =IFERROR(INDEX(Calc!$AA$7:$CC$1006,$O20,N$5),"") | O20: =IFERROR(SMALL(Calc!$CD$7:$CD$1006,ROW(O19)-ROW(O$6)),"")
E21: =IFERROR(INDEX(Calc!$AA$7:$CC$1006,$O21,E$5),"") | F21: =IFERROR(INDEX(Calc!$AA$7:$CC$1006,$O21,F$5),"") | G21: =IFERROR(INDEX(Calc!$AA$7:$CC$1006,$O21,G$5),"") | H21: =IFERROR(INDEX(Calc!$AA$7:$CC$1006,$O21,H$5),"") | I21: =IFERROR(INDEX(Calc!$AA$7:$CC$1006,$O21,I$5),"") | J21: =IFERROR(INDEX(Calc!$AA$7:$CC$1006,$O21,J$5),"") | K21: =IFERROR(INDEX(Calc!$AA$7:$CC$1006,$O21,K$5),"") | L21: =IFERROR(INDEX(Calc!$AA$7:$CC$1006,$O21,L$5),"") | ... N21: =IFERROR(INDEX(Calc!$AA$7:$CC$1006,$O21,N$5),"") | O21: =IFERROR(SMALL(Calc!$CD$7:$CD$1006,ROW(O20)-ROW(O$6)),"")
E22: =IFERROR(INDEX(Calc!$AA$7:$CC$1006,$O22,E$5),"") | F22: =IFERROR(INDEX(Calc!$AA$7:$CC$1006,$O22,F$5),"") | G22: =IFERROR(INDEX(Calc!$AA$7:$CC$1006,$O22,G$5),"") | H22: =IFERROR(INDEX(Calc!$AA$7:$CC$1006,$O22,H$5),"") | I22: =IFERROR(INDEX(Calc!$AA$7:$CC$1006,$O22,I$5),"") | J22: =IFERROR(INDEX(Calc!$AA$7:$CC$1006,$O22,J$5),"") | K22: =IFERROR(INDEX(Calc!$AA$7:$CC$1006,$O22,K$5),"") | L22: =IFERROR(INDEX(Calc!$AA$7:$CC$1006,$O22,L$5),"") | ... N22: =IFERROR(INDEX(Calc!$AA$7:$CC$1006,$O22,N$5),"") | O22: =IFERROR(SMALL(Calc!$CD$7:$CD$1006,ROW(O21)-ROW(O$6)),"")
E23: =IFERROR(INDEX(Calc!$AA$7:$CC$1006,$O23,E$5),"") | F23: =IFERROR(INDEX(Calc!$AA$7:$CC$1006,$O23,F$5),"") | G23: =IFERROR(INDEX(Calc!$AA$7:$CC$1006,$O23,G$5),"") | H23: =IFERROR(INDEX(Calc!$AA$7:$CC$1006,$O23,H$5),"") | I23: =IFERROR(INDEX(Calc!$AA$7:$CC$1006,$O23,I$5),"") | J23: =IFERROR(INDEX(Calc!$AA$7:$CC$1006,$O23,J$5),"") | K23: =IFERROR(INDEX(Calc!$AA$7:$CC$1006,$O23,K$5),"") | L23: =IFERROR(INDEX(Calc!$AA$7:$CC$1006,$O23,L$5),"") | ... N23: =IFERROR(INDEX(Calc!$AA$7:$CC$1006,$O23,N$5),"") | O23: =IFERROR(SMALL(Calc!$CD$7:$CD$1006,ROW(O22)-ROW(O$6)),"")
E24: =IFERROR(INDEX(Calc!$AA$7:$CC$1006,$O24,E$5),"") | F24: =IFERROR(INDEX(Calc!$AA$7:$CC$1006,$O24,F$5),"") | G24: =IFERROR(INDEX(Calc!$AA$7:$CC$1006,$O24,G$5),"") | H24: =IFERROR(INDEX(Calc!$AA$7:$CC$1006,$O24,H$5),"") | I24: =IFERROR(INDEX(Calc!$AA$7:$CC$1006,$O24,I$5),"") | J24: =IFERROR(INDEX(Calc!$AA$7:$CC$1006,$O24,J$5),"") | K24: =IFERROR(INDEX(Calc!$AA$7:$CC$1006,$O24,K$5),"") | L24: =IFERROR(INDEX(Calc!$AA$7:$CC$1006,$O24,L$5),"") | ... N24: =IFERROR(INDEX(Calc!$AA$7:$CC$1006,$O24,N$5),"") | O24: =IFERROR(SMALL(Calc!$CD$7:$CD$1006,ROW(O23)-ROW(O$6)),"")
E25: =IFERROR(INDEX(Calc!$AA$7:$CC$1006,$O25,E$5),"") | F25: =IFERROR(INDEX(Calc!$AA$7:$CC$1006,$O25,F$5),"") | G25: =IFERROR(INDEX(Calc!$AA$7:$CC$1006,$O25,G$5),"") | H25: =IFERROR(INDEX(Calc!$AA$7:$CC$1006,$O25,H$5),"") | I25: =IFERROR(INDEX(Calc!$AA$7:$CC$1006,$O25,I$5),"") | J25: =IFERROR(INDEX(Calc!$AA$7:$CC$1006,$O25,J$5),"") | K25: =IFERROR(INDEX(Calc!$AA$7:$CC$1006,$O25,K$5),"") | L25: =IFERROR(INDEX(Calc!$AA$7:$CC$1006,$O25,L$5),"") | ... N25: =IFERROR(INDEX(Calc!$AA$7:$CC$1006,$O25,N$5),"") | O25: =IFERROR(SMALL(Calc!$CD$7:$CD$1006,ROW(O24)-ROW(O$6)),"")
E26: =IFERROR(INDEX(Calc!$AA$7:$CC$1006,$O26,E$5),"") | F26: =IFERROR(INDEX(Calc!$AA$7:$CC$1006,$O26,F$5),"") | G26: =IFERROR(INDEX(Calc!$AA$7:$CC$1006,$O26,G$5),"") | H26: =IFERROR(INDEX(Calc!$AA$7:$CC$1006,$O26,H$5),"") | I26: =IFERROR(INDEX(Calc!$AA$7:$CC$1006,$O26,I$5),"") | J26: =IFERROR(INDEX(Calc!$AA$7:$CC$1006,$O26,J$5),"") | K26: =IFERROR(INDEX(Calc!$AA$7:$CC$1006,$O26,K$5),"") | L26: =IFERROR(INDEX(Calc!$AA$7:$CC$1006,$O26,L$5),"") | ... N26: =IFERROR(INDEX(Calc!$AA$7:$CC$1006,$O26,N$5),"") | O26: =IFERROR(SMALL(Calc!$CD$7:$CD$1006,ROW(O25)-ROW(O$6)),"")
E27: =IFERROR(INDEX(Calc!$AA$7:$CC$1006,$O27,E$5),"") | F27: =IFERROR(INDEX(Calc!$AA$7:$CC$1006,$O27,F$5),"") | G27: =IFERROR(INDEX(Calc!$AA$7:$CC$1006,$O27,G$5),"") | H27: =IFERROR(INDEX(Calc!$AA$7:$CC$1006,$O27,H$5),"") | I27: =IFERROR(INDEX(Calc!$AA$7:$CC$1006,$O27,I$5),"") | J27: =IFERROR(INDEX(Calc!$AA$7:$CC$1006,$O27,J$5),"") | K27: =IFERROR(INDEX(Calc!$AA$7:$CC$1006,$O27,K$5),"") | L27: =IFERROR(INDEX(Calc!$AA$7:$CC$1006,$O27,L$5),"") | ... N27: =IFERROR(INDEX(Calc!$AA$7:$CC$1006,$O27,N$5),"") | O27: =IFERROR(SMALL(Calc!$CD$7:$CD$1006,ROW(O26)-ROW(O$6)),"")
E28: =IFERROR(INDEX(Calc!$AA$7:$CC$1006,$O28,E$5),"") | F28: =IFERROR(INDEX(Calc!$AA$7:$CC$1006,$O28,F$5),"") | G28: =IFERROR(INDEX(Calc!$AA$7:$CC$1006,$O28,G$5),"") | H28: =IFERROR(INDEX(Calc!$AA$7:$CC$1006,$O28,H$5),"") | I28: =IFERROR(INDEX(Calc!$AA$7:$CC$1006,$O28,I$5),"") | J28: =IFERROR(INDEX(Calc!$AA$7:$CC$1006,$O28,J$5),"") | K28: =IFERROR(INDEX(Calc!$AA$7:$CC$1006,$O28,K$5),"") | L28: =IFERROR(INDEX(Calc!$AA$7:$CC$1006,$O28,L$5),"") | ... N28: =IFERROR(INDEX(Calc!$AA$7:$CC$1006,$O28,N$5),"") | O28: =IFERROR(SMALL(Calc!$CD$7:$CD$1006,ROW(O27)-ROW(O$6)),"")
E29: =IFERROR(INDEX(Calc!$AA$7:$CC$1006,$O29,E$5),"") | F29: =IFERROR(INDEX(Calc!$AA$7:$CC$1006,$O29,F$5),"") | G29: =IFERROR(INDEX(Calc!$AA$7:$CC$1006,$O29,G$5),"") | H29: =IFERROR(INDEX(Calc!$AA$7:$CC$1006,$O29,H$5),"") | I29: =IFERROR(INDEX(Calc!$AA$7:$CC$1006,$O29,I$5),"") | J29: =IFERROR(INDEX(Calc!$AA$7:$CC$1006,$O29,J$5),"") | K29: =IFERROR(INDEX(Calc!$AA$7:$CC$1006,$O29,K$5),"") | L29: =IFERROR(INDEX(Calc!$AA$7:$CC$1006,$O29,L$5),"") | ... N29: =IFERROR(INDEX(Calc!$AA$7:$CC$1006,$O29,N$5),"") | O29: =IFERROR(SMALL(Calc!$CD$7:$CD$1006,ROW(O28)-ROW(O$6)),"")
E30: =IFERROR(INDEX(Calc!$AA$7:$CC$1006,$O30,E$5),"") | F30: =IFERROR(INDEX(Calc!$AA$7:$CC$1006,$O30,F$5),"") | G30: =IFERROR(INDEX(Calc!$AA$7:$CC$1006,$O30,G$5),"") | H30: =IFERROR(INDEX(Calc!$AA$7:$CC$1006,$O30,H$5),"") | I30: =IFERROR(INDEX(Calc!$AA$7:$CC$1006,$O30,I$5),"") | J30: =IFERROR(INDEX(Calc!$AA$7:$CC$1006,$O30,J$5),"") | K30: =IFERROR(INDEX(Calc!$AA$7:$CC$1006,$O30,K$5),"") | L30: =IFERROR(INDEX(Calc!$AA$7:$CC$1006,$O30,L$5),"") | ... N30: =IFERROR(INDEX(Calc!$AA$7:$CC$1006,$O30,N$5),"") | O30: =IFERROR(SMALL(Calc!$CD$7:$CD$1006,ROW(O29)-ROW(O$6)),"")
E31: =IFERROR(INDEX(Calc!$AA$7:$CC$1006,$O31,E$5),"") | F31: =IFERROR(INDEX(Calc!$AA$7:$CC$1006,$O31,F$5),"") | G31: =IFERROR(INDEX(Calc!$AA$7:$CC$1006,$O31,G$5),"") | H31: =IFERROR(INDEX(Calc!$AA$7:$CC$1006,$O31,H$5),"") | I31: =IFERROR(INDEX(Calc!$AA$7:$CC$1006,$O31,I$5),"") | J31: =IFERROR(INDEX(Calc!$AA$7:$CC$1006,$O31,J$5),"") | K31: =IFERROR(INDEX(Calc!$AA$7:$CC$1006,$O31,K$5),"") | L31: =IFERROR(INDEX(Calc!$AA$7:$CC$1006,$O31,L$5),"") | ... N31: =IFERROR(INDEX(Calc!$AA$7:$CC$1006,$O31,N$5),"") | O31: =IFERROR(SMALL(Calc!$CD$7:$CD$1006,ROW(O30)-ROW(O$6)),"")
... E37: =IFERROR(INDEX(Calc!$AA$7:$CC$1006,$O37,E$5),"") | F37: =IFERROR(INDEX(Calc!$AA$7:$CC$1006,$O37,F$5),"") | G37: =IFERROR(INDEX(Calc!$AA$7:$CC$1006,$O37,G$5),"") | H37: =IFERROR(INDEX(Calc!$AA$7:$CC$1006,$O37,H$5),"") | I37: =IFERROR(INDEX(Calc!$AA$7:$CC$1006,$O37,I$5),"") | J37: =IFERROR(INDEX(Calc!$AA$7:$CC$1006,$O37,J$5),"") | K37: =IFERROR(INDEX(Calc!$AA$7:$CC$1006,$O37,K$5),"") | L37: =IFERROR(INDEX(Calc!$AA$7:$CC$1006,$O37,L$5),"") | ... N37: =IFERROR(INDEX(Calc!$AA$7:$CC$1006,$O37,N$5),"") | O37: =IFERROR(SMALL(Calc!$CD$7:$CD$1006,ROW(O36)-ROW(O$6)),"")

Sheet Form
C2: CUSTOMER DATABASE TEMPLATE
C3: CUSTOMER FORM
C5: SELECT ID | G5: B-00008
C9: Basic information | G9: {=IFERROR(IF(E9="","",INDEX(Calc!$AA$3:$CC$3,1,INDEX(Calc!$AA$5:$BX$5,1,MATCH(E9,Calc!$AA$6:$BX$6,0)))),"")} | K9: {=IFERROR(IF(I9="","",INDEX(Calc!$AA$3:$CC$3,1,INDEX(Calc!$AA$5:$BX$5,1,MATCH(I9,Calc!$AA$6:$BX$6,0)))),"")}
G10: {=IFERROR(IF(E10="","",INDEX(Calc!$AA$3:$CC$3,1,INDEX(Calc!$AA$5:$BX$5,1,MATCH(E10,Calc!$AA$6:$BX$6,0)))),"")} | K10: {=IFERROR(IF(I10="","",INDEX(Calc!$AA$3:$CC$3,1,INDEX(Calc!$AA$5:$BX$5,1,MATCH(I10,Calc!$AA$6:$BX$6,0)))),"")}
E11: NAME | G11: {=IFERROR(IF(E11="","",INDEX(Calc!$AA$3:$CC$3,1,INDEX(Calc!$AA$5:$BX$5,1,MATCH(E11,Calc!$AA$6:$BX$6,0)))),"")} -> Marketingology | K11: {=IFERROR(IF(I11="","",INDEX(Calc!$AA$3:$CC$3,1,INDEX(Calc!$AA$5:$BX$5,1,MATCH(I11,Calc!$AA$6:$BX$6,0)))),"")}
G12: {=IFERROR(IF(E12="","",INDEX(Calc!$AA$3:$CC$3,1,INDEX(Calc!$AA$5:$BX$5,1,MATCH(E12,Calc!$AA$6:$BX$6,0)))),"")} | K12: {=IFERROR(IF(I12="","",INDEX(Calc!$AA$3:$CC$3,1,INDEX(Calc!$AA$5:$BX$5,1,MATCH(I12,Calc!$AA$6:$BX$6,0)))),"")}
E13: STATUS | G13: {=IFERROR(IF(E13="","",INDEX(Calc!$AA$3:$CC$3,1,INDEX(Calc!$AA$5:$BX$5,1,MATCH(E13,Calc!$AA$6:$BX$6,0)))),"")} -> Contractor | K13: {=IFERROR(IF(I13="","",INDEX(Calc!$AA$3:$CC$3,1,INDEX(Calc!$AA$5:$BX$5,1,MATCH(I13,Calc!$AA$6:$BX$6,0)))),"")}
G14: {=IFERROR(IF(E14="","",INDEX(Calc!$AA$3:$CC$3,1,INDEX(Calc!$AA$5:$BX$5,1,MATCH(E14,Calc!$AA$6:$BX$6,0)))),"")} | K14: {=IFERROR(IF(I14="","",INDEX(Calc!$AA$3:$CC$3,1,INDEX(Calc!$AA$5:$BX$5,1,MATCH(I14,Calc!$AA$6:$BX$6,0)))),"")}
E15: TYPE | G15: {=IFERROR(IF(E15="","",INDEX(Calc!$AA$3:$CC$3,1,INDEX(Calc!$AA$5:$BX$5,1,MATCH(E15,Calc!$AA$6:$BX$6,0)))),"")} -> Limited Liability Company | I15: INDUSTRY | K15: {=IFERROR(IF(I15="","",INDEX(Calc!$AA$3:$CC$3,1,INDEX(Calc!$AA$5:$BX$5,1,MATCH(I15,Calc!$AA$6:$BX$6,0)))),"")} -> Food industry
G16: {=IFERROR(IF(E16="","",INDEX(Calc!$AA$3:$CC$3,1,INDEX(Calc!$AA$5:$BX$5,1,MATCH(E16,Calc!$AA$6:$BX$6,0)))),"")} | K16: {=IFERROR(IF(I16="","",INDEX(Calc!$AA$3:$CC$3,1,INDEX(Calc!$AA$5:$BX$5,1,MATCH(I16,Calc!$AA$6:$BX$6,0)))),"")}
E17: FOUNDATION DATE | G17: {=IFERROR(IF(E17="","",INDEX(Calc!$AA$3:$CC$3,1,INDEX(Calc!$AA$5:$BX$5,1,MATCH(E17,Calc!$AA$6:$BX$6,0)))),"")} -> 11.25.1980 | I17: CEO | K17: {=IFERROR(IF(I17="","",INDEX(Calc!$AA$3:$CC$3,1,INDEX(Calc!$AA$5:$BX$5,1,MATCH(I17,Calc!$AA$6:$BX$6,0)))),"")} -> Emerald Vincent
G18: {=IFERROR(IF(E18="","",INDEX(Calc!$AA$3:$CC$3,1,INDEX(Calc!$AA$5:$BX$5,1,MATCH(E18,Calc!$AA$6:$BX$6,0)))),"")} | K18: {=IFERROR(IF(I18="","",INDEX(Calc!$AA$3:$CC$3,1,INDEX(Calc!$AA$5:$BX$5,1,MATCH(I18,Calc!$AA$6:$BX$6,0)))),"")}
C19: Location | G19: {=IFERROR(IF(E19="","",INDEX(Calc!$AA$3:$CC$3,1,INDEX(Calc!$AA$5:$BX$5,1,MATCH(E19,Calc!$AA$6:$BX$6,0)))),"")} | K19: {=IFERROR(IF(I19="","",INDEX(Calc!$AA$3:$CC$3,1,INDEX(Calc!$AA$5:$BX$5,1,MATCH(I19,Calc!$AA$6:$BX$6,0)))),"")}
G20: {=IFERROR(IF(E20="","",INDEX(Calc!$AA$3:$CC$3,1,INDEX(Calc!$AA$5:$BX$5,1,MATCH(E20,Calc!$AA$6:$BX$6,0)))),"")} | K20: {=IFERROR(IF(I20="","",INDEX(Calc!$AA$3:$CC$3,1,INDEX(Calc!$AA$5:$BX$5,1,MATCH(I20,Calc!$AA$6:$BX$6,0)))),"")}
E21: CITY | G21: {=IFERROR(IF(E21="","",INDEX(Calc!$AA$3:$CC$3,1,INDEX(Calc!$AA$5:$BX$5,1,MATCH(E21,Calc!$AA$6:$BX$6,0)))),"")} -> Istanbul | I21: COUNTRY | K21: {=IFERROR(IF(I21="","",INDEX(Calc!$AA$3:$CC$3,1,INDEX(Calc!$AA$5:$BX$5,1,MATCH(I21,Calc!$AA$6:$BX$6,0)))),"")} -> Turkey
G22: {=IFERROR(IF(E22="","",INDEX(Calc!$AA$3:$CC$3,1,INDEX(Calc!$AA$5:$BX$5,1,MATCH(E22,Calc!$AA$6:$BX$6,0)))),"")} | K22: {=IFERROR(IF(I22="","",INDEX(Calc!$AA$3:$CC$3,1,INDEX(Calc!$AA$5:$BX$5,1,MATCH(I22,Calc!$AA$6:$BX$6,0)))),"")}
E23: ZIPCODE | G23: {=IFERROR(IF(E23="","",INDEX(Calc!$AA$3:$CC$3,1,INDEX(Calc!$AA$5:$BX$5,1,MATCH(E23,Calc!$AA$6:$BX$6,0)))),"")} -> 23582 | I23: OTHER LOCATIONS | K23: {=IFERROR(IF(I23="","",INDEX(Calc!$AA$3:$CC$3,1,INDEX(Calc!$AA$5:$BX$5,1,MATCH(I23,Calc!$AA$6:$BX$6,0)))),"")} -> Quirihue
G24: {=IFERROR(IF(E24="","",INDEX(Calc!$AA$3:$CC$3,1,INDEX(Calc!$AA$5:$BX$5,1,MATCH(E24,Calc!$AA$6:$BX$6,0)))),"")} | K24: {=IFERROR(IF(I24="","",INDEX(Calc!$AA$3:$CC$3,1,INDEX(Calc!$AA$5:$BX$5,1,MATCH(I24,Calc!$AA$6:$BX$6,0)))),"")}
C25: Contact | G25: {=IFERROR(IF(E25="","",INDEX(Calc!$AA$3:$CC$3,1,INDEX(Calc!$AA$5:$BX$5,1,MATCH(E25,Calc!$AA$6:$BX$6,0)))),"")} | K25: {=IFERROR(IF(I25="","",INDEX(Calc!$AA$3:$CC$3,1,INDEX(Calc!$AA$5:$BX$5,1,MATCH(I25,Calc!$AA$6:$BX$6,0)))),"")}
G26: {=IFERROR(IF(E26="","",INDEX(Calc!$AA$3:$CC$3,1,INDEX(Calc!$AA$5:$BX$5,1,MATCH(E26,Calc!$AA$6:$BX$6,0)))),"")} | K26: {=IFERROR(IF(I26="","",INDEX(Calc!$AA$3:$CC$3,1,INDEX(Calc!$AA$5:$BX$5,1,MATCH(I26,Calc!$AA$6:$BX$6,0)))),"")}
E27: CONTACT PERSON | G27: {=IFERROR(IF(E27="","",INDEX(Calc!$AA$3:$CC$3,1,INDEX(Calc!$AA$5:$BX$5,1,MATCH(E27,Calc!$AA$6:$BX$6,0)))),"")} -> Nash Goodwin | I27: EMAIL | K27: {=IFERROR(IF(I27="","",INDEX(Calc!$AA$3:$CC$3,1,INDEX(Calc!$AA$5:$BX$5,1,MATCH(I27,Calc!$AA$6:$BX$6,0)))),"")} -> quis.pede.praesent@icloud.com
G28: {=IFERROR(IF(E28="","",INDEX(Calc!$AA$3:$CC$3,1,INDEX(Calc!$AA$5:$BX$5,1,MATCH(E28,Calc!$AA$6:$BX$6,0)))),"")} | K28: {=IFERROR(IF(I28="","",INDEX(Calc!$AA$3:$CC$3,1,INDEX(Calc!$AA$5:$BX$5,1,MATCH(I28,Calc!$AA$6:$BX$6,0)))),"")}
E29: PHONE NUMBER | G29: {=IFERROR(IF(E29="","",INDEX(Calc!$AA$3:$CC$3,1,INDEX(Calc!$AA$5:$BX$5,1,MATCH(E29,Calc!$AA$6:$BX$6,0)))),"")} -> (921) 223-4744 | I29: LINKED IN | K29: {=IFERROR(IF(I29="","",INDEX(Calc!$AA$3:$CC$3,1,INDEX(Calc!$AA$5:$BX$5,1,MATCH(I29,Calc!$AA$6:$BX$6,0)))),"")} -> linkedin.com/company/Marketingology
G30: {=IFERROR(IF(E30="","",INDEX(Calc!$AA$3:$CC$3,1,INDEX(Calc!$AA$5:$BX$5,1,MATCH(E30,Calc!$AA$6:$BX$6,0)))),"")} | K30: {=IFERROR(IF(I30="","",INDEX(Calc!$AA$3:$CC$3,1,INDEX(Calc!$AA$5:$BX$5,1,MATCH(I30,Calc!$AA$6:$BX$6,0)))),"")}
E31: EMAIL | G31: {=IFERROR(IF(E31="","",INDEX(Calc!$AA$3:$CC$3,1,INDEX(Calc!$AA$5:$BX$5,1,MATCH(E31,Calc!$AA$6:$BX$6,0)))),"")} -> quis.pede.praesent@icloud.com | I31: WEBSITE | K31: {=IFERROR(IF(I31="","",INDEX(Calc!$AA$3:$CC$3,1,INDEX(Calc!$AA$5:$BX$5,1,MATCH(I31,Calc!$AA$6:$BX$6,0)))),"")} -> Marketingology.com
G32: {=IFERROR(IF(E32="","",INDEX(Calc!$AA$3:$CC$3,1,INDEX(Calc!$AA$5:$BX$5,1,MATCH(E32,Calc!$AA$6:$BX$6,0)))),"")} | K32: {=IFERROR(IF(I32="","",INDEX(Calc!$AA$3:$CC$3,1,INDEX(Calc!$AA$5:$BX$5,1,MATCH(I32,Calc!$AA$6:$BX$6,0)))),"")}
C33: Employees | G33: {=IFERROR(IF(E33="","",INDEX(Calc!$AA$3:$CC$3,1,INDEX(Calc!$AA$5:$BX$5,1,MATCH(E33,Calc!$AA$6:$BX$6,0)))),"")} | K33: {=IFERROR(IF(I33="","",INDEX(Calc!$AA$3:$CC$3,1,INDEX(Calc!$AA$5:$BX$5,1,MATCH(I33,Calc!$AA$6:$BX$6,0)))),"")}
G34: {=IFERROR(IF(E34="","",INDEX(Calc!$AA$3:$CC$3,1,INDEX(Calc!$AA$5:$BX$5,1,MATCH(E34,Calc!$AA$6:$BX$6,0)))),"")} | K34: {=IFERROR(IF(I34="","",INDEX(Calc!$AA$3:$CC$3,1,INDEX(Calc!$AA$5:$BX$5,1,MATCH(I34,Calc!$AA$6:$BX$6,0)))),"")}
E35: SKILLS | G35: {=IFERROR(IF(E35="","",INDEX(Calc!$AA$3:$CC$3,1,INDEX(Calc!$AA$5:$BX$5,1,MATCH(E35,Calc!$AA$6:$BX$6,0)))),"")} -> databases, finances | I35: TECHNOLOGY USED | K35: {=IFERROR(IF(I35="","",INDEX(Calc!$AA$3:$CC$3,1,INDEX(Calc!$AA$5:$BX$5,1,MATCH(I35,Calc!$AA$6:$BX$6,0)))),"")} -> Office
G36: {=IFERROR(IF(E36="","",INDEX(Calc!$AA$3:$CC$3,1,INDEX(Calc!$AA$5:$BX$5,1,MATCH(E36,Calc!$AA$6:$BX$6,0)))),"")} | K36: {=IFERROR(IF(I36="","",INDEX(Calc!$AA$3:$CC$3,1,INDEX(Calc!$AA$5:$BX$5,1,MATCH(I36,Calc!$AA$6:$BX$6,0)))),"")}
E37: HR CONTACT | G37: {=IFERROR(IF(E37="","",INDEX(Calc!$AA$3:$CC$3,1,INDEX(Calc!$AA$5:$BX$5,1,MATCH(E37,Calc!$AA$6:$BX$6,0)))),"")} -> Lacota Acosta | I37: NUMBER OF EMPLOYEE | K37: {=IFERROR(IF(I37="","",INDEX(Calc!$AA$3:$CC$3,1,INDEX(Calc!$AA$5:$BX$5,1,MATCH(I37,Calc!$AA$6:$BX$6,0)))),"")} -> 665
G38: {=IFERROR(IF(E38="","",INDEX(Calc!$AA$3:$CC$3,1,INDEX(Calc!$AA$5:$BX$5,1,MATCH(E38,Calc!$AA$6:$BX$6,0)))),"")} | K38: {=IFERROR(IF(I38="","",INDEX(Calc!$AA$3:$CC$3,1,INDEX(Calc!$AA$5:$BX$5,1,MATCH(I38,Calc!$AA$6:$BX$6,0)))),"")}
C39: Value | G39: {=IFERROR(IF(E39="","",INDEX(Calc!$AA$3:$CC$3,1,INDEX(Calc!$AA$5:$BX$5,1,MATCH(E39,Calc!$AA$6:$BX$6,0)))),"")} | K39: {=IFERROR(IF(I39="","",INDEX(Calc!$AA$3:$CC$3,1,INDEX(Calc!$AA$5:$BX$5,1,MATCH(I39,Calc!$AA$6:$BX$6,0)))),"")}
G40: {=IFERROR(IF(E40="","",INDEX(Calc!$AA$3:$CC$3,1,INDEX(Calc!$AA$5:$BX$5,1,MATCH(E40,Calc!$AA$6:$BX$6,0)))),"")} | K40: {=IFERROR(IF(I40="","",INDEX(Calc!$AA$3:$CC$3,1,INDEX(Calc!$AA$5:$BX$5,1,MATCH(I40,Calc!$AA$6:$BX$6,0)))),"")}
E41: COMPANY REVENUE | G41: {=IFERROR(IF(E41="","",INDEX(Calc!$AA$3:$CC$3,1,INDEX(Calc!$AA$5:$BX$5,1,MATCH(E41,Calc!$AA$6:$BX$6,0)))),"")} -> 28400 | I41: COMPANY SALES | K41: {=IFERROR(IF(I41="","",INDEX(Calc!$AA$3:$CC$3,1,INDEX(Calc!$AA$5:$BX$5,1,MATCH(I41,Calc!$AA$6:$BX$6,0)))),"")} -> 937400
G42: {=IFERROR(IF(E42="","",INDEX(Calc!$AA$3:$CC$3,1,INDEX(Calc!$AA$5:$BX$5,1,MATCH(E42,Calc!$AA$6:$BX$6,0)))),"")} | K42: {=IFERROR(IF(I42="","",INDEX(Calc!$AA$3:$CC$3,1,INDEX(Calc!$AA$5:$BX$5,1,MATCH(I42,Calc!$AA$6:$BX$6,0)))),"")}
E43: COMPANY VALUE | G43: {=IFERROR(IF(E43="","",INDEX(Calc!$AA$3:$CC$3,1,INDEX(Calc!$AA$5:$BX$5,1,MATCH(E43,Calc!$AA$6:$BX$6,0)))),"")} -> 4548000 | K43: {=IFERROR(IF(I43="","",INDEX(Calc!$AA$3:$CC$3,1,INDEX(Calc!$AA$5:$BX$5,1,MATCH(I43,Calc!$AA$6:$BX$6,0)))),"")}
G44: {=IFERROR(IF(E44="","",INDEX(Calc!$AA$3:$CC$3,1,INDEX(Calc!$AA$5:$BX$5,1,MATCH(E44,Calc!$AA$6:$BX$6,0)))),"")} | K44: {=IFERROR(IF(I44="","",INDEX(Calc!$AA$3:$CC$3,1,INDEX(Calc!$AA$5:$BX$5,1,MATCH(I44,Calc!$AA$6:$BX$6,0)))),"")}
G45: {=IFERROR(IF(E45="","",INDEX(Calc!$AA$3:$CC$3,1,INDEX(Calc!$AA$5:$BX$5,1,MATCH(E45,Calc!$AA$6:$BX$6,0)))),"")} | K45: {=IFERROR(IF(I45="","",INDEX(Calc!$AA$3:$CC$3,1,INDEX(Calc!$AA$5:$BX$5,1,MATCH(I45,Calc!$AA$6:$BX$6,0)))),"")}
G46: {=IFERROR(IF(E46="","",INDEX(Calc!$AA$3:$CC$3,1,INDEX(Calc!$AA$5:$BX$5,1,MATCH(E46,Calc!$AA$6:$BX$6,0)))),"")} | K46: {=IFERROR(IF(I46="","",INDEX(Calc!$AA$3:$CC$3,1,INDEX(Calc!$AA$5:$BX$5,1,MATCH(I46,Calc!$AA$6:$BX$6,0)))),"")}
G47: {=IFERROR(IF(E47="","",INDEX(Calc!$AA$3:$CC$3,1,INDEX(Calc!$AA$5:$BX$5,1,MATCH(E47,Calc!$AA$6:$BX$6,0)))),"")} | K47: {=IFERROR(IF(I47="","",INDEX(Calc!$AA$3:$CC$3,1,INDEX(Calc!$AA$5:$BX$5,1,MATCH(I47,Calc!$AA$6:$BX$6,0)))),"")}
G48: {=IFERROR(IF(E48="","",INDEX(Calc!$AA$3:$CC$3,1,INDEX(Calc!$AA$5:$BX$5,1,MATCH(E48,Calc!$AA$6:$BX$6,0)))),"")} | K48: {=IFERROR(IF(I48="","",INDEX(Calc!$AA$3:$CC$3,1,INDEX(Calc!$AA$5:$BX$5,1,MATCH(I48,Calc!$AA$6:$BX$6,0)))),"")}
G49: {=IFERROR(IF(E49="","",INDEX(Calc!$AA$3:$CC$3,1,INDEX(Calc!$AA$5:$BX$5,1,MATCH(E49,Calc!$AA$6:$BX$6,0)))),"")} | K49: {=IFERROR(IF(I49="","",INDEX(Calc!$AA$3:$CC$3,1,INDEX(Calc!$AA$5:$BX$5,1,MATCH(I49,Calc!$AA$6:$BX$6,0)))),"")}
G50: {=IFERROR(IF(E50="","",INDEX(Calc!$AA$3:$CC$3,1,INDEX(Calc!$AA$5:$BX$5,1,MATCH(E50,Calc!$AA$6:$BX$6,0)))),"")} | K50: {=IFERROR(IF(I50="","",INDEX(Calc!$AA$3:$CC$3,1,INDEX(Calc!$AA$5:$BX$5,1,MATCH(I50,Calc!$AA$6:$BX$6,0)))),"")}
G51: {=IFERROR(IF(E51="","",INDEX(Calc!$AA$3:$CC$3,1,INDEX(Calc!$AA$5:$BX$5,1,MATCH(E51,Calc!$AA$6:$BX$6,0)))),"")} | K51: {=IFERROR(IF(I51="","",INDEX(Calc!$AA$3:$CC$3,1,INDEX(Calc!$AA$5:$BX$5,1,MATCH(I51,Calc!$AA$6:$BX$6,0)))),"")}
G52: {=IFERROR(IF(E52="","",INDEX(Calc!$AA$3:$CC$3,1,INDEX(Calc!$AA$5:$BX$5,1,MATCH(E52,Calc!$AA$6:$BX$6,0)))),"")} | K52: {=IFERROR(IF(I52="","",INDEX(Calc!$AA$3:$CC$3,1,INDEX(Calc!$AA$5:$BX$5,1,MATCH(I52,Calc!$AA$6:$BX$6,0)))),"")}
G53: {=IFERROR(IF(E53="","",INDEX(Calc!$AA$3:$CC$3,1,INDEX(Calc!$AA$5:$BX$5,1,MATCH(E53,Calc!$AA$6:$BX$6,0)))),"")} | K53: {=IFERROR(IF(I53="","",INDEX(Calc!$AA$3:$CC$3,1,INDEX(Calc!$AA$5:$BX$5,1,MATCH(I53,Calc!$AA$6:$BX$6,0)))),"")}
G54: {=IFERROR(IF(E54="","",INDEX(Calc!$AA$3:$CC$3,1,INDEX(Calc!$AA$5:$BX$5,1,MATCH(E54,Calc!$AA$6:$BX$6,0)))),"")} | K54: {=IFERROR(IF(I54="","",INDEX(Calc!$AA$3:$CC$3,1,INDEX(Calc!$AA$5:$BX$5,1,MATCH(I54,Calc!$AA$6:$BX$6,0)))),"")}
G55: {=IFERROR(IF(E55="","",INDEX(Calc!$AA$3:$CC$3,1,INDEX(Calc!$AA$5:$BX$5,1,MATCH(E55,Calc!$AA$6:$BX$6,0)))),"")} | K55: {=IFERROR(IF(I55="","",INDEX(Calc!$AA$3:$CC$3,1,INDEX(Calc!$AA$5:$BX$5,1,MATCH(I55,Calc!$AA$6:$BX$6,0)))),"")}
... G83: {=IFERROR(IF(E83="","",INDEX(Calc!$AA$3:$CC$3,1,INDEX(Calc!$AA$5:$BX$5,1,MATCH(E83,Calc!$AA$6:$BX$6,0)))),"")} | K83: {=IFERROR(IF(I83="","",INDEX(Calc!$AA$3:$CC$3,1,INDEX(Calc!$AA$5:$BX$5,1,MATCH(I83,Calc!$AA$6:$BX$6,0)))),"")}

Sheet ChartDashboard
C2: CUSTOMER DATABASE TEMPLATE
C3: CHART ANALYSIS
C7: TOP 5 COUNT BY | E7: TYPE | I7: TOTAL COUNT BY | K7: COUNTRY
C19: TOP 4 COUNT BY | E19: STATUS | G19: TOP 15 SUM OF | I19: COMPANY VALUE | J19: BY | K19: COUNTRY
C31: AVERAGE | E31: COMPANY VALUE | F31: BY | G31: INDUSTRY | I31: CUSTOMERS GROUPPED BY | K31: NUMBER OF EMPLOYEE

Sheet Calc
AA1: 1 | AB1: 2 | AC1: 3 | AD1: 4 | AE1: 5 | AF1: 6 | AG1: 7 | AH1: 8 | AI1: 9 | AJ1: 10 | AK1: 11 | AL1: 12 | AM1: 13 | AN1: 14 | AO1: 15 | AP1: 16 | AQ1: 17 | AR1: 18 | AS1: 19 | AT1: 20 | AU1: 21 | AV1: 22 | AW1: 23 | AX1: 24 | AY1: 25 | AZ1: 26 | BA1: 27 | BB1: 28 | BC1: 29 | BD1: 30 | BE1: 31 | BF1: 32 | BG1: 33 | BH1: 34 | BI1: 35 | BJ1: 36 | BK1: 37 | BL1: 38 | BM1: 39 | BN1: 40 | BO1: 41 | BP1: 42 | BQ1: 43 | BR1: 44 | BS1: 45 | BT1: 46 | BU1: 47 | BV1: 48 | BW1: 49 | BX1: 50
Y2: Number: | Z2: Number? | AA2: =ISNUMBER(AA7) -> FALSE | AB2: =ISNUMBER(AB7) -> FALSE | AC2: =ISNUMBER(AC7) -> FALSE | AD2: =ISNUMBER(AD7) -> FALSE | AE2: =ISNUMBER(AE7) -> FALSE | AF2: =ISNUMBER(AF7) -> TRUE | AG2: =ISNUMBER(AG7) -> FALSE | AH2: =ISNUMBER(AH7) -> FALSE | ... BX2: =ISNUMBER(BX7) -> FALSE | CE2: =IFERROR(IF(filter1="","", filter1*1),filter1) -> Financial | CF2: =IFERROR(IF(filter2="","", filter2*1),filter2) | CG2: =IFERROR(IF(filter3="","", filter3*1),filter3) -> 18568 | CH2: =IFERROR(IF(filter4="","", filter4*1),filter4) | DX2: ORDER
E3: Count sections: | F3: =COUNTA(Settings!D9:D18)+1 -> 6 | P3: A | Q3: B | R3: C | S3: D | Y3: Chosen customer: | Z3: =MATCH(showID,$AA$7:$AA$1006,0) -> 7 | AA3: =INDEX(AA$7:AA$1006,$Z$3,1) -> B-00008 | AB3: =INDEX(AB$7:AB$1006,$Z$3,1) -> Marketingology | AC3: =INDEX(AC$7:AC$1006,$Z$3,1) -> Limited Liability Company | AD3: =INDEX(AD$7:AD$1006,$Z$3,1) -> Contractor | AE3: =INDEX(AE$7:AE$1006,$Z$3,1) -> Marketingology - xyz | AF3: =INDEX(AF$7:AF$1006,$Z$3,1) -> 29550 | AG3: =INDEX(AG$7:AG$1006,$Z$3,1) -> Emerald Vincent | AH3: =INDEX(AH$7:AH$1006,$Z$3,1) -> Food industry | ... CC3: =INDEX(CC$7:CC$1006,$Z$3,1) | CD3: OUTPUT TABLE FILTERS | CL3: CHART 1 | CS3: CHART 2 | CW3: CHART 3 | DD3: CHART 4 | DK3: CHART 5 | DO3: CHART 6 | DP3: Histogram | DT3: Error check: | DU3: {=IF(MAX(COLUMN(Input!$B$6:$AJ$6))>51,"Maximum input columns cannot be higher than 50, Make sure your input table is not too large.",IF(I6>1,"Not all ID's are unique! Please check your input data.",""))} | DX3: =LEFT(order,1)*1 -> 2
P4: FILTERS CALCULATION | Y4: Count dropdowns: | AC4: =COUNTA(Settings!F9:F38)+1 -> 6 | AD4: =COUNTA(Settings!H9:H38)+1 -> 5 | AH4: =COUNTA(Settings!J9:J38)+1 -> 11 | AQ4: =COUNTA(Settings!L9:L38)+1 -> 11 | AR4: =COUNTA(Settings!F41:F70)+1 -> 5 | AS4: =COUNTA(Settings!D41:D70)+1 -> 10 | BB4: =COUNTA(Settings!H41:H70)+1 -> 7 | BC4: =COUNTA(Settings!J41:J70)+1 -> 6 | BD4: =COUNTA(Settings!L41:L70)+1 -> 5 | BY4: Fnal Format 1 | BZ4: Fnal Format 2 | CA4: Fnal Format 3 | CB4: Fnal Format 4 | CC4: Fnal Format 5 | CE4: =IFERROR(MATCH(type1,$DT$7:$DT$10,0),1) -> 1 | CF4: =IFERROR(MATCH(type2,$DT$7:$DT$10,0),1) -> 1 | CG4: =IFERROR(MATCH(type3,$DT$7:$DT$10,0),1) -> 3 | CH4: =IFERROR(MATCH(type4,$DT$7:$DT$10,0),1) -> 4 | CL4: 1st Chart | CP4: Final Output chart 1 TOP6 | CS4: 2nd Chart | CW4: 3rd Chart | DD4: 4th Chart | DE4: ="TOP " & DG5 & " SUM OF " & chart4a & " BY " & chart4b -> TOP 13 SUM OF COMPANY VALUE BY COUNTRY | DK4: 5th Chart | DL4: ="AVERAGE " & chart5a & " BY " & chart5b -> AVERAGE COMPANY VALUE BY INDUSTRY | DO4: ="CUSTOMERS GROUPPED BY " & DO5 -> CUSTOMERS GROUPPED BY NUMBER OF EMPLOYEE | DX4: =IFERROR(MID(order,2,1)*1,"x") -> 1
B5: FORM HELPER | E5: HEADINGS | I5: All ID unique? | P5: =IFERROR(INDEX($AA$5:$BX$5,1,CE5),0) -> 8 | Q5: =IFERROR(INDEX($AA$5:$BX$5,1,CF5),0) -> 17 | R5: =IFERROR(INDEX($AA$5:$BX$5,1,CG5),0) -> 51 | S5: =IFERROR(INDEX($AA$5:$BX$5,1,CH5),0) -> 22 | T5: =COUNT(L7:L1006)+1 -> 11 | U5: =COUNT(M7:M1006)+1 -> 14 | V5: =COUNT(N7:N1006)+1 -> 1 | W5: =COUNT(O7:O1006)+1 -> 25 | Y5: Special format: | AA5: =IFERROR(IF(AA6="","",50+MATCH(AA6,Settings!$B$11:$B$15,0)),AA1) -> 1 | AB5: =IFERROR(IF(AB6="","",50+MATCH(AB6,Settings!$B$11:$B$15,0)),AB1) -> 2 | AC5: =IFERROR(IF(AC6="","",50+MATCH(AC6,Settings!$B$11:$B$15,0)),AC1) -> 3 | AD5: =IFERROR(IF(AD6="","",50+MATCH(AD6,Settings!$B$11:$B$15,0)),AD1) -> 4 | AE5: =IFERROR(IF(AE6="","",50+MATCH(AE6,Settings!$B$11:$B$15,0)),AE1) -> 5 | AF5: =IFERROR(IF(AF6="","",50+MATCH(AF6,Settings!$B$11:$B$15,0)),AF1) -> 51 | AG5: =IFERROR(IF(AG6="","",50+MATCH(AG6,Settings!$B$11:$B$15,0)),AG1) -> 7 | AH5: =IFERROR(IF(AH6="","",50+MATCH(AH6,Settings!$B$11:$B$15,0)),AH1) -> 8 | ... BX5: =IFERROR(IF(BX6="","",50+MATCH(BX6,Settings!$B$11:$B$15,0)),BX1) | BY5: DATE FORMAT | CD5: ROW NO | CE5: =IFERROR(MATCH(filterA,$AA$6:$BX$6,0),0) -> 8 | CF5: =IFERROR(MATCH(filterB,$AA$6:$BX$6,0),0) -> 17 | CG5: =IFERROR(MATCH(filterC,$AA$6:$BX$6,0),0) -> 6 | CH5: =IFERROR(MATCH(filterD,$AA$6:$BX$6,0),0) -> 22 | CM5: Size: | CN5: =IF(COUNT(CN7:CN1006)>6,6,COUNT(CN7:CN1006)) -> 5 | CP5: ="TOP " & CN5 & " COUNT BY - " & chart1 -> TOP 5 COUNT BY - TYPE | CS5: ="TOTAL COUNT BY - " & chart2 -> TOTAL COUNT BY - COUNTRY | CT5: Size: | CU5: =COUNT(CU7:CU1006) -> 13 | CX5: Size: | CY5: =IF(COUNT(CY7:CY1006)>6,6,COUNT(CY7:CY1006)) -> 4 | DA5: ="TOP "& CY5 & " COUNT BY - " & chart3 -> TOP 4 COUNT BY - STATUS | DD5: =chart4a -> COMPANY VALUE | DE5: =chart4b -> COUNTRY | DF5: Size: | DG5: =IF(COUNT(DG7:DG1006)>15,15,COUNT(DG7:DG1006)) -> 13 | DK5: =chart5a -> COMPANY VALUE | DL5: =chart5b -> INDUSTRY | DN5: =COUNT(DN7:DN1006) -> 10 | DO5: =chart6 -> NUMBER OF EMPLOYEE | DP5: =COUNT(DO7:DO1006) -> 25 | DX5: =RIGHT(order,1)*1 -> 3 | EA5: =MATCH(Settings!B11,$AA$6:$BX$6,0) -> 6 | EE5: =IFERROR(MATCH(Settings!B12,$AA$6:$BX$6,0),"") | EI5: =IFERROR(MATCH(Settings!B13,$AA$6:$BX$6,0),"") | EM5: =IFERROR(MATCH(Settings!B14,$AA$6:$BX$6,0),"") | EQ5: =IFERROR(MATCH(Settings!B15,$AA$6:$BX$6,0),"")
B6: Max Row | C6: =IF(MAX(B7:B81)=0,7,MAX(B7:B81)+1) -> 44 | E6: =IF(COUNT(F7:F56)=0,1,COUNT(F7:F56)) -> 25 | F6: ROW | G6: ROW Numerical | I6: =MAX(I7:I1006) -> 1 | J6: ID | L6: Unique A | M6: Unique B | N6: Unique C | O6: Unique D | Y6: Data name: | Z6: =51-COUNTIF(AA6:BX6,"") -> 35 | AA6: =IFERROR(IF(INDEX(Input!$B$6:$AJ$6,1,COLUMN(AA6)-COLUMN($Z$6))="","",INDEX(Input!$B$6:$AJ$6,1,COLUMN(AA6)-COLUMN($Z$6))),"") -> UNIQUE ID | AB6: =IFERROR(IF(INDEX(Input!$B$6:$AJ$6,1,COLUMN(AB6)-COLUMN($Z$6))="","",INDEX(Input!$B$6:$AJ$6,1,COLUMN(AB6)-COLUMN($Z$6))),"") -> NAME | AC6: =IFERROR(IF(INDEX(Input!$B$6:$AJ$6,1,COLUMN(AC6)-COLUMN($Z$6))="","",INDEX(Input!$B$6:$AJ$6,1,COLUMN(AC6)-COLUMN($Z$6))),"") -> TYPE | AD6: =IFERROR(IF(INDEX(Input!$B$6:$AJ$6,1,COLUMN(AD6)-COLUMN($Z$6))="","",INDEX(Input!$B$6:$AJ$6,1,COLUMN(AD6)-COLUMN($Z$6))),"") -> STATUS | AE6: =IFERROR(IF(INDEX(Input!$B$6:$AJ$6,1,COLUMN(AE6)-COLUMN($Z$6))="","",INDEX(Input!$B$6:$AJ$6,1,COLUMN(AE6)-COLUMN($Z$6))),"") -> ALTERNATIVE NAMES | AF6: =IFERROR(IF(INDEX(Input!$B$6:$AJ$6,1,COLUMN(AF6)-COLUMN($Z$6))="","",INDEX(Input!$B$6:$AJ$6,1,COLUMN(AF6)-COLUMN($Z$6))),"") -> FOUNDATION DATE | AG6: =IFERROR(IF(INDEX(Input!$B$6:$AJ$6,1,COLUMN(AG6)-COLUMN($Z$6))="","",INDEX(Input!$B$6:$AJ$6,1,COLUMN(AG6)-COLUMN($Z$6))),"") -> CEO | AH6: =IFERROR(IF(INDEX(Input!$B$6:$AJ$6,1,COLUMN(AH6)-COLUMN($Z$6))="","",INDEX(Input!$B$6:$AJ$6,1,COLUMN(AH6)-COLUMN($Z$6))),"") -> INDUSTRY | ... BX6: =IFERROR(IF(INDEX(Input!$B$6:$AJ$6,1,COLUMN(BX6)-COLUMN($Z$6))="","",INDEX(Input!$B$6:$AJ$6,1,COLUMN(BX6)-COLUMN($Z$6))),"") | CD6: Row NO | CE6: F1 | CF6: F2 | CG6: F3 | CH6: F4 | CJ6: Offest values | CK6: Unique # | CL6: =IF(chart1="","",MATCH(chart1,$AA$6:$BX$6,0)) -> 3 | CM6: Remove Duplicates | CN6: Total Amount | CO6: helper | CP6: =chart1 -> TYPE | CQ6: COUNT | CR6: Unique # | CS6: =IF(chart2="","",MATCH(chart2,$AA$6:$BW$6,0)) -> 17 | CT6: Remove Duplicates | CU6: Total Amount | CV6: Unique # | CW6: =IF(chart3="","",MATCH(chart3,$AA$6:$BW$6,0)) -> 4 | CX6: ="Remove Duplicates"&" "&CI6 -> Remove Duplicates | CY6: Total Amount | DA6: =chart3 -> STATUS | DB6: COUNT | DC6: Unique # | DD6: =IF(chart4a="","",MATCH(chart4a,$AA$6:$BW$6,0)) -> 23 | DE6: =IF(chart4b="","",MATCH(chart4b,$AA$6:$BW$6,0)) -> 17 | DF6: ="Remove Duplicates"&" "&DU5 -> Remove Duplicates | DG6: Total Amount | DJ6: Unique # | DK6: =IF(chart5a="","",MATCH(chart5a,$AA$6:$BW$6,0)) -> 23 | DL6: =IF(chart5b="","",MATCH(chart5b,$AA$6:$BW$6,0)) -> 8 | DM6: ="Remove Duplicates"&" "&DZ5 -> Remove Duplicates | DN6: Average Amount | DO6: =IF(chart6="","",MATCH(chart6,$AA$6:$BW$6,0)) -> 27 | DQ6: =ROUND((DP15-DP7)/8,0) -> 122 | DT6: Fiter Options | DV6: Date format | DW6: =INDEX(DW7:DW11,MATCH(dateFormat,$DV$7:$DV$11,0),1) -> . | DX6: =INDEX(DX7:DX11,MATCH(dateFormat,$DV$7:$DV$11,0),1) -> 213 | DY6: Months | EA6: Day1 | EB6: Month1 | EC6: Year1 | EE6: Day1 | EF6: Month1 | EG6: Year1 | EI6: Day1 | EJ6: Month1 | EK6: Year1 | EM6: Day1 | EN6: Month1 | EO6: Year1 | EQ6: Day1 | ER6: Month1 | ES6: Year1
B7: =IF(COUNTIF(INDEX(Form!$B$9:$K$83,ROW(Calc!B1),),"")<10,ROW(B9),0) -> 9 | E7: =IFERROR(INDEX($AA$6:$BX$6,1,SMALL($F$7:$F$56,ROW(E7)-ROW($E$6))),"") -> UNIQUE ID | F7: =IFERROR(IF(ROWS(AllInput[])-COUNTIF(INDEX(Input!$B$7:$AJ$1006,,ROW(F7)-ROW($F$6)),"")>0,ROW(F7)-ROW($F$6),""),"") -> 1 | G7: =IF(AND(COUNT(INDEX($AA$7:$BX$21,,ROW(G7)-ROW($G$6)))>0,SUM(INDEX($AA$7:$BX$21,,ROW(G7)-ROW($G$6)))>0 ),F7,"") | I7: =IF(AA7="","",COUNTIF($AA$7:$AA$1006,AA7)) -> 1 | J7: =IFERROR(INDEX($AA$7:$AA$1006,SMALL($Z$7:$Z$1006,Y7),1),"") -> B-00001 | L7: =IF(P7="","",IF(ISNUMBER(MATCH(P7,$P$6:P6,0)),"",Y7)) -> 1 | M7: =IF(Q7="","",IF(ISNUMBER(MATCH(Q7,$Q$6:Q6,0)),"",Y7)) -> 1 | N7: =IF(R7="","",IF(ISNUMBER(MATCH(R7,$R$6:R6,0)),"",Y7)) | O7: =IF(S7="","",IF(ISNUMBER(MATCH(S7,$S$6:S6,0)),"",Y7)) -> 1 | P7: =IFERROR(IF(OR(P$5>50, Z7=""),"",INDEX($AA$7:$BX$1007,Z7,CE$5)),"") -> Financial | Q7: =IFERROR(IF(OR(Q$5>50, Z7=""),"",INDEX($AA$7:$BX$1007,Z7,CF$5)),"") -> USA | R7: =IFERROR(IF(OR(R$5>50, Z7=""),"",INDEX($AA$7:$BX$1007,Z7,CG$5)),"") | S7: =IFERROR(IF(OR(S$5>50, Z7=""),"",INDEX($AA$7:$BX$1007,Z7,CH$5)),"") -> 88800 | T7: =IFERROR(IF(P7="","",INDEX(P$7:P$1006,SMALL($L$7:$L$1006,Y7),1)),"") -> Financial | U7: =IFERROR(IF(Q7="","",INDEX(Q$7:Q$1006,SMALL($M$7:$M$1006,Y7),1)),"") -> USA | V7: =IFERROR(IF(R7="","",INDEX(R$7:R$1006,SMALL($N$7:$N$1006,Y7),1)),"") | W7: =IFERROR(IF(S7="","",INDEX(S$7:S$1006,SMALL($O$7:$O$1006,Y7),1)),"") -> 88800 | Y7: 1 | Z7: =IF(OR(AA7="",AB7=""),"",Y7) -> 1 | AA7: =IFERROR(IF(LEN(INDEX(Input!$B$7:$AJ$1007,$Y7,AA$1))=0,"",INDEX(Input!$B$7:$AJ$1007,$Y7,AA$1)),"") -> B-00001 | AB7: =IFERROR(IF(LEN(INDEX(Input!$B$7:$AJ$1007,$Y7,AB$1))=0,"",INDEX(Input!$B$7:$AJ$1007,$Y7,AB$1)),"") -> Marketingoryx | AC7: =IF(OR($Z7="",AC$5=""),"",IFERROR(IF(INDEX(Input!$B$7:$AJ$1007,$Y7,AC$1)="","",INDEX(Input!$B$7:$AJ$1007,$Y7,AC$1)),"")) -> Limited Liability Company | AD7: =IF(OR($Z7="",AD$5=""),"",IFERROR(IF(INDEX(Input!$B$7:$AJ$1007,$Y7,AD$1)="","",INDEX(Input!$B$7:$AJ$1007,$Y7,AD$1)),"")) -> Partner | AE7: =IF(OR($Z7="",AE$5=""),"",IFERROR(IF(INDEX(Input!$B$7:$AJ$1007,$Y7,AE$1)="","",INDEX(Input!$B$7:$AJ$1007,$Y7,AE$1)),"")) -> - | AF7: =IF(OR($Z7="",AF$5=""),"",IFERROR(IF(INDEX(Input!$B$7:$AJ$1007,$Y7,AF$1)="","",INDEX(Input!$B$7:$AJ$1007,$Y7,AF$1)),"")) -> 44525 | AG7: =IF(OR($Z7="",AG$5=""),"",IFERROR(IF(INDEX(Input!$B$7:$AJ$1007,$Y7,AG$1)="","",INDEX(Input!$B$7:$AJ$1007,$Y7,AG$1)),"")) -> Joseph Manning | AH7: =IF(OR($Z7="",AH$5=""),"",IFERROR(IF(INDEX(Input!$B$7:$AJ$1007,$Y7,AH$1)="","",INDEX(Input!$B$7:$AJ$1007,$Y7,AH$1)),"")) -> Financial | AI7: =IF(OR($Z7="",AI$5=""),"",IFERROR(IF(INDEX(Input!$B$7:$AJ$1007,$Y7,AI$1)="","",INDEX(Input!$B$7:$AJ$1007,$Y7,AI$1)),"")) -> Russell Becker | AJ7: =IF(OR($Z7="",AJ$5=""),"",IFERROR(IF(INDEX(Input!$B$7:$AJ$1007,$Y7,AJ$1)="","",INDEX(Input!$B$7:$AJ$1007,$Y7,AJ$1)),"")) -> Caleb Mullins | ... BX7: =IF(OR($Z7="",BX$5=""),"",IFERROR(IF(INDEX(Input!$B$7:$AJ$1007,$Y7,BX$1)="","",INDEX(Input!$B$7:$AJ$1007,$Y7,BX$1)),"")) | BY7: =IF(EA7="",EC7,INDEX(EA7:EC7,1,order1)&connector&INDEX(EA7:EC7,1,order2)&connector&INDEX(EA7:EC7,1,order3)) -> 11.25.2021 | BZ7: =IF(EE7="",EG7,INDEX(EE7:EG7,1,order1)&connector&INDEX(EE7:EG7,1,order2)&connector&INDEX(EE7:EG7,1,order3)) | CA7: =IF(EI7="",EK7,INDEX(EI7:EK7,1,order1)&connector&INDEX(EI7:EK7,1,order2)&connector&INDEX(EI7:EK7,1,order3)) | CB7: =IF(EM7="",EO7,INDEX(EM7:EO7,1,order1)&connector&INDEX(EM7:EO7,1,order2)&connector&INDEX(EM7:EO7,1,order3)) | CC7: =IF(EQ7="",ES7,INDEX(EQ7:ES7,1,order1)&connector&INDEX(EQ7:ES7,1,order2)&connector&INDEX(EQ7:ES7,1,order3)) | CD7: =IF(OR(AND(AA7="",AB7=""), CE7*CF7*CG7*CH7=0),"",ROW(CD7)-ROW($CD$6)) -> 1 | CE7: =IF(CE$5>0,IF(OR( IF(CE$4=1,INDEX($AA7:$BX7,1,CE$5)=CE$2, IF(CE$4=2,ISNUMBER(SEARCH(CE$2,INDEX($AA7:$BX7,1,CE$5),1)), IF(CE$4=3,IF(NOT(ISNUMBER(INDEX($AA7:$BX7,1,CE$5))),TRUE,INDEX($AA7:$BX7,1,CE$5)>CE$2), IF(CE$4=4,INDEX($AA7:$BX7,1,CE$5)<CE$2,FALSE)))),CE$2=""),1,0),1) -> 1 | CF7: =IF(CF$5>0,IF(OR( IF(CF$4=1,INDEX($AA7:$BX7,1,CF$5)=CF$2, IF(CF$4=2,ISNUMBER(SEARCH(CF$2,INDEX($AA7:$BX7,1,CF$5),1)), IF(CF$4=3,IF(NOT(ISNUMBER(INDEX($AA7:$BX7,1,CF$5))),TRUE,INDEX($AA7:$BX7,1,CF$5)>CF$2), IF(CF$4=4,INDEX($AA7:$BX7,1,CF$5)<CF$2,FALSE)))),CF$2=""),1,0),1) -> 1 | CG7: =IF(CG$5>0,IF(OR( IF(CG$4=1,INDEX($AA7:$BX7,1,CG$5)=CG$2, IF(CG$4=2,ISNUMBER(SEARCH(CG$2,INDEX($AA7:$BX7,1,CG$5),1)), IF(CG$4=3,IF(NOT(ISNUMBER(INDEX($AA7:$BX7,1,CG$5))),TRUE,INDEX($AA7:$BX7,1,CG$5)>CG$2), IF(CG$4=4,INDEX($AA7:$BX7,1,CG$5)<CG$2,FALSE)))),CG$2=""),1,0),1) -> 1 | CH7: =IF(CH$5>0,IF(OR( IF(CH$4=1,INDEX($AA7:$BX7,1,CH$5)=CH$2, IF(CH$4=2,ISNUMBER(SEARCH(CH$2,INDEX($AA7:$BX7,1,CH$5),1)), IF(CH$4=3,IF(NOT(ISNUMBER(INDEX($AA7:$BX7,1,CH$5))),TRUE,INDEX($AA7:$BX7,1,CH$5)>CH$2), IF(CH$4=4,INDEX($AA7:$BX7,1,CH$5)<CH$2,FALSE)))),CH$2=""),1,0),1) -> 1 | CJ7: =IFERROR(SMALL($Z$7:$Z$1006,Y7),"") -> 1 | CK7: =IF(CL7="","",IF(ISNUMBER(MATCH(CL7,$CL$6:CL6,0)),"",CJ7)) -> 1 | CL7: =IFERROR(INDEX($AA$7:$BX$1006,$CJ7,CL$6),"") -> Limited Liability Company | CM7: =IFERROR(IF(LEN(CL7)=0,"",INDEX(CL$7:CL$1006,SMALL($CK$7:$CK$1006,Y7),1)),"") -> Limited Liability Company | CN7: =IFERROR(IF(LEN(CM7)=0,"",COUNTIF(CL$7:CL$1006,CM7)),"") -> 5 | CO7: =IFERROR(CN7+CJ7/10,"") -> 5.1 | CP7: =IFERROR(INDEX($CM$7:$CM$1006,MATCH(LARGE($CO$7:$CO$1006,ROW(CQ7)-ROW($CQ$6)),$CO$7:$CO$1006,0),1),"") -> Cooperative Company | CQ7: =IFERROR(LARGE($CN$7:$CN$1006,ROW(CQ7)-ROW($CQ$6)),"") -> 7 | CR7: =IF(CS7="","",IF(ISNUMBER(MATCH(CS7,$CS$6:CS6,0)),"",CJ7)) -> 1 | CS7: =IFERROR(INDEX($AA$7:$BX$1006,$CJ7,CS$6),"") -> USA | CT7: =IFERROR(IF(LEN(CS7)=0,"",INDEX(CS$7:CS$1006,SMALL($CR$7:$CR$1006,Y7),1)),"") -> USA | CU7: =IFERROR(IF(LEN(CT7)=0,"",COUNTIF(CS$7:CS$1006,CT7)),"") -> 1 | CV7: =IF(CW7="","",IF(ISNUMBER(MATCH(CW7,$CW$6:CW6,0)),"",CJ7)) -> 1 | CW7: =IFERROR(INDEX($AA$7:$BX$1006,$CJ7,CW$6),"") -> Partner | CX7: =IFERROR(IF(LEN(CW7)=0,"",INDEX(CW$7:CW$1006,SMALL($CV$7:$CV$1006,Y7),1)),"") -> Partner | CY7: =IFERROR(IF(LEN(CX7)=0,"",COUNTIF(CW$7:CW$1006,CX7)),"") -> 10 | CZ7: =IFERROR(CY7+CJ7/10,"") -> 10.1 | DA7: =IFERROR(INDEX($CX$7:$CX$1006,MATCH(LARGE($CZ$7:$CZ$1006,ROW(DB7)-ROW($DA$6)),$CZ$7:$CZ$1006,0),1),"") -> Partner | DB7: =IFERROR(LARGE($CY$7:$CY$1006,ROW(DB7)-ROW($DB$6)),"") -> 10 | DC7: =IF(DE7="","",IF(ISNUMBER(MATCH(DE7,$DE$6:DE6,0)),"",CJ7)) -> 1 | DD7: =IFERROR(INDEX($AA$7:$BX$1006,$CJ7,DD$6),"") -> 9321000 | DE7: =IFERROR(INDEX($AA$7:$BX$1006,$CJ7,DE$6),"") -> USA | DF7: =IFERROR(IF(LEN(DE7)=0,"",INDEX(DE$7:DE$1006,SMALL($DC$7:$DC$1006,Y7),1)),"") -> USA | DG7: =IFERROR(IF(LEN(DF7)=0,"",SUMIF(DE$7:DE$1006,DF7,$DD$7:$DD$1006)),"") -> 9321000 | DH7: =IFERROR(INDEX($DF$7:$DF$1006,MATCH(LARGE($DG$7:$DG$1006,ROW(DI7)-ROW($DI$6)),$DG$7:$DG$1006,0),1),"") -> Turkey | DI7: =IFERROR(LARGE($DG$7:$DG$1006,ROW(DI7)-ROW($DI$6)),"") -> 20450000 | DJ7: =IF(DL7="","",IF(ISNUMBER(MATCH(DL7,$DL$6:DL6,0)),"",CJ7)) -> 1 | DK7: =IFERROR(INDEX($AA$7:$BX$1006,$CJ7,DK$6),"") -> 9321000 | DL7: =IFERROR(INDEX($AA$7:$BX$1006,$CJ7,DL$6),"") -> Financial | DM7: =IFERROR(IF(LEN(DL7)=0,"",INDEX(DL$7:DL$1006,SMALL($DJ$7:$DJ$1006,Y7),1)),"") -> Financial | DN7: =IFERROR(IF(LEN(DM7)=0,"", ROUND(AVERAGEIF(DL$7:DL$1006,DM7,$DK$7:$DK$1006),1)),"") -> 7230857.1 | DO7: =IFERROR(INDEX($AA$7:$BX$1006,$CJ7,DO$6),"") -> 25 | DP7: =MIN(DO7:DO1006) -> 25 | DQ7: ="["&DP7&"-"&DP8&")" -> [25-147) | DR7: =COUNTIFS($DO$7:$DO$1006,">="&DP7,$DO$7:$DO$1006,"<"&DP8) -> 4 | DT7: Equals | DV7: 31.1.2021 | DW7: . | DX7: 123 | DY7: Jan | EA7: =IFERROR(IF(ISNUMBER(EA$5),DAY(INDEX($AA7:$BX7,1,EA$5)),""),"") -> 25 | EB7: =IFERROR(IF(ISNUMBER(EA$5),IF(order2="x",INDEX(months,MONTH(INDEX($AA7:$BX7,1,EA$5)),1),MONTH(INDEX($AA7:$BX7,1,EA$5))),""),"") -> 11 | EC7: =IFERROR(IF(ISNUMBER(EA$5),YEAR(INDEX($AA7:$BX7,1,EA$5)),""),"") -> 2021 | EE7: =IFERROR(IF(ISNUMBER(EE$5),DAY(INDEX($AA7:$BX7,1,EE$5)),""),"") | EF7: =IFERROR(IF(ISNUMBER(EE$5),IF(order2="x", INDEX(months,MONTH(INDEX($AA7:$BX7,1,EE$5)),1),MONTH(INDEX($AA7:$BX7,1,EE$5))),""),"") | EG7: =IFERROR(IF(ISNUMBER(EE$5),YEAR(INDEX($AA7:$BX7,1,EE$5)),""),"") | EI7: =IFERROR(IF(ISNUMBER(EI$5),DAY(INDEX($AA7:$BX7,1,EI$5)),""),"") | EJ7: =IFERROR(IF(ISNUMBER(EI$5),IF(order2="x", INDEX(months,MONTH(INDEX($AA7:$BX7,1,EI$5)),1),MONTH(INDEX($AA7:$BX7,1,EI$5))),""),"") | EK7: =IFERROR(IF(ISNUMBER(EI$5),YEAR(INDEX($AA7:$BX7,1,EI$5)),""),"") | EM7: =IFERROR(IF(ISNUMBER(EM$5),DAY(INDEX($AA7:$BX7,1,EM$5)),""),"") | EN7: =IFERROR(IF(ISNUMBER(EM$5),IF(order2="x", INDEX(months,MONTH(INDEX($AA7:$BX7,1,EM$5)),1),MONTH(INDEX($AA7:$BX7,1,EM$5))),""),"") | EO7: =IFERROR(IF(ISNUMBER(EM$5),YEAR(INDEX($AA7:$BX7,1,EM$5)),""),"") | EQ7: =IFERROR(IF(ISNUMBER(EQ$5),DAY(INDEX($AA7:$BX7,1,EQ$5)),""),"") | ER7: =IFERROR(IF(ISNUMBER(EQ$5),IF(order2="x", INDEX(months,MONTH(INDEX($AA7:$BX7,1,EQ$5)),1),MONTH(INDEX($AA7:$BX7,1,EQ$5))),""),"") | ES7: =IFERROR(IF(ISNUMBER(EQ$5),YEAR(INDEX($AA7:$BX7,1,EQ$5)),""),"")
B8: =IF(COUNTIF(INDEX(Form!$B$9:$K$83,ROW(Calc!B2),),"")<10,ROW(B10),0) -> 0 | E8: =IFERROR(INDEX($AA$6:$BX$6,1,SMALL($F$7:$F$56,ROW(E8)-ROW($E$6))),"") -> NAME | F8: =IFERROR(IF(ROWS(AllInput[])-COUNTIF(INDEX(Input!$B$7:$AJ$1006,,ROW(F8)-ROW($F$6)),"")>0,ROW(F8)-ROW($F$6),""),"") -> 2 | G8: =IF(AND(COUNT(INDEX($AA$7:$BX$21,,ROW(G8)-ROW($G$6)))>0,SUM(INDEX($AA$7:$BX$21,,ROW(G8)-ROW($G$6)))>0 ),F8,"") | I8: =IF(AA8="","",COUNTIF($AA$7:$AA$1006,AA8)) -> 1 | J8: =IFERROR(INDEX($AA$7:$AA$1006,SMALL($Z$7:$Z$1006,Y8),1),"") -> B-00002 | L8: =IF(P8="","",IF(ISNUMBER(MATCH(P8,$P$6:P7,0)),"",Y8)) | M8: =IF(Q8="","",IF(ISNUMBER(MATCH(Q8,$Q$6:Q7,0)),"",Y8)) -> 2 | N8: =IF(R8="","",IF(ISNUMBER(MATCH(R8,$R$6:R7,0)),"",Y8)) | O8: =IF(S8="","",IF(ISNUMBER(MATCH(S8,$S$6:S7,0)),"",Y8)) -> 2 | P8: =IFERROR(IF(OR(P$5>50, Z8=""),"",INDEX($AA$7:$BX$1007,Z8,CE$5)),"") -> Financial | Q8: =IFERROR(IF(OR(Q$5>50, Z8=""),"",INDEX($AA$7:$BX$1007,Z8,CF$5)),"") -> India | R8: =IFERROR(IF(OR(R$5>50, Z8=""),"",INDEX($AA$7:$BX$1007,Z8,CG$5)),"") | S8: =IFERROR(IF(OR(S$5>50, Z8=""),"",INDEX($AA$7:$BX$1007,Z8,CH$5)),"") -> 24600 | T8: =IFERROR(IF(P8="","",INDEX(P$7:P$1006,SMALL($L$7:$L$1006,Y8),1)),"") -> Food industry | U8: =IFERROR(IF(Q8="","",INDEX(Q$7:Q$1006,SMALL($M$7:$M$1006,Y8),1)),"") -> India | V8: =IFERROR(IF(R8="","",INDEX(R$7:R$1006,SMALL($N$7:$N$1006,Y8),1)),"") | W8: =IFERROR(IF(S8="","",INDEX(S$7:S$1006,SMALL($O$7:$O$1006,Y8),1)),"") -> 24600 | Y8: 2 | Z8: =IF(OR(AA8="",AB8=""),"",Y8) -> 2 | AA8: =IFERROR(IF(LEN(INDEX(Input!$B$7:$AJ$1007,$Y8,AA$1))=0,"",INDEX(Input!$B$7:$AJ$1007,$Y8,AA$1)),"") -> B-00002 | AB8: =IFERROR(IF(LEN(INDEX(Input!$B$7:$AJ$1007,$Y8,AB$1))=0,"",INDEX(Input!$B$7:$AJ$1007,$Y8,AB$1)),"") -> Linear Marketing | AC8: =IF(OR($Z8="",AC$5=""),"",IFERROR(IF(INDEX(Input!$B$7:$AJ$1007,$Y8,AC$1)="","",INDEX(Input!$B$7:$AJ$1007,$Y8,AC$1)),"")) -> Collective Company | AD8: =IF(OR($Z8="",AD$5=""),"",IFERROR(IF(INDEX(Input!$B$7:$AJ$1007,$Y8,AD$1)="","",INDEX(Input!$B$7:$AJ$1007,$Y8,AD$1)),"")) -> Contractor | AE8: =IF(OR($Z8="",AE$5=""),"",IFERROR(IF(INDEX(Input!$B$7:$AJ$1007,$Y8,AE$1)="","",INDEX(Input!$B$7:$AJ$1007,$Y8,AE$1)),"")) -> - | AF8: =IF(OR($Z8="",AF$5=""),"",IFERROR(IF(INDEX(Input!$B$7:$AJ$1007,$Y8,AF$1)="","",INDEX(Input!$B$7:$AJ$1007,$Y8,AF$1)),"")) -> 44529 | AG8: =IF(OR($Z8="",AG$5=""),"",IFERROR(IF(INDEX(Input!$B$7:$AJ$1007,$Y8,AG$1)="","",INDEX(Input!$B$7:$AJ$1007,$Y8,AG$1)),"")) -> Abra Greene | AH8: =IF(OR($Z8="",AH$5=""),"",IFERROR(IF(INDEX(Input!$B$7:$AJ$1007,$Y8,AH$1)="","",INDEX(Input!$B$7:$AJ$1007,$Y8,AH$1)),"")) -> Financial | AI8: =IF(OR($Z8="",AI$5=""),"",IFERROR(IF(INDEX(Input!$B$7:$AJ$1007,$Y8,AI$1)="","",INDEX(Input!$B$7:$AJ$1007,$Y8,AI$1)),"")) -> Ruby Peters | AJ8: =IF(OR($Z8="",AJ$5=""),"",IFERROR(IF(INDEX(Input!$B$7:$AJ$1007,$Y8,AJ$1)="","",INDEX(Input!$B$7:$AJ$1007,$Y8,AJ$1)),"")) -> Laura Hartman | ... BX8: =IF(OR($Z8="",BX$5=""),"",IFERROR(IF(INDEX(Input!$B$7:$AJ$1007,$Y8,BX$1)="","",INDEX(Input!$B$7:$AJ$1007,$Y8,BX$1)),"")) | BY8: =IF(EA8="",EC8,INDEX(EA8:EC8,1,order1)&connector&INDEX(EA8:EC8,1,order2)&connector&INDEX(EA8:EC8,1,order3)) -> 11.29.2021 | BZ8: =IF(EE8="",EG8,INDEX(EE8:EG8,1,order1)&connector&INDEX(EE8:EG8,1,order2)&connector&INDEX(EE8:EG8,1,order3)) | CA8: =IF(EI8="",EK8,INDEX(EI8:EK8,1,order1)&connector&INDEX(EI8:EK8,1,order2)&connector&INDEX(EI8:EK8,1,order3)) | CB8: =IF(EM8="",EO8,INDEX(EM8:EO8,1,order1)&connector&INDEX(EM8:EO8,1,order2)&connector&INDEX(EM8:EO8,1,order3)) | CC8: =IF(EQ8="",ES8,INDEX(EQ8:ES8,1,order1)&connector&INDEX(EQ8:ES8,1,order2)&connector&INDEX(EQ8:ES8,1,order3)) | CD8: =IF(OR(AND(AA8="",AB8=""), CE8*CF8*CG8*CH8=0),"",ROW(CD8)-ROW($CD$6)) -> 2 | CE8: =IF(CE$5>0,IF(OR( IF(CE$4=1,INDEX($AA8:$BX8,1,CE$5)=CE$2, IF(CE$4=2,ISNUMBER(SEARCH(CE$2,INDEX($AA8:$BX8,1,CE$5),1)), IF(CE$4=3,IF(NOT(ISNUMBER(INDEX($AA8:$BX8,1,CE$5))),TRUE,INDEX($AA8:$BX8,1,CE$5)>CE$2), IF(CE$4=4,INDEX($AA8:$BX8,1,CE$5)<CE$2,FALSE)))),CE$2=""),1,0),1) -> 1 | CF8: =IF(CF$5>0,IF(OR( IF(CF$4=1,INDEX($AA8:$BX8,1,CF$5)=CF$2, IF(CF$4=2,ISNUMBER(SEARCH(CF$2,INDEX($AA8:$BX8,1,CF$5),1)), IF(CF$4=3,IF(NOT(ISNUMBER(INDEX($AA8:$BX8,1,CF$5))),TRUE,INDEX($AA8:$BX8,1,CF$5)>CF$2), IF(CF$4=4,INDEX($AA8:$BX8,1,CF$5)<CF$2,FALSE)))),CF$2=""),1,0),1) -> 1 | CG8: =IF(CG$5>0,IF(OR( IF(CG$4=1,INDEX($AA8:$BX8,1,CG$5)=CG$2, IF(CG$4=2,ISNUMBER(SEARCH(CG$2,INDEX($AA8:$BX8,1,CG$5),1)), IF(CG$4=3,IF(NOT(ISNUMBER(INDEX($AA8:$BX8,1,CG$5))),TRUE,INDEX($AA8:$BX8,1,CG$5)>CG$2), IF(CG$4=4,INDEX($AA8:$BX8,1,CG$5)<CG$2,FALSE)))),CG$2=""),1,0),1) -> 1 | CH8: =IF(CH$5>0,IF(OR( IF(CH$4=1,INDEX($AA8:$BX8,1,CH$5)=CH$2, IF(CH$4=2,ISNUMBER(SEARCH(CH$2,INDEX($AA8:$BX8,1,CH$5),1)), IF(CH$4=3,IF(NOT(ISNUMBER(INDEX($AA8:$BX8,1,CH$5))),TRUE,INDEX($AA8:$BX8,1,CH$5)>CH$2), IF(CH$4=4,INDEX($AA8:$BX8,1,CH$5)<CH$2,FALSE)))),CH$2=""),1,0),1) -> 1 | CJ8: =IFERROR(SMALL($Z$7:$Z$1006,Y8),"") -> 2 | CK8: =IF(CL8="","",IF(ISNUMBER(MATCH(CL8,$CL$6:CL7,0)),"",CJ8)) -> 2 | CL8: =IFERROR(INDEX($AA$7:$BX$1006,$CJ8,CL$6),"") -> Collective Company | CM8: =IFERROR(IF(LEN(CL8)=0,"",INDEX(CL$7:CL$1006,SMALL($CK$7:$CK$1006,Y8),1)),"") -> Collective Company | CN8: =IFERROR(IF(LEN(CM8)=0,"",COUNTIF(CL$7:CL$1006,CM8)),"") -> 7 | CO8: =IFERROR(CN8+CJ8/10,"") -> 7.2 | CP8: =IFERROR(INDEX($CM$7:$CM$1006,MATCH(LARGE($CO$7:$CO$1006,ROW(CQ8)-ROW($CQ$6)),$CO$7:$CO$1006,0),1),"") -> Collective Company | CQ8: =IFERROR(LARGE($CN$7:$CN$1006,ROW(CQ8)-ROW($CQ$6)),"") -> 7 | CR8: =IF(CS8="","",IF(ISNUMBER(MATCH(CS8,$CS$6:CS7,0)),"",CJ8)) -> 2 | CS8: =IFERROR(INDEX($AA$7:$BX$1006,$CJ8,CS$6),"") -> India | CT8: =IFERROR(IF(LEN(CS8)=0,"",INDEX(CS$7:CS$1006,SMALL($CR$7:$CR$1006,Y8),1)),"") -> India | CU8: =IFERROR(IF(LEN(CT8)=0,"",COUNTIF(CS$7:CS$1006,CT8)),"") -> 3 | CV8: =IF(CW8="","",IF(ISNUMBER(MATCH(CW8,$CW$6:CW7,0)),"",CJ8)) -> 2 | CW8: =IFERROR(INDEX($AA$7:$BX$1006,$CJ8,CW$6),"") -> Contractor | CX8: =IFERROR(IF(LEN(CW8)=0,"",INDEX(CW$7:CW$1006,SMALL($CV$7:$CV$1006,Y8),1)),"") -> Contractor | CY8: =IFERROR(IF(LEN(CX8)=0,"",COUNTIF(CW$7:CW$1006,CX8)),"") -> 5 | CZ8: =IFERROR(CY8+CJ8/10,"") -> 5.2 | DA8: =IFERROR(INDEX($CX$7:$CX$1006,MATCH(LARGE($CZ$7:$CZ$1006,ROW(DB8)-ROW($DA$6)),$CZ$7:$CZ$1006,0),1),"") -> Startup | DB8: =IFERROR(LARGE($CY$7:$CY$1006,ROW(DB8)-ROW($DB$6)),"") -> 5 | DC8: =IF(DE8="","",IF(ISNUMBER(MATCH(DE8,$DE$6:DE7,0)),"",CJ8)) -> 2 | DD8: =IFERROR(INDEX($AA$7:$BX$1006,$CJ8,DD$6),"") -> 8692000 | DE8: =IFERROR(INDEX($AA$7:$BX$1006,$CJ8,DE$6),"") -> India | DF8: =IFERROR(IF(LEN(DE8)=0,"",INDEX(DE$7:DE$1006,SMALL($DC$7:$DC$1006,Y8),1)),"") -> India | DG8: =IFERROR(IF(LEN(DF8)=0,"",SUMIF(DE$7:DE$1006,DF8,$DD$7:$DD$1006)),"") -> 13114000 | DH8: =IFERROR(INDEX($DF$7:$DF$1006,MATCH(LARGE($DG$7:$DG$1006,ROW(DI8)-ROW($DI$6)),$DG$7:$DG$1006,0),1),"") -> Germany | DI8: =IFERROR(LARGE($DG$7:$DG$1006,ROW(DI8)-ROW($DI$6)),"") -> 17980000 | DJ8: =IF(DL8="","",IF(ISNUMBER(MATCH(DL8,$DL$6:DL7,0)),"",CJ8)) | DK8: =IFERROR(INDEX($AA$7:$BX$1006,$CJ8,DK$6),"") -> 8692000 | DL8: =IFERROR(INDEX($AA$7:$BX$1006,$CJ8,DL$6),"") -> Financial | DM8: =IFERROR(IF(LEN(DL8)=0,"",INDEX(DL$7:DL$1006,SMALL($DJ$7:$DJ$1006,Y8),1)),"") -> Food industry | DN8: =IFERROR(IF(LEN(DM8)=0,"", ROUND(AVERAGEIF(DL$7:DL$1006,DM8,$DK$7:$DK$1006),1)),"") -> 2930400 | DO8: =IFERROR(INDEX($AA$7:$BX$1006,$CJ8,DO$6),"") -> 540 | DP8: =DP7+$DQ$6 -> 147 | DQ8: ="["&DP8&"-"&DP9&")" -> [147-269) | DR8: =COUNTIFS($DO$7:$DO$1006,">="&DP8,$DO$7:$DO$1006,"<"&DP9) -> 2 | DT8: Include | DV8: 1.31.2021 | DW8: . | DX8: 213 | DY8: Feb | EA8: =IFERROR(IF(ISNUMBER(EA$5),DAY(INDEX($AA8:$BX8,1,EA$5)),""),"") -> 29 | EB8: =IFERROR(IF(ISNUMBER(EA$5),IF(order2="x",INDEX(months,MONTH(INDEX($AA8:$BX8,1,EA$5)),1),MONTH(INDEX($AA8:$BX8,1,EA$5))),""),"") -> 11 | EC8: =IFERROR(IF(ISNUMBER(EA$5),YEAR(INDEX($AA8:$BX8,1,EA$5)),""),"") -> 2021 | EE8: =IFERROR(IF(ISNUMBER(EE$5),DAY(INDEX($AA8:$BX8,1,EE$5)),""),"") | EF8: =IFERROR(IF(ISNUMBER(EE$5),IF(order2="x", INDEX(months,MONTH(INDEX($AA8:$BX8,1,EE$5)),1),MONTH(INDEX($AA8:$BX8,1,EE$5))),""),"") | EG8: =IFERROR(IF(ISNUMBER(EE$5),YEAR(INDEX($AA8:$BX8,1,EE$5)),""),"") | EI8: =IFERROR(IF(ISNUMBER(EI$5),DAY(INDEX($AA8:$BX8,1,EI$5)),""),"") | EJ8: =IFERROR(IF(ISNUMBER(EI$5),IF(order2="x", INDEX(months,MONTH(INDEX($AA8:$BX8,1,EI$5)),1),MONTH(INDEX($AA8:$BX8,1,EI$5))),""),"") | EK8: =IFERROR(IF(ISNUMBER(EI$5),YEAR(INDEX($AA8:$BX8,1,EI$5)),""),"") | EM8: =IFERROR(IF(ISNUMBER(EM$5),DAY(INDEX($AA8:$BX8,1,EM$5)),""),"") | EN8: =IFERROR(IF(ISNUMBER(EM$5),IF(order2="x", INDEX(months,MONTH(INDEX($AA8:$BX8,1,EM$5)),1),MONTH(INDEX($AA8:$BX8,1,EM$5))),""),"") | EO8: =IFERROR(IF(ISNUMBER(EM$5),YEAR(INDEX($AA8:$BX8,1,EM$5)),""),"") | EQ8: =IFERROR(IF(ISNUMBER(EQ$5),DAY(INDEX($AA8:$BX8,1,EQ$5)),""),"") | ER8: =IFERROR(IF(ISNUMBER(EQ$5),IF(order2="x", INDEX(months,MONTH(INDEX($AA8:$BX8,1,EQ$5)),1),MONTH(INDEX($AA8:$BX8,1,EQ$5))),""),"") | ES8: =IFERROR(IF(ISNUMBER(EQ$5),YEAR(INDEX($AA8:$BX8,1,EQ$5)),""),"")
B9: =IF(COUNTIF(INDEX(Form!$B$9:$K$83,ROW(Calc!B3),),"")<10,ROW(B11),0) -> 11 | E9: =IFERROR(INDEX($AA$6:$BX$6,1,SMALL($F$7:$F$56,ROW(E9)-ROW($E$6))),"") -> TYPE | F9: =IFERROR(IF(ROWS(AllInput[])-COUNTIF(INDEX(Input!$B$7:$AJ$1006,,ROW(F9)-ROW($F$6)),"")>0,ROW(F9)-ROW($F$6),""),"") -> 3 | G9: =IF(AND(COUNT(INDEX($AA$7:$BX$21,,ROW(G9)-ROW($G$6)))>0,SUM(INDEX($AA$7:$BX$21,,ROW(G9)-ROW($G$6)))>0 ),F9,"") | I9: =IF(AA9="","",COUNTIF($AA$7:$AA$1006,AA9)) -> 1 | J9: =IFERROR(INDEX($AA$7:$AA$1006,SMALL($Z$7:$Z$1006,Y9),1),"") -> B-00003 | L9: =IF(P9="","",IF(ISNUMBER(MATCH(P9,$P$6:P8,0)),"",Y9)) -> 3 | M9: =IF(Q9="","",IF(ISNUMBER(MATCH(Q9,$Q$6:Q8,0)),"",Y9)) -> 3 | N9: =IF(R9="","",IF(ISNUMBER(MATCH(R9,$R$6:R8,0)),"",Y9)) | O9: =IF(S9="","",IF(ISNUMBER(MATCH(S9,$S$6:S8,0)),"",Y9)) -> 3 | P9: =IFERROR(IF(OR(P$5>50, Z9=""),"",INDEX($AA$7:$BX$1007,Z9,CE$5)),"") -> Food industry | Q9: =IFERROR(IF(OR(Q$5>50, Z9=""),"",INDEX($AA$7:$BX$1007,Z9,CF$5)),"") -> Spain | R9: =IFERROR(IF(OR(R$5>50, Z9=""),"",INDEX($AA$7:$BX$1007,Z9,CG$5)),"") | S9: =IFERROR(IF(OR(S$5>50, Z9=""),"",INDEX($AA$7:$BX$1007,Z9,CH$5)),"") -> 75000 | T9: =IFERROR(IF(P9="","",INDEX(P$7:P$1006,SMALL($L$7:$L$1006,Y9),1)),"") -> Textile | U9: =IFERROR(IF(Q9="","",INDEX(Q$7:Q$1006,SMALL($M$7:$M$1006,Y9),1)),"") -> Spain | V9: =IFERROR(IF(R9="","",INDEX(R$7:R$1006,SMALL($N$7:$N$1006,Y9),1)),"") | W9: =IFERROR(IF(S9="","",INDEX(S$7:S$1006,SMALL($O$7:$O$1006,Y9),1)),"") -> 75000 | Y9: 3 | Z9: =IF(OR(AA9="",AB9=""),"",Y9) -> 3 | AA9: =IFERROR(IF(LEN(INDEX(Input!$B$7:$AJ$1007,$Y9,AA$1))=0,"",INDEX(Input!$B$7:$AJ$1007,$Y9,AA$1)),"") -> B-00003 | AB9: =IFERROR(IF(LEN(INDEX(Input!$B$7:$AJ$1007,$Y9,AB$1))=0,"",INDEX(Input!$B$7:$AJ$1007,$Y9,AB$1)),"") -> Edge Finance | AC9: =IF(OR($Z9="",AC$5=""),"",IFERROR(IF(INDEX(Input!$B$7:$AJ$1007,$Y9,AC$1)="","",INDEX(Input!$B$7:$AJ$1007,$Y9,AC$1)),"")) -> Commandite Company | AD9: =IF(OR($Z9="",AD$5=""),"",IFERROR(IF(INDEX(Input!$B$7:$AJ$1007,$Y9,AD$1)="","",INDEX(Input!$B$7:$AJ$1007,$Y9,AD$1)),"")) -> Partner | AE9: =IF(OR($Z9="",AE$5=""),"",IFERROR(IF(INDEX(Input!$B$7:$AJ$1007,$Y9,AE$1)="","",INDEX(Input!$B$7:$AJ$1007,$Y9,AE$1)),"")) -> Edge Finance - xyz | AF9: =IF(OR($Z9="",AF$5=""),"",IFERROR(IF(INDEX(Input!$B$7:$AJ$1007,$Y9,AF$1)="","",INDEX(Input!$B$7:$AJ$1007,$Y9,AF$1)),"")) -> 44525 | AG9: =IF(OR($Z9="",AG$5=""),"",IFERROR(IF(INDEX(Input!$B$7:$AJ$1007,$Y9,AG$1)="","",INDEX(Input!$B$7:$AJ$1007,$Y9,AG$1)),"")) -> Macaulay Hart | AH9: =IF(OR($Z9="",AH$5=""),"",IFERROR(IF(INDEX(Input!$B$7:$AJ$1007,$Y9,AH$1)="","",INDEX(Input!$B$7:$AJ$1007,$Y9,AH$1)),"")) -> Food industry | AI9: =IF(OR($Z9="",AI$5=""),"",IFERROR(IF(INDEX(Input!$B$7:$AJ$1007,$Y9,AI$1)="","",INDEX(Input!$B$7:$AJ$1007,$Y9,AI$1)),"")) -> Rebekah Lawrence | AJ9: =IF(OR($Z9="",AJ$5=""),"",IFERROR(IF(INDEX(Input!$B$7:$AJ$1007,$Y9,AJ$1)="","",INDEX(Input!$B$7:$AJ$1007,$Y9,AJ$1)),"")) -> Dustin Santana | ... BX9: =IF(OR($Z9="",BX$5=""),"",IFERROR(IF(INDEX(Input!$B$7:$AJ$1007,$Y9,BX$1)="","",INDEX(Input!$B$7:$AJ$1007,$Y9,BX$1)),"")) | BY9: =IF(EA9="",EC9,INDEX(EA9:EC9,1,order1)&connector&INDEX(EA9:EC9,1,order2)&connector&INDEX(EA9:EC9,1,order3)) -> 11.25.2021 | BZ9: =IF(EE9="",EG9,INDEX(EE9:EG9,1,order1)&connector&INDEX(EE9:EG9,1,order2)&connector&INDEX(EE9:EG9,1,order3)) | CA9: =IF(EI9="",EK9,INDEX(EI9:EK9,1,order1)&connector&INDEX(EI9:EK9,1,order2)&connector&INDEX(EI9:EK9,1,order3)) | CB9: =IF(EM9="",EO9,INDEX(EM9:EO9,1,order1)&connector&INDEX(EM9:EO9,1,order2)&connector&INDEX(EM9:EO9,1,order3)) | CC9: =IF(EQ9="",ES9,INDEX(EQ9:ES9,1,order1)&connector&INDEX(EQ9:ES9,1,order2)&connector&INDEX(EQ9:ES9,1,order3)) | CD9: =IF(OR(AND(AA9="",AB9=""), CE9*CF9*CG9*CH9=0),"",ROW(CD9)-ROW($CD$6)) | CE9: =IF(CE$5>0,IF(OR( IF(CE$4=1,INDEX($AA9:$BX9,1,CE$5)=CE$2, IF(CE$4=2,ISNUMBER(SEARCH(CE$2,INDEX($AA9:$BX9,1,CE$5),1)), IF(CE$4=3,IF(NOT(ISNUMBER(INDEX($AA9:$BX9,1,CE$5))),TRUE,INDEX($AA9:$BX9,1,CE$5)>CE$2), IF(CE$4=4,INDEX($AA9:$BX9,1,CE$5)<CE$2,FALSE)))),CE$2=""),1,0),1) -> 0 | CF9: =IF(CF$5>0,IF(OR( IF(CF$4=1,INDEX($AA9:$BX9,1,CF$5)=CF$2, IF(CF$4=2,ISNUMBER(SEARCH(CF$2,INDEX($AA9:$BX9,1,CF$5),1)), IF(CF$4=3,IF(NOT(ISNUMBER(INDEX($AA9:$BX9,1,CF$5))),TRUE,INDEX($AA9:$BX9,1,CF$5)>CF$2), IF(CF$4=4,INDEX($AA9:$BX9,1,CF$5)<CF$2,FALSE)))),CF$2=""),1,0),1) -> 1 | CG9: =IF(CG$5>0,IF(OR( IF(CG$4=1,INDEX($AA9:$BX9,1,CG$5)=CG$2, IF(CG$4=2,ISNUMBER(SEARCH(CG$2,INDEX($AA9:$BX9,1,CG$5),1)), IF(CG$4=3,IF(NOT(ISNUMBER(INDEX($AA9:$BX9,1,CG$5))),TRUE,INDEX($AA9:$BX9,1,CG$5)>CG$2), IF(CG$4=4,INDEX($AA9:$BX9,1,CG$5)<CG$2,FALSE)))),CG$2=""),1,0),1) -> 1 | CH9: =IF(CH$5>0,IF(OR( IF(CH$4=1,INDEX($AA9:$BX9,1,CH$5)=CH$2, IF(CH$4=2,ISNUMBER(SEARCH(CH$2,INDEX($AA9:$BX9,1,CH$5),1)), IF(CH$4=3,IF(NOT(ISNUMBER(INDEX($AA9:$BX9,1,CH$5))),TRUE,INDEX($AA9:$BX9,1,CH$5)>CH$2), IF(CH$4=4,INDEX($AA9:$BX9,1,CH$5)<CH$2,FALSE)))),CH$2=""),1,0),1) -> 1 | CJ9: =IFERROR(SMALL($Z$7:$Z$1006,Y9),"") -> 3 | CK9: =IF(CL9="","",IF(ISNUMBER(MATCH(CL9,$CL$6:CL8,0)),"",CJ9)) -> 3 | CL9: =IFERROR(INDEX($AA$7:$BX$1006,$CJ9,CL$6),"") -> Commandite Company | CM9: =IFERROR(IF(LEN(CL9)=0,"",INDEX(CL$7:CL$1006,SMALL($CK$7:$CK$1006,Y9),1)),"") -> Commandite Company | CN9: =IFERROR(IF(LEN(CM9)=0,"",COUNTIF(CL$7:CL$1006,CM9)),"") -> 4 | CO9: =IFERROR(CN9+CJ9/10,"") -> 4.3 | CP9: =IFERROR(INDEX($CM$7:$CM$1006,MATCH(LARGE($CO$7:$CO$1006,ROW(CQ9)-ROW($CQ$6)),$CO$7:$CO$1006,0),1),"") -> Limited Liability Company | CQ9: =IFERROR(LARGE($CN$7:$CN$1006,ROW(CQ9)-ROW($CQ$6)),"") -> 5 | CR9: =IF(CS9="","",IF(ISNUMBER(MATCH(CS9,$CS$6:CS8,0)),"",CJ9)) -> 3 | CS9: =IFERROR(INDEX($AA$7:$BX$1006,$CJ9,CS$6),"") -> Spain | CT9: =IFERROR(IF(LEN(CS9)=0,"",INDEX(CS$7:CS$1006,SMALL($CR$7:$CR$1006,Y9),1)),"") -> Spain | CU9: =IFERROR(IF(LEN(CT9)=0,"",COUNTIF(CS$7:CS$1006,CT9)),"") -> 2 | CV9: =IF(CW9="","",IF(ISNUMBER(MATCH(CW9,$CW$6:CW8,0)),"",CJ9)) | CW9: =IFERROR(INDEX($AA$7:$BX$1006,$CJ9,CW$6),"") -> Partner | CX9: =IFERROR(IF(LEN(CW9)=0,"",INDEX(CW$7:CW$1006,SMALL($CV$7:$CV$1006,Y9),1)),"") -> Corporation | CY9: =IFERROR(IF(LEN(CX9)=0,"",COUNTIF(CW$7:CW$1006,CX9)),"") -> 5 | CZ9: =IFERROR(CY9+CJ9/10,"") -> 5.3 | DA9: =IFERROR(INDEX($CX$7:$CX$1006,MATCH(LARGE($CZ$7:$CZ$1006,ROW(DB9)-ROW($DA$6)),$CZ$7:$CZ$1006,0),1),"") -> Corporation | DB9: =IFERROR(LARGE($CY$7:$CY$1006,ROW(DB9)-ROW($DB$6)),"") -> 5 | DC9: =IF(DE9="","",IF(ISNUMBER(MATCH(DE9,$DE$6:DE8,0)),"",CJ9)) -> 3 | DD9: =IFERROR(INDEX($AA$7:$BX$1006,$CJ9,DD$6),"") -> 1106000 | DE9: =IFERROR(INDEX($AA$7:$BX$1006,$CJ9,DE$6),"") -> Spain | DF9: =IFERROR(IF(LEN(DE9)=0,"",INDEX(DE$7:DE$1006,SMALL($DC$7:$DC$1006,Y9),1)),"") -> Spain | DG9: =IFERROR(IF(LEN(DF9)=0,"",SUMIF(DE$7:DE$1006,DF9,$DD$7:$DD$1006)),"") -> 6944000 | DH9: =IFERROR(INDEX($DF$7:$DF$1006,MATCH(LARGE($DG$7:$DG$1006,ROW(DI9)-ROW($DI$6)),$DG$7:$DG$1006,0),1),"") -> India | DI9: =IFERROR(LARGE($DG$7:$DG$1006,ROW(DI9)-ROW($DI$6)),"") -> 13114000 | DJ9: =IF(DL9="","",IF(ISNUMBER(MATCH(DL9,$DL$6:DL8,0)),"",CJ9)) -> 3 | DK9: =IFERROR(INDEX($AA$7:$BX$1006,$CJ9,DK$6),"") -> 1106000 | DL9: =IFERROR(INDEX($AA$7:$BX$1006,$CJ9,DL$6),"") -> Food industry | DM9: =IFERROR(IF(LEN(DL9)=0,"",INDEX(DL$7:DL$1006,SMALL($DJ$7:$DJ$1006,Y9),1)),"") -> Textile | DN9: =IFERROR(IF(LEN(DM9)=0,"", ROUND(AVERAGEIF(DL$7:DL$1006,DM9,$DK$7:$DK$1006),1)),"") -> 4981333.3 | DO9: =IFERROR(INDEX($AA$7:$BX$1006,$CJ9,DO$6),"") -> 400 | DP9: =DP8+$DQ$6 -> 269 | DQ9: ="["&DP9&"-"&DP10&")" -> [269-391) | DR9: =COUNTIFS($DO$7:$DO$1006,">="&DP9,$DO$7:$DO$1006,"<"&DP10) -> 3 | DT9: Above | DV9: 1/31/2021 | DW9: / | DX9: 213 | DY9: Mar | EA9: =IFERROR(IF(ISNUMBER(EA$5),DAY(INDEX($AA9:$BX9,1,EA$5)),""),"") -> 25 | EB9: =IFERROR(IF(ISNUMBER(EA$5),IF(order2="x",INDEX(months,MONTH(INDEX($AA9:$BX9,1,EA$5)),1),MONTH(INDEX($AA9:$BX9,1,EA$5))),""),"") -> 11 | EC9: =IFERROR(IF(ISNUMBER(EA$5),YEAR(INDEX($AA9:$BX9,1,EA$5)),""),"") -> 2021 | EE9: =IFERROR(IF(ISNUMBER(EE$5),DAY(INDEX($AA9:$BX9,1,EE$5)),""),"") | EF9: =IFERROR(IF(ISNUMBER(EE$5),IF(order2="x", INDEX(months,MONTH(INDEX($AA9:$BX9,1,EE$5)),1),MONTH(INDEX($AA9:$BX9,1,EE$5))),""),"") | EG9: =IFERROR(IF(ISNUMBER(EE$5),YEAR(INDEX($AA9:$BX9,1,EE$5)),""),"") | EI9: =IFERROR(IF(ISNUMBER(EI$5),DAY(INDEX($AA9:$BX9,1,EI$5)),""),"") | EJ9: =IFERROR(IF(ISNUMBER(EI$5),IF(order2="x", INDEX(months,MONTH(INDEX($AA9:$BX9,1,EI$5)),1),MONTH(INDEX($AA9:$BX9,1,EI$5))),""),"") | EK9: =IFERROR(IF(ISNUMBER(EI$5),YEAR(INDEX($AA9:$BX9,1,EI$5)),""),"") | EM9: =IFERROR(IF(ISNUMBER(EM$5),DAY(INDEX($AA9:$BX9,1,EM$5)),""),"") | EN9: =IFERROR(IF(ISNUMBER(EM$5),IF(order2="x", INDEX(months,MONTH(INDEX($AA9:$BX9,1,EM$5)),1),MONTH(INDEX($AA9:$BX9,1,EM$5))),""),"") | EO9: =IFERROR(IF(ISNUMBER(EM$5),YEAR(INDEX($AA9:$BX9,1,EM$5)),""),"") | EQ9: =IFERROR(IF(ISNUMBER(EQ$5),DAY(INDEX($AA9:$BX9,1,EQ$5)),""),"") | ER9: =IFERROR(IF(ISNUMBER(EQ$5),IF(order2="x", INDEX(months,MONTH(INDEX($AA9:$BX9,1,EQ$5)),1),MONTH(INDEX($AA9:$BX9,1,EQ$5))),""),"") | ES9: =IFERROR(IF(ISNUMBER(EQ$5),YEAR(INDEX($AA9:$BX9,1,EQ$5)),""),"")
B10: =IF(COUNTIF(INDEX(Form!$B$9:$K$83,ROW(Calc!B4),),"")<10,ROW(B12),0) -> 0 | E10: =IFERROR(INDEX($AA$6:$BX$6,1,SMALL($F$7:$F$56,ROW(E10)-ROW($E$6))),"") -> STATUS | F10: =IFERROR(IF(ROWS(AllInput[])-COUNTIF(INDEX(Input!$B$7:$AJ$1006,,ROW(F10)-ROW($F$6)),"")>0,ROW(F10)-ROW($F$6),""),"") -> 4 | G10: =IF(AND(COUNT(INDEX($AA$7:$BX$21,,ROW(G10)-ROW($G$6)))>0,SUM(INDEX($AA$7:$BX$21,,ROW(G10)-ROW($G$6)))>0 ),F10,"") | I10: =IF(AA10="","",COUNTIF($AA$7:$AA$1006,AA10)) -> 1 | J10: =IFERROR(INDEX($AA$7:$AA$1006,SMALL($Z$7:$Z$1006,Y10),1),"") -> B-00004 | L10: =IF(P10="","",IF(ISNUMBER(MATCH(P10,$P$6:P9,0)),"",Y10)) -> 4 | M10: =IF(Q10="","",IF(ISNUMBER(MATCH(Q10,$Q$6:Q9,0)),"",Y10)) -> 4 | N10: =IF(R10="","",IF(ISNUMBER(MATCH(R10,$R$6:R9,0)),"",Y10)) | O10: =IF(S10="","",IF(ISNUMBER(MATCH(S10,$S$6:S9,0)),"",Y10)) -> 4 | P10: =IFERROR(IF(OR(P$5>50, Z10=""),"",INDEX($AA$7:$BX$1007,Z10,CE$5)),"") -> Textile | Q10: =IFERROR(IF(OR(Q$5>50, Z10=""),"",INDEX($AA$7:$BX$1007,Z10,CF$5)),"") -> Turkey | R10: =IFERROR(IF(OR(R$5>50, Z10=""),"",INDEX($AA$7:$BX$1007,Z10,CG$5)),"") | S10: =IFERROR(IF(OR(S$5>50, Z10=""),"",INDEX($AA$7:$BX$1007,Z10,CH$5)),"") -> 74000 | T10: =IFERROR(IF(P10="","",INDEX(P$7:P$1006,SMALL($L$7:$L$1006,Y10),1)),"") -> Automotive | U10: =IFERROR(IF(Q10="","",INDEX(Q$7:Q$1006,SMALL($M$7:$M$1006,Y10),1)),"") -> Turkey | V10: =IFERROR(IF(R10="","",INDEX(R$7:R$1006,SMALL($N$7:$N$1006,Y10),1)),"") | W10: =IFERROR(IF(S10="","",INDEX(S$7:S$1006,SMALL($O$7:$O$1006,Y10),1)),"") -> 74000 | Y10: 4 | Z10: =IF(OR(AA10="",AB10=""),"",Y10) -> 4 | AA10: =IFERROR(IF(LEN(INDEX(Input!$B$7:$AJ$1007,$Y10,AA$1))=0,"",INDEX(Input!$B$7:$AJ$1007,$Y10,AA$1)),"") -> B-00004 | AB10: =IFERROR(IF(LEN(INDEX(Input!$B$7:$AJ$1007,$Y10,AB$1))=0,"",INDEX(Input!$B$7:$AJ$1007,$Y10,AB$1)),"") -> Overdrive Logistics | AC10: =IF(OR($Z10="",AC$5=""),"",IFERROR(IF(INDEX(Input!$B$7:$AJ$1007,$Y10,AC$1)="","",INDEX(Input!$B$7:$AJ$1007,$Y10,AC$1)),"")) -> Collective Company | AD10: =IF(OR($Z10="",AD$5=""),"",IFERROR(IF(INDEX(Input!$B$7:$AJ$1007,$Y10,AD$1)="","",INDEX(Input!$B$7:$AJ$1007,$Y10,AD$1)),"")) -> Corporation | AE10: =IF(OR($Z10="",AE$5=""),"",IFERROR(IF(INDEX(Input!$B$7:$AJ$1007,$Y10,AE$1)="","",INDEX(Input!$B$7:$AJ$1007,$Y10,AE$1)),"")) -> Overdrive Logistics - xyz | AF10: =IF(OR($Z10="",AF$5=""),"",IFERROR(IF(INDEX(Input!$B$7:$AJ$1007,$Y10,AF$1)="","",INDEX(Input!$B$7:$AJ$1007,$Y10,AF$1)),"")) -> 44525 | AG10: =IF(OR($Z10="",AG$5=""),"",IFERROR(IF(INDEX(Input!$B$7:$AJ$1007,$Y10,AG$1)="","",INDEX(Input!$B$7:$AJ$1007,$Y10,AG$1)),"")) -> Brenda Fuller | AH10: =IF(OR($Z10="",AH$5=""),"",IFERROR(IF(INDEX(Input!$B$7:$AJ$1007,$Y10,AH$1)="","",INDEX(Input!$B$7:$AJ$1007,$Y10,AH$1)),"")) -> Textile | AI10: =IF(OR($Z10="",AI$5=""),"",IFERROR(IF(INDEX(Input!$B$7:$AJ$1007,$Y10,AI$1)="","",INDEX(Input!$B$7:$AJ$1007,$Y10,AI$1)),"")) -> Nerea Leon | AJ10: =IF(OR($Z10="",AJ$5=""),"",IFERROR(IF(INDEX(Input!$B$7:$AJ$1007,$Y10,AJ$1)="","",INDEX(Input!$B$7:$AJ$1007,$Y10,AJ$1)),"")) -> Aidan Yates | ... BX10: =IF(OR($Z10="",BX$5=""),"",IFERROR(IF(INDEX(Input!$B$7:$AJ$1007,$Y10,BX$1)="","",INDEX(Input!$B$7:$AJ$1007,$Y10,BX$1)),"")) | BY10: =IF(EA10="",EC10,INDEX(EA10:EC10,1,order1)&connector&INDEX(EA10:EC10,1,order2)&connector&INDEX(EA10:EC10,1,order3)) -> 11.25.2021 | BZ10: =IF(EE10="",EG10,INDEX(EE10:EG10,1,order1)&connector&INDEX(EE10:EG10,1,order2)&connector&INDEX(EE10:EG10,1,order3)) | CA10: =IF(EI10="",EK10,INDEX(EI10:EK10,1,order1)&connector&INDEX(EI10:EK10,1,order2)&connector&INDEX(EI10:EK10,1,order3)) | CB10: =IF(EM10="",EO10,INDEX(EM10:EO10,1,order1)&connector&INDEX(EM10:EO10,1,order2)&connector&INDEX(EM10:EO10,1,order3)) | CC10: =IF(EQ10="",ES10,INDEX(EQ10:ES10,1,order1)&connector&INDEX(EQ10:ES10,1,order2)&connector&INDEX(EQ10:ES10,1,order3)) | CD10: =IF(OR(AND(AA10="",AB10=""), CE10*CF10*CG10*CH10=0),"",ROW(CD10)-ROW($CD$6)) | CE10: =IF(CE$5>0,IF(OR( IF(CE$4=1,INDEX($AA10:$BX10,1,CE$5)=CE$2, IF(CE$4=2,ISNUMBER(SEARCH(CE$2,INDEX($AA10:$BX10,1,CE$5),1)), IF(CE$4=3,IF(NOT(ISNUMBER(INDEX($AA10:$BX10,1,CE$5))),TRUE,INDEX($AA10:$BX10,1,CE$5)>CE$2), IF(CE$4=4,INDEX($AA10:$BX10,1,CE$5)<CE$2,FALSE)))),CE$2=""),1,0),1) -> 0 | CF10: =IF(CF$5>0,IF(OR( IF(CF$4=1,INDEX($AA10:$BX10,1,CF$5)=CF$2, IF(CF$4=2,ISNUMBER(SEARCH(CF$2,INDEX($AA10:$BX10,1,CF$5),1)), IF(CF$4=3,IF(NOT(ISNUMBER(INDEX($AA10:$BX10,1,CF$5))),TRUE,INDEX($AA10:$BX10,1,CF$5)>CF$2), IF(CF$4=4,INDEX($AA10:$BX10,1,CF$5)<CF$2,FALSE)))),CF$2=""),1,0),1) -> 1 | CG10: =IF(CG$5>0,IF(OR( IF(CG$4=1,INDEX($AA10:$BX10,1,CG$5)=CG$2, IF(CG$4=2,ISNUMBER(SEARCH(CG$2,INDEX($AA10:$BX10,1,CG$5),1)), IF(CG$4=3,IF(NOT(ISNUMBER(INDEX($AA10:$BX10,1,CG$5))),TRUE,INDEX($AA10:$BX10,1,CG$5)>CG$2), IF(CG$4=4,INDEX($AA10:$BX10,1,CG$5)<CG$2,FALSE)))),CG$2=""),1,0),1) -> 1 | CH10: =IF(CH$5>0,IF(OR( IF(CH$4=1,INDEX($AA10:$BX10,1,CH$5)=CH$2, IF(CH$4=2,ISNUMBER(SEARCH(CH$2,INDEX($AA10:$BX10,1,CH$5),1)), IF(CH$4=3,IF(NOT(ISNUMBER(INDEX($AA10:$BX10,1,CH$5))),TRUE,INDEX($AA10:$BX10,1,CH$5)>CH$2), IF(CH$4=4,INDEX($AA10:$BX10,1,CH$5)<CH$2,FALSE)))),CH$2=""),1,0),1) -> 1 | CJ10: =IFERROR(SMALL($Z$7:$Z$1006,Y10),"") -> 4 | CK10: =IF(CL10="","",IF(ISNUMBER(MATCH(CL10,$CL$6:CL9,0)),"",CJ10)) | CL10: =IFERROR(INDEX($AA$7:$BX$1006,$CJ10,CL$6),"") -> Collective Company | CM10: =IFERROR(IF(LEN(CL10)=0,"",INDEX(CL$7:CL$1006,SMALL($CK$7:$CK$1006,Y10),1)),"") -> Cooperative Company | CN10: =IFERROR(IF(LEN(CM10)=0,"",COUNTIF(CL$7:CL$1006,CM10)),"") -> 7 | CO10: =IFERROR(CN10+CJ10/10,"") -> 7.4 | CP10: =IFERROR(INDEX($CM$7:$CM$1006,MATCH(LARGE($CO$7:$CO$1006,ROW(CQ10)-ROW($CQ$6)),$CO$7:$CO$1006,0),1),"") -> Commandite Company | CQ10: =IFERROR(LARGE($CN$7:$CN$1006,ROW(CQ10)-ROW($CQ$6)),"") -> 4 | CR10: =IF(CS10="","",IF(ISNUMBER(MATCH(CS10,$CS$6:CS9,0)),"",CJ10)) -> 4 | CS10: =IFERROR(INDEX($AA$7:$BX$1006,$CJ10,CS$6),"") -> Turkey | CT10: =IFERROR(IF(LEN(CS10)=0,"",INDEX(CS$7:CS$1006,SMALL($CR$7:$CR$1006,Y10),1)),"") -> Turkey | CU10: =IFERROR(IF(LEN(CT10)=0,"",COUNTIF(CS$7:CS$1006,CT10)),"") -> 3 | CV10: =IF(CW10="","",IF(ISNUMBER(MATCH(CW10,$CW$6:CW9,0)),"",CJ10)) -> 4 | CW10: =IFERROR(INDEX($AA$7:$BX$1006,$CJ10,CW$6),"") -> Corporation | CX10: =IFERROR(IF(LEN(CW10)=0,"",INDEX(CW$7:CW$1006,SMALL($CV$7:$CV$1006,Y10),1)),"") -> Startup | CY10: =IFERROR(IF(LEN(CX10)=0,"",COUNTIF(CW$7:CW$1006,CX10)),"") -> 5 | CZ10: =IFERROR(CY10+CJ10/10,"") -> 5.4 | DA10: =IFERROR(INDEX($CX$7:$CX$1006,MATCH(LARGE($CZ$7:$CZ$1006,ROW(DB10)-ROW($DA$6)),$CZ$7:$CZ$1006,0),1),"") -> Contractor | DB10: =IFERROR(LARGE($CY$7:$CY$1006,ROW(DB10)-ROW($DB$6)),"") -> 5 | DC10: =IF(DE10="","",IF(ISNUMBER(MATCH(DE10,$DE$6:DE9,0)),"",CJ10)) -> 4 | DD10: =IFERROR(INDEX($AA$7:$BX$1006,$CJ10,DD$6),"") -> 6058000 | DE10: =IFERROR(INDEX($AA$7:$BX$1006,$CJ10,DE$6),"") -> Turkey | DF10: =IFERROR(IF(LEN(DE10)=0,"",INDEX(DE$7:DE$1006,SMALL($DC$7:$DC$1006,Y10),1)),"") -> Turkey | DG10: =IFERROR(IF(LEN(DF10)=0,"",SUMIF(DE$7:DE$1006,DF10,$DD$7:$DD$1006)),"") -> 20450000 | DH10: =IFERROR(INDEX($DF$7:$DF$1006,MATCH(LARGE($DG$7:$DG$1006,ROW(DI10)-ROW($DI$6)),$DG$7:$DG$1006,0),1),"") -> USA | DI10: =IFERROR(LARGE($DG$7:$DG$1006,ROW(DI10)-ROW($DI$6)),"") -> 9321000 | DJ10: =IF(DL10="","",IF(ISNUMBER(MATCH(DL10,$DL$6:DL9,0)),"",CJ10)) -> 4 | DK10: =IFERROR(INDEX($AA$7:$BX$1006,$CJ10,DK$6),"") -> 6058000 | DL10: =IFERROR(INDEX($AA$7:$BX$1006,$CJ10,DL$6),"") -> Textile | DM10: =IFERROR(IF(LEN(DL10)=0,"",INDEX(DL$7:DL$1006,SMALL($DJ$7:$DJ$1006,Y10),1)),"") -> Automotive | DN10: =IFERROR(IF(LEN(DM10)=0,"", ROUND(AVERAGEIF(DL$7:DL$1006,DM10,$DK$7:$DK$1006),1)),"") -> 2635666.7 | DO10: =IFERROR(INDEX($AA$7:$BX$1006,$CJ10,DO$6),"") -> 670 | DP10: =DP9+$DQ$6 -> 391 | DQ10: ="["&DP10&"-"&DP11&")" -> [391-513) | DR10: =COUNTIFS($DO$7:$DO$1006,">="&DP10,$DO$7:$DO$1006,"<"&DP11) -> 2 | DT10: Below | DV10: 2021-1-31 | DW10: - | DX10: 321 | DY10: Apr | EA10: =IFERROR(IF(ISNUMBER(EA$5),DAY(INDEX($AA10:$BX10,1,EA$5)),""),"") -> 25 | EB10: =IFERROR(IF(ISNUMBER(EA$5),IF(order2="x",INDEX(months,MONTH(INDEX($AA10:$BX10,1,EA$5)),1),MONTH(INDEX($AA10:$BX10,1,EA$5))),""),"") -> 11 | EC10: =IFERROR(IF(ISNUMBER(EA$5),YEAR(INDEX($AA10:$BX10,1,EA$5)),""),"") -> 2021 | EE10: =IFERROR(IF(ISNUMBER(EE$5),DAY(INDEX($AA10:$BX10,1,EE$5)),""),"") | EF10: =IFERROR(IF(ISNUMBER(EE$5),IF(order2="x", INDEX(months,MONTH(INDEX($AA10:$BX10,1,EE$5)),1),MONTH(INDEX($AA10:$BX10,1,EE$5))),""),"") | EG10: =IFERROR(IF(ISNUMBER(EE$5),YEAR(INDEX($AA10:$BX10,1,EE$5)),""),"") | EI10: =IFERROR(IF(ISNUMBER(EI$5),DAY(INDEX($AA10:$BX10,1,EI$5)),""),"") | EJ10: =IFERROR(IF(ISNUMBER(EI$5),IF(order2="x", INDEX(months,MONTH(INDEX($AA10:$BX10,1,EI$5)),1),MONTH(INDEX($AA10:$BX10,1,EI$5))),""),"") | EK10: =IFERROR(IF(ISNUMBER(EI$5),YEAR(INDEX($AA10:$BX10,1,EI$5)),""),"") | EM10: =IFERROR(IF(ISNUMBER(EM$5),DAY(INDEX($AA10:$BX10,1,EM$5)),""),"") | EN10: =IFERROR(IF(ISNUMBER(EM$5),IF(order2="x", INDEX(months,MONTH(INDEX($AA10:$BX10,1,EM$5)),1),MONTH(INDEX($AA10:$BX10,1,EM$5))),""),"") | EO10: =IFERROR(IF(ISNUMBER(EM$5),YEAR(INDEX($AA10:$BX10,1,EM$5)),""),"") | EQ10: =IFERROR(IF(ISNUMBER(EQ$5),DAY(INDEX($AA10:$BX10,1,EQ$5)),""),"") | ER10: =IFERROR(IF(ISNUMBER(EQ$5),IF(order2="x", INDEX(months,MONTH(INDEX($AA10:$BX10,1,EQ$5)),1),MONTH(INDEX($AA10:$BX10,1,EQ$5))),""),"") | ES10: =IFERROR(IF(ISNUMBER(EQ$5),YEAR(INDEX($AA10:$BX10,1,EQ$5)),""),"")
B11: =IF(COUNTIF(INDEX(Form!$B$9:$K$83,ROW(Calc!B5),),"")<10,ROW(B13),0) -> 13 | E11: =IFERROR(INDEX($AA$6:$BX$6,1,SMALL($F$7:$F$56,ROW(E11)-ROW($E$6))),"") -> ALTERNATIVE NAMES | F11: =IFERROR(IF(ROWS(AllInput[])-COUNTIF(INDEX(Input!$B$7:$AJ$1006,,ROW(F11)-ROW($F$6)),"")>0,ROW(F11)-ROW($F$6),""),"") -> 5 | G11: =IF(AND(COUNT(INDEX($AA$7:$BX$21,,ROW(G11)-ROW($G$6)))>0,SUM(INDEX($AA$7:$BX$21,,ROW(G11)-ROW($G$6)))>0 ),F11,"") | I11: =IF(AA11="","",COUNTIF($AA$7:$AA$1006,AA11)) -> 1 | J11: =IFERROR(INDEX($AA$7:$AA$1006,SMALL($Z$7:$Z$1006,Y11),1),"") -> B-00005 | L11: =IF(P11="","",IF(ISNUMBER(MATCH(P11,$P$6:P10,0)),"",Y11)) | M11: =IF(Q11="","",IF(ISNUMBER(MATCH(Q11,$Q$6:Q10,0)),"",Y11)) -> 5 | N11: =IF(R11="","",IF(ISNUMBER(MATCH(R11,$R$6:R10,0)),"",Y11)) | O11: =IF(S11="","",IF(ISNUMBER(MATCH(S11,$S$6:S10,0)),"",Y11)) -> 5 | P11: =IFERROR(IF(OR(P$5>50, Z11=""),"",INDEX($AA$7:$BX$1007,Z11,CE$5)),"") -> Financial | Q11: =IFERROR(IF(OR(Q$5>50, Z11=""),"",INDEX($AA$7:$BX$1007,Z11,CF$5)),"") -> Poland | R11: =IFERROR(IF(OR(R$5>50, Z11=""),"",INDEX($AA$7:$BX$1007,Z11,CG$5)),"") | S11: =IFERROR(IF(OR(S$5>50, Z11=""),"",INDEX($AA$7:$BX$1007,Z11,CH$5)),"") -> 31900 | T11: =IFERROR(IF(P11="","",INDEX(P$7:P$1006,SMALL($L$7:$L$1006,Y11),1)),"") -> Healthcare | U11: =IFERROR(IF(Q11="","",INDEX(Q$7:Q$1006,SMALL($M$7:$M$1006,Y11),1)),"") -> Poland | V11: =IFERROR(IF(R11="","",INDEX(R$7:R$1006,SMALL($N$7:$N$1006,Y11),1)),"") | W11: =IFERROR(IF(S11="","",INDEX(S$7:S$1006,SMALL($O$7:$O$1006,Y11),1)),"") -> 31900 | Y11: 5 | Z11: =IF(OR(AA11="",AB11=""),"",Y11) -> 5 | AA11: =IFERROR(IF(LEN(INDEX(Input!$B$7:$AJ$1007,$Y11,AA$1))=0,"",INDEX(Input!$B$7:$AJ$1007,$Y11,AA$1)),"") -> B-00005 | AB11: =IFERROR(IF(LEN(INDEX(Input!$B$7:$AJ$1007,$Y11,AB$1))=0,"",INDEX(Input!$B$7:$AJ$1007,$Y11,AB$1)),"") -> Pixel Logistics | AC11: =IF(OR($Z11="",AC$5=""),"",IFERROR(IF(INDEX(Input!$B$7:$AJ$1007,$Y11,AC$1)="","",INDEX(Input!$B$7:$AJ$1007,$Y11,AC$1)),"")) -> Cooperative Company | AD11: =IF(OR($Z11="",AD$5=""),"",IFERROR(IF(INDEX(Input!$B$7:$AJ$1007,$Y11,AD$1)="","",INDEX(Input!$B$7:$AJ$1007,$Y11,AD$1)),"")) -> Startup | AE11: =IF(OR($Z11="",AE$5=""),"",IFERROR(IF(INDEX(Input!$B$7:$AJ$1007,$Y11,AE$1)="","",INDEX(Input!$B$7:$AJ$1007,$Y11,AE$1)),"")) -> Pixel Logistics - xyz | AF11: =IF(OR($Z11="",AF$5=""),"",IFERROR(IF(INDEX(Input!$B$7:$AJ$1007,$Y11,AF$1)="","",INDEX(Input!$B$7:$AJ$1007,$Y11,AF$1)),"")) -> 44525 | AG11: =IF(OR($Z11="",AG$5=""),"",IFERROR(IF(INDEX(Input!$B$7:$AJ$1007,$Y11,AG$1)="","",INDEX(Input!$B$7:$AJ$1007,$Y11,AG$1)),"")) -> Murphy Todd | AH11: =IF(OR($Z11="",AH$5=""),"",IFERROR(IF(INDEX(Input!$B$7:$AJ$1007,$Y11,AH$1)="","",INDEX(Input!$B$7:$AJ$1007,$Y11,AH$1)),"")) -> Financial | AI11: =IF(OR($Z11="",AI$5=""),"",IFERROR(IF(INDEX(Input!$B$7:$AJ$1007,$Y11,AI$1)="","",INDEX(Input!$B$7:$AJ$1007,$Y11,AI$1)),"")) -> Lysandra Wiley | AJ11: =IF(OR($Z11="",AJ$5=""),"",IFERROR(IF(INDEX(Input!$B$7:$AJ$1007,$Y11,AJ$1)="","",INDEX(Input!$B$7:$AJ$1007,$Y11,AJ$1)),"")) -> Deanna Holcomb | ... BX11: =IF(OR($Z11="",BX$5=""),"",IFERROR(IF(INDEX(Input!$B$7:$AJ$1007,$Y11,BX$1)="","",INDEX(Input!$B$7:$AJ$1007,$Y11,BX$1)),"")) | BY11: =IF(EA11="",EC11,INDEX(EA11:EC11,1,order1)&connector&INDEX(EA11:EC11,1,order2)&connector&INDEX(EA11:EC11,1,order3)) -> 11.25.2021 | BZ11: =IF(EE11="",EG11,INDEX(EE11:EG11,1,order1)&connector&INDEX(EE11:EG11,1,order2)&connector&INDEX(EE11:EG11,1,order3)) | CA11: =IF(EI11="",EK11,INDEX(EI11:EK11,1,order1)&connector&INDEX(EI11:EK11,1,order2)&connector&INDEX(EI11:EK11,1,order3)) | CB11: =IF(EM11="",EO11,INDEX(EM11:EO11,1,order1)&connector&INDEX(EM11:EO11,1,order2)&connector&INDEX(EM11:EO11,1,order3)) | CC11: =IF(EQ11="",ES11,INDEX(EQ11:ES11,1,order1)&connector&INDEX(EQ11:ES11,1,order2)&connector&INDEX(EQ11:ES11,1,order3)) | CD11: =IF(OR(AND(AA11="",AB11=""), CE11*CF11*CG11*CH11=0),"",ROW(CD11)-ROW($CD$6)) -> 5 | CE11: =IF(CE$5>0,IF(OR( IF(CE$4=1,INDEX($AA11:$BX11,1,CE$5)=CE$2, IF(CE$4=2,ISNUMBER(SEARCH(CE$2,INDEX($AA11:$BX11,1,CE$5),1)), IF(CE$4=3,IF(NOT(ISNUMBER(INDEX($AA11:$BX11,1,CE$5))),TRUE,INDEX($AA11:$BX11,1,CE$5)>CE$2), IF(CE$4=4,INDEX($AA11:$BX11,1,CE$5)<CE$2,FALSE)))),CE$2=""),1,0),1) -> 1 | CF11: =IF(CF$5>0,IF(OR( IF(CF$4=1,INDEX($AA11:$BX11,1,CF$5)=CF$2, IF(CF$4=2,ISNUMBER(SEARCH(CF$2,INDEX($AA11:$BX11,1,CF$5),1)), IF(CF$4=3,IF(NOT(ISNUMBER(INDEX($AA11:$BX11,1,CF$5))),TRUE,INDEX($AA11:$BX11,1,CF$5)>CF$2), IF(CF$4=4,INDEX($AA11:$BX11,1,CF$5)<CF$2,FALSE)))),CF$2=""),1,0),1) -> 1 | CG11: =IF(CG$5>0,IF(OR( IF(CG$4=1,INDEX($AA11:$BX11,1,CG$5)=CG$2, IF(CG$4=2,ISNUMBER(SEARCH(CG$2,INDEX($AA11:$BX11,1,CG$5),1)), IF(CG$4=3,IF(NOT(ISNUMBER(INDEX($AA11:$BX11,1,CG$5))),TRUE,INDEX($AA11:$BX11,1,CG$5)>CG$2), IF(CG$4=4,INDEX($AA11:$BX11,1,CG$5)<CG$2,FALSE)))),CG$2=""),1,0),1) -> 1 | CH11: =IF(CH$5>0,IF(OR( IF(CH$4=1,INDEX($AA11:$BX11,1,CH$5)=CH$2, IF(CH$4=2,ISNUMBER(SEARCH(CH$2,INDEX($AA11:$BX11,1,CH$5),1)), IF(CH$4=3,IF(NOT(ISNUMBER(INDEX($AA11:$BX11,1,CH$5))),TRUE,INDEX($AA11:$BX11,1,CH$5)>CH$2), IF(CH$4=4,INDEX($AA11:$BX11,1,CH$5)<CH$2,FALSE)))),CH$2=""),1,0),1) -> 1 | CJ11: =IFERROR(SMALL($Z$7:$Z$1006,Y11),"") -> 5 | CK11: =IF(CL11="","",IF(ISNUMBER(MATCH(CL11,$CL$6:CL10,0)),"",CJ11)) -> 5 | CL11: =IFERROR(INDEX($AA$7:$BX$1006,$CJ11,CL$6),"") -> Cooperative Company | CM11: =IFERROR(IF(LEN(CL11)=0,"",INDEX(CL$7:CL$1006,SMALL($CK$7:$CK$1006,Y11),1)),"") -> Joint Stock Company | CN11: =IFERROR(IF(LEN(CM11)=0,"",COUNTIF(CL$7:CL$1006,CM11)),"") -> 2 | CO11: =IFERROR(CN11+CJ11/10,"") -> 2.5 | CP11: =IFERROR(INDEX($CM$7:$CM$1006,MATCH(LARGE($CO$7:$CO$1006,ROW(CQ11)-ROW($CQ$6)),$CO$7:$CO$1006,0),1),"") -> Joint Stock Company | CQ11: =IFERROR(LARGE($CN$7:$CN$1006,ROW(CQ11)-ROW($CQ$6)),"") -> 2 | CR11: =IF(CS11="","",IF(ISNUMBER(MATCH(CS11,$CS$6:CS10,0)),"",CJ11)) -> 5 | CS11: =IFERROR(INDEX($AA$7:$BX$1006,$CJ11,CS$6),"") -> Poland | CT11: =IFERROR(IF(LEN(CS11)=0,"",INDEX(CS$7:CS$1006,SMALL($CR$7:$CR$1006,Y11),1)),"") -> Poland | CU11: =IFERROR(IF(LEN(CT11)=0,"",COUNTIF(CS$7:CS$1006,CT11)),"") -> 2 | CV11: =IF(CW11="","",IF(ISNUMBER(MATCH(CW11,$CW$6:CW10,0)),"",CJ11)) -> 5 | CW11: =IFERROR(INDEX($AA$7:$BX$1006,$CJ11,CW$6),"") -> Startup | CX11: =IFERROR(IF(LEN(CW11)=0,"",INDEX(CW$7:CW$1006,SMALL($CV$7:$CV$1006,Y11),1)),"") | CY11: =IFERROR(IF(LEN(CX11)=0,"",COUNTIF(CW$7:CW$1006,CX11)),"") | CZ11: =IFERROR(CY11+CJ11/10,"") | DA11: =IFERROR(INDEX($CX$7:$CX$1006,MATCH(LARGE($CZ$7:$CZ$1006,ROW(DB11)-ROW($DA$6)),$CZ$7:$CZ$1006,0),1),"") | DB11: =IFERROR(LARGE($CY$7:$CY$1006,ROW(DB11)-ROW($DB$6)),"") | DC11: =IF(DE11="","",IF(ISNUMBER(MATCH(DE11,$DE$6:DE10,0)),"",CJ11)) -> 5 | DD11: =IFERROR(INDEX($AA$7:$BX$1006,$CJ11,DD$6),"") -> 5804000 | DE11: =IFERROR(INDEX($AA$7:$BX$1006,$CJ11,DE$6),"") -> Poland | DF11: =IFERROR(IF(LEN(DE11)=0,"",INDEX(DE$7:DE$1006,SMALL($DC$7:$DC$1006,Y11),1)),"") -> Poland | DG11: =IFERROR(IF(LEN(DF11)=0,"",SUMIF(DE$7:DE$1006,DF11,$DD$7:$DD$1006)),"") -> 8018000 | DH11: =IFERROR(INDEX($DF$7:$DF$1006,MATCH(LARGE($DG$7:$DG$1006,ROW(DI11)-ROW($DI$6)),$DG$7:$DG$1006,0),1),"") -> UK | DI11: =IFERROR(LARGE($DG$7:$DG$1006,ROW(DI11)-ROW($DI$6)),"") -> 8034000 | DJ11: =IF(DL11="","",IF(ISNUMBER(MATCH(DL11,$DL$6:DL10,0)),"",CJ11)) | DK11: =IFERROR(INDEX($AA$7:$BX$1006,$CJ11,DK$6),"") -> 5804000 | DL11: =IFERROR(INDEX($AA$7:$BX$1006,$CJ11,DL$6),"") -> Financial | DM11: =IFERROR(IF(LEN(DL11)=0,"",INDEX(DL$7:DL$1006,SMALL($DJ$7:$DJ$1006,Y11),1)),"") -> Healthcare | DN11: =IFERROR(IF(LEN(DM11)=0,"", ROUND(AVERAGEIF(DL$7:DL$1006,DM11,$DK$7:$DK$1006),1)),"") -> 2309000 | DO11: =IFERROR(INDEX($AA$7:$BX$1006,$CJ11,DO$6),"") -> 1000 | DP11: =DP10+$DQ$6 -> 513 | DQ11: ="["&DP11&"-"&DP12&")" -> [513-635) | DR11: =COUNTIFS($DO$7:$DO$1006,">="&DP11,$DO$7:$DO$1006,"<"&DP12) -> 5 | DV11: 31 Jan 2021 | DX11: 1x3 | DY11: May | EA11: =IFERROR(IF(ISNUMBER(EA$5),DAY(INDEX($AA11:$BX11,1,EA$5)),""),"") -> 25 | EB11: =IFERROR(IF(ISNUMBER(EA$5),IF(order2="x",INDEX(months,MONTH(INDEX($AA11:$BX11,1,EA$5)),1),MONTH(INDEX($AA11:$BX11,1,EA$5))),""),"") -> 11 | EC11: =IFERROR(IF(ISNUMBER(EA$5),YEAR(INDEX($AA11:$BX11,1,EA$5)),""),"") -> 2021 | EE11: =IFERROR(IF(ISNUMBER(EE$5),DAY(INDEX($AA11:$BX11,1,EE$5)),""),"") | EF11: =IFERROR(IF(ISNUMBER(EE$5),IF(order2="x", INDEX(months,MONTH(INDEX($AA11:$BX11,1,EE$5)),1),MONTH(INDEX($AA11:$BX11,1,EE$5))),""),"") | EG11: =IFERROR(IF(ISNUMBER(EE$5),YEAR(INDEX($AA11:$BX11,1,EE$5)),""),"") | EI11: =IFERROR(IF(ISNUMBER(EI$5),DAY(INDEX($AA11:$BX11,1,EI$5)),""),"") | EJ11: =IFERROR(IF(ISNUMBER(EI$5),IF(order2="x", INDEX(months,MONTH(INDEX($AA11:$BX11,1,EI$5)),1),MONTH(INDEX($AA11:$BX11,1,EI$5))),""),"") | EK11: =IFERROR(IF(ISNUMBER(EI$5),YEAR(INDEX($AA11:$BX11,1,EI$5)),""),"") | EM11: =IFERROR(IF(ISNUMBER(EM$5),DAY(INDEX($AA11:$BX11,1,EM$5)),""),"") | EN11: =IFERROR(IF(ISNUMBER(EM$5),IF(order2="x", INDEX(months,MONTH(INDEX($AA11:$BX11,1,EM$5)),1),MONTH(INDEX($AA11:$BX11,1,EM$5))),""),"") | EO11: =IFERROR(IF(ISNUMBER(EM$5),YEAR(INDEX($AA11:$BX11,1,EM$5)),""),"") | EQ11: =IFERROR(IF(ISNUMBER(EQ$5),DAY(INDEX($AA11:$BX11,1,EQ$5)),""),"") | ER11: =IFERROR(IF(ISNUMBER(EQ$5),IF(order2="x", INDEX(months,MONTH(INDEX($AA11:$BX11,1,EQ$5)),1),MONTH(INDEX($AA11:$BX11,1,EQ$5))),""),"") | ES11: =IFERROR(IF(ISNUMBER(EQ$5),YEAR(INDEX($AA11:$BX11,1,EQ$5)),""),"")
B12: =IF(COUNTIF(INDEX(Form!$B$9:$K$83,ROW(Calc!B6),),"")<10,ROW(B14),0) -> 0 | E12: =IFERROR(INDEX($AA$6:$BX$6,1,SMALL($F$7:$F$56,ROW(E12)-ROW($E$6))),"") -> FOUNDATION DATE | F12: =IFERROR(IF(ROWS(AllInput[])-COUNTIF(INDEX(Input!$B$7:$AJ$1006,,ROW(F12)-ROW($F$6)),"")>0,ROW(F12)-ROW($F$6),""),"") -> 6 | G12: =IF(AND(COUNT(INDEX($AA$7:$BX$21,,ROW(G12)-ROW($G$6)))>0,SUM(INDEX($AA$7:$BX$21,,ROW(G12)-ROW($G$6)))>0 ),F12,"") -> 6 | I12: =IF(AA12="","",COUNTIF($AA$7:$AA$1006,AA12)) -> 1 | J12: =IFERROR(INDEX($AA$7:$AA$1006,SMALL($Z$7:$Z$1006,Y12),1),"") -> B-00007 | L12: =IF(P12="","",IF(ISNUMBER(MATCH(P12,$P$6:P11,0)),"",Y12)) -> 6 | M12: =IF(Q12="","",IF(ISNUMBER(MATCH(Q12,$Q$6:Q11,0)),"",Y12)) -> 6 | N12: =IF(R12="","",IF(ISNUMBER(MATCH(R12,$R$6:R11,0)),"",Y12)) | O12: =IF(S12="","",IF(ISNUMBER(MATCH(S12,$S$6:S11,0)),"",Y12)) -> 6 | P12: =IFERROR(IF(OR(P$5>50, Z12=""),"",INDEX($AA$7:$BX$1007,Z12,CE$5)),"") -> Automotive | Q12: =IFERROR(IF(OR(Q$5>50, Z12=""),"",INDEX($AA$7:$BX$1007,Z12,CF$5)),"") -> Brazil | R12: =IFERROR(IF(OR(R$5>50, Z12=""),"",INDEX($AA$7:$BX$1007,Z12,CG$5)),"") | S12: =IFERROR(IF(OR(S$5>50, Z12=""),"",INDEX($AA$7:$BX$1007,Z12,CH$5)),"") -> 7800 | T12: =IFERROR(IF(P12="","",INDEX(P$7:P$1006,SMALL($L$7:$L$1006,Y12),1)),"") -> Petroleum | U12: =IFERROR(IF(Q12="","",INDEX(Q$7:Q$1006,SMALL($M$7:$M$1006,Y12),1)),"") -> Brazil | V12: =IFERROR(IF(R12="","",INDEX(R$7:R$1006,SMALL($N$7:$N$1006,Y12),1)),"") | W12: =IFERROR(IF(S12="","",INDEX(S$7:S$1006,SMALL($O$7:$O$1006,Y12),1)),"") -> 7800 | Y12: 6 | Z12: =IF(OR(AA12="",AB12=""),"",Y12) -> 6 | AA12: =IFERROR(IF(LEN(INDEX(Input!$B$7:$AJ$1007,$Y12,AA$1))=0,"",INDEX(Input!$B$7:$AJ$1007,$Y12,AA$1)),"") -> B-00007 | AB12: =IFERROR(IF(LEN(INDEX(Input!$B$7:$AJ$1007,$Y12,AB$1))=0,"",INDEX(Input!$B$7:$AJ$1007,$Y12,AB$1)),"") -> Fusion Finance | AC12: =IF(OR($Z12="",AC$5=""),"",IFERROR(IF(INDEX(Input!$B$7:$AJ$1007,$Y12,AC$1)="","",INDEX(Input!$B$7:$AJ$1007,$Y12,AC$1)),"")) -> Collective Company | AD12: =IF(OR($Z12="",AD$5=""),"",IFERROR(IF(INDEX(Input!$B$7:$AJ$1007,$Y12,AD$1)="","",INDEX(Input!$B$7:$AJ$1007,$Y12,AD$1)),"")) -> Partner | AE12: =IF(OR($Z12="",AE$5=""),"",IFERROR(IF(INDEX(Input!$B$7:$AJ$1007,$Y12,AE$1)="","",INDEX(Input!$B$7:$AJ$1007,$Y12,AE$1)),"")) -> Fusion Finance - xyz | AF12: =IF(OR($Z12="",AF$5=""),"",IFERROR(IF(INDEX(Input!$B$7:$AJ$1007,$Y12,AF$1)="","",INDEX(Input!$B$7:$AJ$1007,$Y12,AF$1)),"")) -> 43794 | AG12: =IF(OR($Z12="",AG$5=""),"",IFERROR(IF(INDEX(Input!$B$7:$AJ$1007,$Y12,AG$1)="","",INDEX(Input!$B$7:$AJ$1007,$Y12,AG$1)),"")) -> Cameran Stokes | AH12: =IF(OR($Z12="",AH$5=""),"",IFERROR(IF(INDEX(Input!$B$7:$AJ$1007,$Y12,AH$1)="","",INDEX(Input!$B$7:$AJ$1007,$Y12,AH$1)),"")) -> Automotive | AI12: =IF(OR($Z12="",AI$5=""),"",IFERROR(IF(INDEX(Input!$B$7:$AJ$1007,$Y12,AI$1)="","",INDEX(Input!$B$7:$AJ$1007,$Y12,AI$1)),"")) -> Aidan Delaney | AJ12: =IF(OR($Z12="",AJ$5=""),"",IFERROR(IF(INDEX(Input!$B$7:$AJ$1007,$Y12,AJ$1)="","",INDEX(Input!$B$7:$AJ$1007,$Y12,AJ$1)),"")) -> Gage Boyd | ... BX12: =IF(OR($Z12="",BX$5=""),"",IFERROR(IF(INDEX(Input!$B$7:$AJ$1007,$Y12,BX$1)="","",INDEX(Input!$B$7:$AJ$1007,$Y12,BX$1)),"")) | BY12: =IF(EA12="",EC12,INDEX(EA12:EC12,1,order1)&connector&INDEX(EA12:EC12,1,order2)&connector&INDEX(EA12:EC12,1,order3)) -> 11.25.2019 | BZ12: =IF(EE12="",EG12,INDEX(EE12:EG12,1,order1)&connector&INDEX(EE12:EG12,1,order2)&connector&INDEX(EE12:EG12,1,order3)) | CA12: =IF(EI12="",EK12,INDEX(EI12:EK12,1,order1)&connector&INDEX(EI12:EK12,1,order2)&connector&INDEX(EI12:EK12,1,order3)) | CB12: =IF(EM12="",EO12,INDEX(EM12:EO12,1,order1)&connector&INDEX(EM12:EO12,1,order2)&connector&INDEX(EM12:EO12,1,order3)) | CC12: =IF(EQ12="",ES12,INDEX(EQ12:ES12,1,order1)&connector&INDEX(EQ12:ES12,1,order2)&connector&INDEX(EQ12:ES12,1,order3)) | CD12: =IF(OR(AND(AA12="",AB12=""), CE12*CF12*CG12*CH12=0),"",ROW(CD12)-ROW($CD$6)) | CE12: =IF(CE$5>0,IF(OR( IF(CE$4=1,INDEX($AA12:$BX12,1,CE$5)=CE$2, IF(CE$4=2,ISNUMBER(SEARCH(CE$2,INDEX($AA12:$BX12,1,CE$5),1)), IF(CE$4=3,IF(NOT(ISNUMBER(INDEX($AA12:$BX12,1,CE$5))),TRUE,INDEX($AA12:$BX12,1,CE$5)>CE$2), IF(CE$4=4,INDEX($AA12:$BX12,1,CE$5)<CE$2,FALSE)))),CE$2=""),1,0),1) -> 0 | CF12: =IF(CF$5>0,IF(OR( IF(CF$4=1,INDEX($AA12:$BX12,1,CF$5)=CF$2, IF(CF$4=2,ISNUMBER(SEARCH(CF$2,INDEX($AA12:$BX12,1,CF$5),1)), IF(CF$4=3,IF(NOT(ISNUMBER(INDEX($AA12:$BX12,1,CF$5))),TRUE,INDEX($AA12:$BX12,1,CF$5)>CF$2), IF(CF$4=4,INDEX($AA12:$BX12,1,CF$5)<CF$2,FALSE)))),CF$2=""),1,0),1) -> 1 | CG12: =IF(CG$5>0,IF(OR( IF(CG$4=1,INDEX($AA12:$BX12,1,CG$5)=CG$2, IF(CG$4=2,ISNUMBER(SEARCH(CG$2,INDEX($AA12:$BX12,1,CG$5),1)), IF(CG$4=3,IF(NOT(ISNUMBER(INDEX($AA12:$BX12,1,CG$5))),TRUE,INDEX($AA12:$BX12,1,CG$5)>CG$2), IF(CG$4=4,INDEX($AA12:$BX12,1,CG$5)<CG$2,FALSE)))),CG$2=""),1,0),1) -> 1 | CH12: =IF(CH$5>0,IF(OR( IF(CH$4=1,INDEX($AA12:$BX12,1,CH$5)=CH$2, IF(CH$4=2,ISNUMBER(SEARCH(CH$2,INDEX($AA12:$BX12,1,CH$5),1)), IF(CH$4=3,IF(NOT(ISNUMBER(INDEX($AA12:$BX12,1,CH$5))),TRUE,INDEX($AA12:$BX12,1,CH$5)>CH$2), IF(CH$4=4,INDEX($AA12:$BX12,1,CH$5)<CH$2,FALSE)))),CH$2=""),1,0),1) -> 1 | CJ12: =IFERROR(SMALL($Z$7:$Z$1006,Y12),"") -> 6 | CK12: =IF(CL12="","",IF(ISNUMBER(MATCH(CL12,$CL$6:CL11,0)),"",CJ12)) | CL12: =IFERROR(INDEX($AA$7:$BX$1006,$CJ12,CL$6),"") -> Collective Company | CM12: =IFERROR(IF(LEN(CL12)=0,"",INDEX(CL$7:CL$1006,SMALL($CK$7:$CK$1006,Y12),1)),"") | CN12: =IFERROR(IF(LEN(CM12)=0,"",COUNTIF(CL$7:CL$1006,CM12)),"") | CO12: =IFERROR(CN12+CJ12/10,"") | CP12: =IFERROR(INDEX($CM$7:$CM$1006,MATCH(LARGE($CO$7:$CO$1006,ROW(CQ12)-ROW($CQ$6)),$CO$7:$CO$1006,0),1),"") | CQ12: =IFERROR(LARGE($CN$7:$CN$1006,ROW(CQ12)-ROW($CQ$6)),"") | CR12: =IF(CS12="","",IF(ISNUMBER(MATCH(CS12,$CS$6:CS11,0)),"",CJ12)) -> 6 | CS12: =IFERROR(INDEX($AA$7:$BX$1006,$CJ12,CS$6),"") -> Brazil | CT12: =IFERROR(IF(LEN(CS12)=0,"",INDEX(CS$7:CS$1006,SMALL($CR$7:$CR$1006,Y12),1)),"") -> Brazil | CU12: =IFERROR(IF(LEN(CT12)=0,"",COUNTIF(CS$7:CS$1006,CT12)),"") -> 2 | CV12: =IF(CW12="","",IF(ISNUMBER(MATCH(CW12,$CW$6:CW11,0)),"",CJ12)) | CW12: =IFERROR(INDEX($AA$7:$BX$1006,$CJ12,CW$6),"") -> Partner | CX12: =IFERROR(IF(LEN(CW12)=0,"",INDEX(CW$7:CW$1006,SMALL($CV$7:$CV$1006,Y12),1)),"") | CY12: =IFERROR(IF(LEN(CX12)=0,"",COUNTIF(CW$7:CW$1006,CX12)),"") | CZ12: =IFERROR(CY12+CJ12/10,"") | DA12: =IFERROR(INDEX($CX$7:$CX$1006,MATCH(LARGE($CZ$7:$CZ$1006,ROW(DB12)-ROW($DA$6)),$CZ$7:$CZ$1006,0),1),"") | DB12: =IFERROR(LARGE($CY$7:$CY$1006,ROW(DB12)-ROW($DB$6)),"") | DC12: =IF(DE12="","",IF(ISNUMBER(MATCH(DE12,$DE$6:DE11,0)),"",CJ12)) -> 6 | DD12: =IFERROR(INDEX($AA$7:$BX$1006,$CJ12,DD$6),"") -> 6272000 | DE12: =IFERROR(INDEX($AA$7:$BX$1006,$CJ12,DE$6),"") -> Brazil | DF12: =IFERROR(IF(LEN(DE12)=0,"",INDEX(DE$7:DE$1006,SMALL($DC$7:$DC$1006,Y12),1)),"") -> Brazil | DG12: =IFERROR(IF(LEN(DF12)=0,"",SUMIF(DE$7:DE$1006,DF12,$DD$7:$DD$1006)),"") -> 6275000 | DH12: =IFERROR(INDEX($DF$7:$DF$1006,MATCH(LARGE($DG$7:$DG$1006,ROW(DI12)-ROW($DI$6)),$DG$7:$DG$1006,0),1),"") -> Poland | DI12: =IFERROR(LARGE($DG$7:$DG$1006,ROW(DI12)-ROW($DI$6)),"") -> 8018000 | DJ12: =IF(DL12="","",IF(ISNUMBER(MATCH(DL12,$DL$6:DL11,0)),"",CJ12)) -> 6 | DK12: =IFERROR(INDEX($AA$7:$BX$1006,$CJ12,DK$6),"") -> 6272000 | DL12: =IFERROR(INDEX($AA$7:$BX$1006,$CJ12,DL$6),"") -> Automotive | DM12: =IFERROR(IF(LEN(DL12)=0,"",INDEX(DL$7:DL$1006,SMALL($DJ$7:$DJ$1006,Y12),1)),"") -> Petroleum | DN12: =IFERROR(IF(LEN(DM12)=0,"", ROUND(AVERAGEIF(DL$7:DL$1006,DM12,$DK$7:$DK$1006),1)),"") -> 5838000 | DO12: =IFERROR(INDEX($AA$7:$BX$1006,$CJ12,DO$6),"") -> 240 | DP12: =DP11+$DQ$6 -> 635 | DQ12: ="["&DP12&"-"&DP13&")" -> [635-757) | DR12: =COUNTIFS($DO$7:$DO$1006,">="&DP12,$DO$7:$DO$1006,"<"&DP13) -> 3 | DY12: Jun | EA12: =IFERROR(IF(ISNUMBER(EA$5),DAY(INDEX($AA12:$BX12,1,EA$5)),""),"") -> 25 | EB12: =IFERROR(IF(ISNUMBER(EA$5),IF(order2="x",INDEX(months,MONTH(INDEX($AA12:$BX12,1,EA$5)),1),MONTH(INDEX($AA12:$BX12,1,EA$5))),""),"") -> 11 | EC12: =IFERROR(IF(ISNUMBER(EA$5),YEAR(INDEX($AA12:$BX12,1,EA$5)),""),"") -> 2019 | EE12: =IFERROR(IF(ISNUMBER(EE$5),DAY(INDEX($AA12:$BX12,1,EE$5)),""),"") | EF12: =IFERROR(IF(ISNUMBER(EE$5),IF(order2="x", INDEX(months,MONTH(INDEX($AA12:$BX12,1,EE$5)),1),MONTH(INDEX($AA12:$BX12,1,EE$5))),""),"") | EG12: =IFERROR(IF(ISNUMBER(EE$5),YEAR(INDEX($AA12:$BX12,1,EE$5)),""),"") | EI12: =IFERROR(IF(ISNUMBER(EI$5),DAY(INDEX($AA12:$BX12,1,EI$5)),""),"") | EJ12: =IFERROR(IF(ISNUMBER(EI$5),IF(order2="x", INDEX(months,MONTH(INDEX($AA12:$BX12,1,EI$5)),1),MONTH(INDEX($AA12:$BX12,1,EI$5))),""),"") | EK12: =IFERROR(IF(ISNUMBER(EI$5),YEAR(INDEX($AA12:$BX12,1,EI$5)),""),"") | EM12: =IFERROR(IF(ISNUMBER(EM$5),DAY(INDEX($AA12:$BX12,1,EM$5)),""),"") | EN12: =IFERROR(IF(ISNUMBER(EM$5),IF(order2="x", INDEX(months,MONTH(INDEX($AA12:$BX12,1,EM$5)),1),MONTH(INDEX($AA12:$BX12,1,EM$5))),""),"") | EO12: =IFERROR(IF(ISNUMBER(EM$5),YEAR(INDEX($AA12:$BX12,1,EM$5)),""),"") | EQ12: =IFERROR(IF(ISNUMBER(EQ$5),DAY(INDEX($AA12:$BX12,1,EQ$5)),""),"") | ER12: =IFERROR(IF(ISNUMBER(EQ$5),IF(order2="x", INDEX(months,MONTH(INDEX($AA12:$BX12,1,EQ$5)),1),MONTH(INDEX($AA12:$BX12,1,EQ$5))),""),"") | ES12: =IFERROR(IF(ISNUMBER(EQ$5),YEAR(INDEX($AA12:$BX12,1,EQ$5)),""),"")
B13: =IF(COUNTIF(INDEX(Form!$B$9:$K$83,ROW(Calc!B7),),"")<10,ROW(B15),0) -> 15 | E13: =IFERROR(INDEX($AA$6:$BX$6,1,SMALL($F$7:$F$56,ROW(E13)-ROW($E$6))),"") -> CEO | F13: =IFERROR(IF(ROWS(AllInput[])-COUNTIF(INDEX(Input!$B$7:$AJ$1006,,ROW(F13)-ROW($F$6)),"")>0,ROW(F13)-ROW($F$6),""),"") -> 7 | G13: =IF(AND(COUNT(INDEX($AA$7:$BX$21,,ROW(G13)-ROW($G$6)))>0,SUM(INDEX($AA$7:$BX$21,,ROW(G13)-ROW($G$6)))>0 ),F13,"") | I13: =IF(AA13="","",COUNTIF($AA$7:$AA$1006,AA13)) -> 1 | J13: =IFERROR(INDEX($AA$7:$AA$1006,SMALL($Z$7:$Z$1006,Y13),1),"") -> B-00008 | L13: =IF(P13="","",IF(ISNUMBER(MATCH(P13,$P$6:P12,0)),"",Y13)) | M13: =IF(Q13="","",IF(ISNUMBER(MATCH(Q13,$Q$6:Q12,0)),"",Y13)) | N13: =IF(R13="","",IF(ISNUMBER(MATCH(R13,$R$6:R12,0)),"",Y13)) | O13: =IF(S13="","",IF(ISNUMBER(MATCH(S13,$S$6:S12,0)),"",Y13)) -> 7 | P13: =IFERROR(IF(OR(P$5>50, Z13=""),"",INDEX($AA$7:$BX$1007,Z13,CE$5)),"") -> Food industry | Q13: =IFERROR(IF(OR(Q$5>50, Z13=""),"",INDEX($AA$7:$BX$1007,Z13,CF$5)),"") -> Turkey | R13: =IFERROR(IF(OR(R$5>50, Z13=""),"",INDEX($AA$7:$BX$1007,Z13,CG$5)),"") | S13: =IFERROR(IF(OR(S$5>50, Z13=""),"",INDEX($AA$7:$BX$1007,Z13,CH$5)),"") -> 28400 | T13: =IFERROR(IF(P13="","",INDEX(P$7:P$1006,SMALL($L$7:$L$1006,Y13),1)),"") -> Electronics | U13: =IFERROR(IF(Q13="","",INDEX(Q$7:Q$1006,SMALL($M$7:$M$1006,Y13),1)),"") -> Sweden | V13: =IFERROR(IF(R13="","",INDEX(R$7:R$1006,SMALL($N$7:$N$1006,Y13),1)),"") | W13: =IFERROR(IF(S13="","",INDEX(S$7:S$1006,SMALL($O$7:$O$1006,Y13),1)),"") -> 28400 | Y13: 7 | Z13: =IF(OR(AA13="",AB13=""),"",Y13) -> 7 | AA13: =IFERROR(IF(LEN(INDEX(Input!$B$7:$AJ$1007,$Y13,AA$1))=0,"",INDEX(Input!$B$7:$AJ$1007,$Y13,AA$1)),"") -> B-00008 | AB13: =IFERROR(IF(LEN(INDEX(Input!$B$7:$AJ$1007,$Y13,AB$1))=0,"",INDEX(Input!$B$7:$AJ$1007,$Y13,AB$1)),"") -> Marketingology | AC13: =IF(OR($Z13="",AC$5=""),"",IFERROR(IF(INDEX(Input!$B$7:$AJ$1007,$Y13,AC$1)="","",INDEX(Input!$B$7:$AJ$1007,$Y13,AC$1)),"")) -> Limited Liability Company | AD13: =IF(OR($Z13="",AD$5=""),"",IFERROR(IF(INDEX(Input!$B$7:$AJ$1007,$Y13,AD$1)="","",INDEX(Input!$B$7:$AJ$1007,$Y13,AD$1)),"")) -> Contractor | AE13: =IF(OR($Z13="",AE$5=""),"",IFERROR(IF(INDEX(Input!$B$7:$AJ$1007,$Y13,AE$1)="","",INDEX(Input!$B$7:$AJ$1007,$Y13,AE$1)),"")) -> Marketingology - xyz | AF13: =IF(OR($Z13="",AF$5=""),"",IFERROR(IF(INDEX(Input!$B$7:$AJ$1007,$Y13,AF$1)="","",INDEX(Input!$B$7:$AJ$1007,$Y13,AF$1)),"")) -> 29550 | AG13: =IF(OR($Z13="",AG$5=""),"",IFERROR(IF(INDEX(Input!$B$7:$AJ$1007,$Y13,AG$1)="","",INDEX(Input!$B$7:$AJ$1007,$Y13,AG$1)),"")) -> Emerald Vincent | AH13: =IF(OR($Z13="",AH$5=""),"",IFERROR(IF(INDEX(Input!$B$7:$AJ$1007,$Y13,AH$1)="","",INDEX(Input!$B$7:$AJ$1007,$Y13,AH$1)),"")) -> Food industry | AI13: =IF(OR($Z13="",AI$5=""),"",IFERROR(IF(INDEX(Input!$B$7:$AJ$1007,$Y13,AI$1)="","",INDEX(Input!$B$7:$AJ$1007,$Y13,AI$1)),"")) -> Lacota Acosta | AJ13: =IF(OR($Z13="",AJ$5=""),"",IFERROR(IF(INDEX(Input!$B$7:$AJ$1007,$Y13,AJ$1)="","",INDEX(Input!$B$7:$AJ$1007,$Y13,AJ$1)),"")) -> Nash Goodwin | ... BX13: =IF(OR($Z13="",BX$5=""),"",IFERROR(IF(INDEX(Input!$B$7:$AJ$1007,$Y13,BX$1)="","",INDEX(Input!$B$7:$AJ$1007,$Y13,BX$1)),"")) | BY13: =IF(EA13="",EC13,INDEX(EA13:EC13,1,order1)&connector&INDEX(EA13:EC13,1,order2)&connector&INDEX(EA13:EC13,1,order3)) -> 11.25.1980 | BZ13: =IF(EE13="",EG13,INDEX(EE13:EG13,1,order1)&connector&INDEX(EE13:EG13,1,order2)&connector&INDEX(EE13:EG13,1,order3)) | CA13: =IF(EI13="",EK13,INDEX(EI13:EK13,1,order1)&connector&INDEX(EI13:EK13,1,order2)&connector&INDEX(EI13:EK13,1,order3)) | CB13: =IF(EM13="",EO13,INDEX(EM13:EO13,1,order1)&connector&INDEX(EM13:EO13,1,order2)&connector&INDEX(EM13:EO13,1,order3)) | CC13: =IF(EQ13="",ES13,INDEX(EQ13:ES13,1,order1)&connector&INDEX(EQ13:ES13,1,order2)&connector&INDEX(EQ13:ES13,1,order3)) | CD13: =IF(OR(AND(AA13="",AB13=""), CE13*CF13*CG13*CH13=0),"",ROW(CD13)-ROW($CD$6)) | CE13: =IF(CE$5>0,IF(OR( IF(CE$4=1,INDEX($AA13:$BX13,1,CE$5)=CE$2, IF(CE$4=2,ISNUMBER(SEARCH(CE$2,INDEX($AA13:$BX13,1,CE$5),1)), IF(CE$4=3,IF(NOT(ISNUMBER(INDEX($AA13:$BX13,1,CE$5))),TRUE,INDEX($AA13:$BX13,1,CE$5)>CE$2), IF(CE$4=4,INDEX($AA13:$BX13,1,CE$5)<CE$2,FALSE)))),CE$2=""),1,0),1) -> 0 | CF13: =IF(CF$5>0,IF(OR( IF(CF$4=1,INDEX($AA13:$BX13,1,CF$5)=CF$2, IF(CF$4=2,ISNUMBER(SEARCH(CF$2,INDEX($AA13:$BX13,1,CF$5),1)), IF(CF$4=3,IF(NOT(ISNUMBER(INDEX($AA13:$BX13,1,CF$5))),TRUE,INDEX($AA13:$BX13,1,CF$5)>CF$2), IF(CF$4=4,INDEX($AA13:$BX13,1,CF$5)<CF$2,FALSE)))),CF$2=""),1,0),1) -> 1 | CG13: =IF(CG$5>0,IF(OR( IF(CG$4=1,INDEX($AA13:$BX13,1,CG$5)=CG$2, IF(CG$4=2,ISNUMBER(SEARCH(CG$2,INDEX($AA13:$BX13,1,CG$5),1)), IF(CG$4=3,IF(NOT(ISNUMBER(INDEX($AA13:$BX13,1,CG$5))),TRUE,INDEX($AA13:$BX13,1,CG$5)>CG$2), IF(CG$4=4,INDEX($AA13:$BX13,1,CG$5)<CG$2,FALSE)))),CG$2=""),1,0),1) -> 1 | CH13: =IF(CH$5>0,IF(OR( IF(CH$4=1,INDEX($AA13:$BX13,1,CH$5)=CH$2, IF(CH$4=2,ISNUMBER(SEARCH(CH$2,INDEX($AA13:$BX13,1,CH$5),1)), IF(CH$4=3,IF(NOT(ISNUMBER(INDEX($AA13:$BX13,1,CH$5))),TRUE,INDEX($AA13:$BX13,1,CH$5)>CH$2), IF(CH$4=4,INDEX($AA13:$BX13,1,CH$5)<CH$2,FALSE)))),CH$2=""),1,0),1) -> 1 | CJ13: =IFERROR(SMALL($Z$7:$Z$1006,Y13),"") -> 7 | CK13: =IF(CL13="","",IF(ISNUMBER(MATCH(CL13,$CL$6:CL12,0)),"",CJ13)) | CL13: =IFERROR(INDEX($AA$7:$BX$1006,$CJ13,CL$6),"") -> Limited Liability Company | CM13: =IFERROR(IF(LEN(CL13)=0,"",INDEX(CL$7:CL$1006,SMALL($CK$7:$CK$1006,Y13),1)),"") | CN13: =IFERROR(IF(LEN(CM13)=0,"",COUNTIF(CL$7:CL$1006,CM13)),"") | CO13: =IFERROR(CN13+CJ13/10,"") | CR13: =IF(CS13="","",IF(ISNUMBER(MATCH(CS13,$CS$6:CS12,0)),"",CJ13)) | CS13: =IFERROR(INDEX($AA$7:$BX$1006,$CJ13,CS$6),"") -> Turkey | CT13: =IFERROR(IF(LEN(CS13)=0,"",INDEX(CS$7:CS$1006,SMALL($CR$7:$CR$1006,Y13),1)),"") -> Sweden | CU13: =IFERROR(IF(LEN(CT13)=0,"",COUNTIF(CS$7:CS$1006,CT13)),"") -> 1 | CV13: =IF(CW13="","",IF(ISNUMBER(MATCH(CW13,$CW$6:CW12,0)),"",CJ13)) | CW13: =IFERROR(INDEX($AA$7:$BX$1006,$CJ13,CW$6),"") -> Contractor | CX13: =IFERROR(IF(LEN(CW13)=0,"",INDEX(CW$7:CW$1006,SMALL($CV$7:$CV$1006,Y13),1)),"") | CY13: =IFERROR(IF(LEN(CX13)=0,"",COUNTIF(CW$7:CW$1006,CX13)),"") | CZ13: =IFERROR(CY13+CJ13/10,"") | DC13: =IF(DE13="","",IF(ISNUMBER(MATCH(DE13,$DE$6:DE12,0)),"",CJ13)) | DD13: =IFERROR(INDEX($AA$7:$BX$1006,$CJ13,DD$6),"") -> 4548000 | DE13: =IFERROR(INDEX($AA$7:$BX$1006,$CJ13,DE$6),"") -> Turkey | DF13: =IFERROR(IF(LEN(DE13)=0,"",INDEX(DE$7:DE$1006,SMALL($DC$7:$DC$1006,Y13),1)),"") -> Sweden | DG13: =IFERROR(IF(LEN(DF13)=0,"",SUMIF(DE$7:DE$1006,DF13,$DD$7:$DD$1006)),"") -> 2225000 | DH13: =IFERROR(INDEX($DF$7:$DF$1006,MATCH(LARGE($DG$7:$DG$1006,ROW(DI13)-ROW($DI$6)),$DG$7:$DG$1006,0),1),"") -> Spain | DI13: =IFERROR(LARGE($DG$7:$DG$1006,ROW(DI13)-ROW($DI$6)),"") -> 6944000 | DJ13: =IF(DL13="","",IF(ISNUMBER(MATCH(DL13,$DL$6:DL12,0)),"",CJ13)) | DK13: =IFERROR(INDEX($AA$7:$BX$1006,$CJ13,DK$6),"") -> 4548000 | DL13: =IFERROR(INDEX($AA$7:$BX$1006,$CJ13,DL$6),"") -> Food industry | DM13: =IFERROR(IF(LEN(DL13)=0,"",INDEX(DL$7:DL$1006,SMALL($DJ$7:$DJ$1006,Y13),1)),"") -> Electronics | DN13: =IFERROR(IF(LEN(DM13)=0,"", ROUND(AVERAGEIF(DL$7:DL$1006,DM13,$DK$7:$DK$1006),1)),"") -> 2940000 | DO13: =IFERROR(INDEX($AA$7:$BX$1006,$CJ13,DO$6),"") -> 665 | DP13: =DP12+$DQ$6 -> 757 | DQ13: ="["&DP13&"-"&DP14&")" -> [757-879) | DR13: =COUNTIFS($DO$7:$DO$1006,">="&DP13,$DO$7:$DO$1006,"<"&DP14) -> 3 | DY13: Jul | EA13: =IFERROR(IF(ISNUMBER(EA$5),DAY(INDEX($AA13:$BX13,1,EA$5)),""),"") -> 25 | EB13: =IFERROR(IF(ISNUMBER(EA$5),IF(order2="x",INDEX(months,MONTH(INDEX($AA13:$BX13,1,EA$5)),1),MONTH(INDEX($AA13:$BX13,1,EA$5))),""),"") -> 11 | EC13: =IFERROR(IF(ISNUMBER(EA$5),YEAR(INDEX($AA13:$BX13,1,EA$5)),""),"") -> 1980 | EE13: =IFERROR(IF(ISNUMBER(EE$5),DAY(INDEX($AA13:$BX13,1,EE$5)),""),"") | EF13: =IFERROR(IF(ISNUMBER(EE$5),IF(order2="x", INDEX(months,MONTH(INDEX($AA13:$BX13,1,EE$5)),1),MONTH(INDEX($AA13:$BX13,1,EE$5))),""),"") | EG13: =IFERROR(IF(ISNUMBER(EE$5),YEAR(INDEX($AA13:$BX13,1,EE$5)),""),"") | EI13: =IFERROR(IF(ISNUMBER(EI$5),DAY(INDEX($AA13:$BX13,1,EI$5)),""),"") | EJ13: =IFERROR(IF(ISNUMBER(EI$5),IF(order2="x", INDEX(months,MONTH(INDEX($AA13:$BX13,1,EI$5)),1),MONTH(INDEX($AA13:$BX13,1,EI$5))),""),"") | EK13: =IFERROR(IF(ISNUMBER(EI$5),YEAR(INDEX($AA13:$BX13,1,EI$5)),""),"") | EM13: =IFERROR(IF(ISNUMBER(EM$5),DAY(INDEX($AA13:$BX13,1,EM$5)),""),"") | EN13: =IFERROR(IF(ISNUMBER(EM$5),IF(order2="x", INDEX(months,MONTH(INDEX($AA13:$BX13,1,EM$5)),1),MONTH(INDEX($AA13:$BX13,1,EM$5))),""),"") | EO13: =IFERROR(IF(ISNUMBER(EM$5),YEAR(INDEX($AA13:$BX13,1,EM$5)),""),"") | EQ13: =IFERROR(IF(ISNUMBER(EQ$5),DAY(INDEX($AA13:$BX13,1,EQ$5)),""),"") | ER13: =IFERROR(IF(ISNUMBER(EQ$5),IF(order2="x", INDEX(months,MONTH(INDEX($AA13:$BX13,1,EQ$5)),1),MONTH(INDEX($AA13:$BX13,1,EQ$5))),""),"") | ES13: =IFERROR(IF(ISNUMBER(EQ$5),YEAR(INDEX($AA13:$BX13,1,EQ$5)),""),"")
B14: =IF(COUNTIF(INDEX(Form!$B$9:$K$83,ROW(Calc!B8),),"")<10,ROW(B16),0) -> 0 | E14: =IFERROR(INDEX($AA$6:$BX$6,1,SMALL($F$7:$F$56,ROW(E14)-ROW($E$6))),"") -> INDUSTRY | F14: =IFERROR(IF(ROWS(AllInput[])-COUNTIF(INDEX(Input!$B$7:$AJ$1006,,ROW(F14)-ROW($F$6)),"")>0,ROW(F14)-ROW($F$6),""),"") -> 8 | G14: =IF(AND(COUNT(INDEX($AA$7:$BX$21,,ROW(G14)-ROW($G$6)))>0,SUM(INDEX($AA$7:$BX$21,,ROW(G14)-ROW($G$6)))>0 ),F14,"") | I14: =IF(AA14="","",COUNTIF($AA$7:$AA$1006,AA14)) -> 1 | J14: =IFERROR(INDEX($AA$7:$AA$1006,SMALL($Z$7:$Z$1006,Y14),1),"") -> B-00009 | L14: =IF(P14="","",IF(ISNUMBER(MATCH(P14,$P$6:P13,0)),"",Y14)) -> 8 | M14: =IF(Q14="","",IF(ISNUMBER(MATCH(Q14,$Q$6:Q13,0)),"",Y14)) -> 8 | N14: =IF(R14="","",IF(ISNUMBER(MATCH(R14,$R$6:R13,0)),"",Y14)) | O14: =IF(S14="","",IF(ISNUMBER(MATCH(S14,$S$6:S13,0)),"",Y14)) -> 8 | P14: =IFERROR(IF(OR(P$5>50, Z14=""),"",INDEX($AA$7:$BX$1007,Z14,CE$5)),"") -> Healthcare | Q14: =IFERROR(IF(OR(Q$5>50, Z14=""),"",INDEX($AA$7:$BX$1007,Z14,CF$5)),"") -> Sweden | R14: =IFERROR(IF(OR(R$5>50, Z14=""),"",INDEX($AA$7:$BX$1007,Z14,CG$5)),"") | S14: =IFERROR(IF(OR(S$5>50, Z14=""),"",INDEX($AA$7:$BX$1007,Z14,CH$5)),"") -> 42900 | T14: =IFERROR(IF(P14="","",INDEX(P$7:P$1006,SMALL($L$7:$L$1006,Y14),1)),"") -> Chemical | U14: =IFERROR(IF(Q14="","",INDEX(Q$7:Q$1006,SMALL($M$7:$M$1006,Y14),1)),"") -> UK | V14: =IFERROR(IF(R14="","",INDEX(R$7:R$1006,SMALL($N$7:$N$1006,Y14),1)),"") | W14: =IFERROR(IF(S14="","",INDEX(S$7:S$1006,SMALL($O$7:$O$1006,Y14),1)),"") -> 42900 | Y14: 8 | Z14: =IF(OR(AA14="",AB14=""),"",Y14) -> 8 | AA14: =IFERROR(IF(LEN(INDEX(Input!$B$7:$AJ$1007,$Y14,AA$1))=0,"",INDEX(Input!$B$7:$AJ$1007,$Y14,AA$1)),"") -> B-00009 | AB14: =IFERROR(IF(LEN(INDEX(Input!$B$7:$AJ$1007,$Y14,AB$1))=0,"",INDEX(Input!$B$7:$AJ$1007,$Y14,AB$1)),"") -> Marketingsy | AC14: =IF(OR($Z14="",AC$5=""),"",IFERROR(IF(INDEX(Input!$B$7:$AJ$1007,$Y14,AC$1)="","",INDEX(Input!$B$7:$AJ$1007,$Y14,AC$1)),"")) -> Cooperative Company | AD14: =IF(OR($Z14="",AD$5=""),"",IFERROR(IF(INDEX(Input!$B$7:$AJ$1007,$Y14,AD$1)="","",INDEX(Input!$B$7:$AJ$1007,$Y14,AD$1)),"")) -> Partner | AE14: =IF(OR($Z14="",AE$5=""),"",IFERROR(IF(INDEX(Input!$B$7:$AJ$1007,$Y14,AE$1)="","",INDEX(Input!$B$7:$AJ$1007,$Y14,AE$1)),"")) -> Marketingsy - xyz | AF14: =IF(OR($Z14="",AF$5=""),"",IFERROR(IF(INDEX(Input!$B$7:$AJ$1007,$Y14,AF$1)="","",INDEX(Input!$B$7:$AJ$1007,$Y14,AF$1)),"")) -> 42333 | AG14: =IF(OR($Z14="",AG$5=""),"",IFERROR(IF(INDEX(Input!$B$7:$AJ$1007,$Y14,AG$1)="","",INDEX(Input!$B$7:$AJ$1007,$Y14,AG$1)),"")) -> Gwendolyn Carson | AH14: =IF(OR($Z14="",AH$5=""),"",IFERROR(IF(INDEX(Input!$B$7:$AJ$1007,$Y14,AH$1)="","",INDEX(Input!$B$7:$AJ$1007,$Y14,AH$1)),"")) -> Healthcare | AI14: =IF(OR($Z14="",AI$5=""),"",IFERROR(IF(INDEX(Input!$B$7:$AJ$1007,$Y14,AI$1)="","",INDEX(Input!$B$7:$AJ$1007,$Y14,AI$1)),"")) -> Luke Nielsen | AJ14: =IF(OR($Z14="",AJ$5=""),"",IFERROR(IF(INDEX(Input!$B$7:$AJ$1007,$Y14,AJ$1)="","",INDEX(Input!$B$7:$AJ$1007,$Y14,AJ$1)),"")) -> Hayley Leblanc | ... BX14: =IF(OR($Z14="",BX$5=""),"",IFERROR(IF(INDEX(Input!$B$7:$AJ$1007,$Y14,BX$1)="","",INDEX(Input!$B$7:$AJ$1007,$Y14,BX$1)),"")) | BY14: =IF(EA14="",EC14,INDEX(EA14:EC14,1,order1)&connector&INDEX(EA14:EC14,1,order2)&connector&INDEX(EA14:EC14,1,order3)) -> 11.25.2015 | BZ14: =IF(EE14="",EG14,INDEX(EE14:EG14,1,order1)&connector&INDEX(EE14:EG14,1,order2)&connector&INDEX(EE14:EG14,1,order3)) | CA14: =IF(EI14="",EK14,INDEX(EI14:EK14,1,order1)&connector&INDEX(EI14:EK14,1,order2)&connector&INDEX(EI14:EK14,1,order3)) | CB14: =IF(EM14="",EO14,INDEX(EM14:EO14,1,order1)&connector&INDEX(EM14:EO14,1,order2)&connector&INDEX(EM14:EO14,1,order3)) | CC14: =IF(EQ14="",ES14,INDEX(EQ14:ES14,1,order1)&connector&INDEX(EQ14:ES14,1,order2)&connector&INDEX(EQ14:ES14,1,order3)) | CD14: =IF(OR(AND(AA14="",AB14=""), CE14*CF14*CG14*CH14=0),"",ROW(CD14)-ROW($CD$6)) | CE14: =IF(CE$5>0,IF(OR( IF(CE$4=1,INDEX($AA14:$BX14,1,CE$5)=CE$2, IF(CE$4=2,ISNUMBER(SEARCH(CE$2,INDEX($AA14:$BX14,1,CE$5),1)), IF(CE$4=3,IF(NOT(ISNUMBER(INDEX($AA14:$BX14,1,CE$5))),TRUE,INDEX($AA14:$BX14,1,CE$5)>CE$2), IF(CE$4=4,INDEX($AA14:$BX14,1,CE$5)<CE$2,FALSE)))),CE$2=""),1,0),1) -> 0 | CF14: =IF(CF$5>0,IF(OR( IF(CF$4=1,INDEX($AA14:$BX14,1,CF$5)=CF$2, IF(CF$4=2,ISNUMBER(SEARCH(CF$2,INDEX($AA14:$BX14,1,CF$5),1)), IF(CF$4=3,IF(NOT(ISNUMBER(INDEX($AA14:$BX14,1,CF$5))),TRUE,INDEX($AA14:$BX14,1,CF$5)>CF$2), IF(CF$4=4,INDEX($AA14:$BX14,1,CF$5)<CF$2,FALSE)))),CF$2=""),1,0),1) -> 1 | CG14: =IF(CG$5>0,IF(OR( IF(CG$4=1,INDEX($AA14:$BX14,1,CG$5)=CG$2, IF(CG$4=2,ISNUMBER(SEARCH(CG$2,INDEX($AA14:$BX14,1,CG$5),1)), IF(CG$4=3,IF(NOT(ISNUMBER(INDEX($AA14:$BX14,1,CG$5))),TRUE,INDEX($AA14:$BX14,1,CG$5)>CG$2), IF(CG$4=4,INDEX($AA14:$BX14,1,CG$5)<CG$2,FALSE)))),CG$2=""),1,0),1) -> 1 | CH14: =IF(CH$5>0,IF(OR( IF(CH$4=1,INDEX($AA14:$BX14,1,CH$5)=CH$2, IF(CH$4=2,ISNUMBER(SEARCH(CH$2,INDEX($AA14:$BX14,1,CH$5),1)), IF(CH$4=3,IF(NOT(ISNUMBER(INDEX($AA14:$BX14,1,CH$5))),TRUE,INDEX($AA14:$BX14,1,CH$5)>CH$2), IF(CH$4=4,INDEX($AA14:$BX14,1,CH$5)<CH$2,FALSE)))),CH$2=""),1,0),1) -> 1 | CJ14: =IFERROR(SMALL($Z$7:$Z$1006,Y14),"") -> 8 | CK14: =IF(CL14="","",IF(ISNUMBER(MATCH(CL14,$CL$6:CL13,0)),"",CJ14)) | CL14: =IFERROR(INDEX($AA$7:$BX$1006,$CJ14,CL$6),"") -> Cooperative Company | CM14: =IFERROR(IF(LEN(CL14)=0,"",INDEX(CL$7:CL$1006,SMALL($CK$7:$CK$1006,Y14),1)),"") | CN14: =IFERROR(IF(LEN(CM14)=0,"",COUNTIF(CL$7:CL$1006,CM14)),"") | CO14: =IFERROR(CN14+CJ14/10,"") | CR14: =IF(CS14="","",IF(ISNUMBER(MATCH(CS14,$CS$6:CS13,0)),"",CJ14)) -> 8 | CS14: =IFERROR(INDEX($AA$7:$BX$1006,$CJ14,CS$6),"") -> Sweden | CT14: =IFERROR(IF(LEN(CS14)=0,"",INDEX(CS$7:CS$1006,SMALL($CR$7:$CR$1006,Y14),1)),"") -> UK | CU14: =IFERROR(IF(LEN(CT14)=0,"",COUNTIF(CS$7:CS$1006,CT14)),"") -> 1 | CV14: =IF(CW14="","",IF(ISNUMBER(MATCH(CW14,$CW$6:CW13,0)),"",CJ14)) | CW14: =IFERROR(INDEX($AA$7:$BX$1006,$CJ14,CW$6),"") -> Partner | CX14: =IFERROR(IF(LEN(CW14)=0,"",INDEX(CW$7:CW$1006,SMALL($CV$7:$CV$1006,Y14),1)),"") | CY14: =IFERROR(IF(LEN(CX14)=0,"",COUNTIF(CW$7:CW$1006,CX14)),"") | CZ14: =IFERROR(CY14+CJ14/10,"") | DC14: =IF(DE14="","",IF(ISNUMBER(MATCH(DE14,$DE$6:DE13,0)),"",CJ14)) -> 8 | DD14: =IFERROR(INDEX($AA$7:$BX$1006,$CJ14,DD$6),"") -> 2225000 | DE14: =IFERROR(INDEX($AA$7:$BX$1006,$CJ14,DE$6),"") -> Sweden | DF14: =IFERROR(IF(LEN(DE14)=0,"",INDEX(DE$7:DE$1006,SMALL($DC$7:$DC$1006,Y14),1)),"") -> UK | DG14: =IFERROR(IF(LEN(DF14)=0,"",SUMIF(DE$7:DE$1006,DF14,$DD$7:$DD$1006)),"") -> 8034000 | DH14: =IFERROR(INDEX($DF$7:$DF$1006,MATCH(LARGE($DG$7:$DG$1006,ROW(DI14)-ROW($DI$6)),$DG$7:$DG$1006,0),1),"") -> Argentina | DI14: =IFERROR(LARGE($DG$7:$DG$1006,ROW(DI14)-ROW($DI$6)),"") -> 6356000 | DJ14: =IF(DL14="","",IF(ISNUMBER(MATCH(DL14,$DL$6:DL13,0)),"",CJ14)) -> 8 | DK14: =IFERROR(INDEX($AA$7:$BX$1006,$CJ14,DK$6),"") -> 2225000 | DL14: =IFERROR(INDEX($AA$7:$BX$1006,$CJ14,DL$6),"") -> Healthcare | DM14: =IFERROR(IF(LEN(DL14)=0,"",INDEX(DL$7:DL$1006,SMALL($DJ$7:$DJ$1006,Y14),1)),"") -> Chemical | DN14: =IFERROR(IF(LEN(DM14)=0,"", ROUND(AVERAGEIF(DL$7:DL$1006,DM14,$DK$7:$DK$1006),1)),"") -> 4483000 | DO14: =IFERROR(INDEX($AA$7:$BX$1006,$CJ14,DO$6),"") -> 815 | DP14: =DP13+$DQ$6 -> 879 | DQ14: ="["&DP14&"-"&DP15&"]" -> [879-1000] | DR14: =COUNTIFS($DO$7:$DO$1006,">="&DP14,$DO$7:$DO$1006,"<="&DP15) -> 3 | DY14: Aug | EA14: =IFERROR(IF(ISNUMBER(EA$5),DAY(INDEX($AA14:$BX14,1,EA$5)),""),"") -> 25 | EB14: =IFERROR(IF(ISNUMBER(EA$5),IF(order2="x",INDEX(months,MONTH(INDEX($AA14:$BX14,1,EA$5)),1),MONTH(INDEX($AA14:$BX14,1,EA$5))),""),"") -> 11 | EC14: =IFERROR(IF(ISNUMBER(EA$5),YEAR(INDEX($AA14:$BX14,1,EA$5)),""),"") -> 2015 | EE14: =IFERROR(IF(ISNUMBER(EE$5),DAY(INDEX($AA14:$BX14,1,EE$5)),""),"") | EF14: =IFERROR(IF(ISNUMBER(EE$5),IF(order2="x", INDEX(months,MONTH(INDEX($AA14:$BX14,1,EE$5)),1),MONTH(INDEX($AA14:$BX14,1,EE$5))),""),"") | EG14: =IFERROR(IF(ISNUMBER(EE$5),YEAR(INDEX($AA14:$BX14,1,EE$5)),""),"") | EI14: =IFERROR(IF(ISNUMBER(EI$5),DAY(INDEX($AA14:$BX14,1,EI$5)),""),"") | EJ14: =IFERROR(IF(ISNUMBER(EI$5),IF(order2="x", INDEX(months,MONTH(INDEX($AA14:$BX14,1,EI$5)),1),MONTH(INDEX($AA14:$BX14,1,EI$5))),""),"") | EK14: =IFERROR(IF(ISNUMBER(EI$5),YEAR(INDEX($AA14:$BX14,1,EI$5)),""),"") | EM14: =IFERROR(IF(ISNUMBER(EM$5),DAY(INDEX($AA14:$BX14,1,EM$5)),""),"") | EN14: =IFERROR(IF(ISNUMBER(EM$5),IF(order2="x", INDEX(months,MONTH(INDEX($AA14:$BX14,1,EM$5)),1),MONTH(INDEX($AA14:$BX14,1,EM$5))),""),"") | EO14: =IFERROR(IF(ISNUMBER(EM$5),YEAR(INDEX($AA14:$BX14,1,EM$5)),""),"") | EQ14: =IFERROR(IF(ISNUMBER(EQ$5),DAY(INDEX($AA14:$BX14,1,EQ$5)),""),"") | ER14: =IFERROR(IF(ISNUMBER(EQ$5),IF(order2="x", INDEX(months,MONTH(INDEX($AA14:$BX14,1,EQ$5)),1),MONTH(INDEX($AA14:$BX14,1,EQ$5))),""),"") | ES14: =IFERROR(IF(ISNUMBER(EQ$5),YEAR(INDEX($AA14:$BX14,1,EQ$5)),""),"")
B15: =IF(COUNTIF(INDEX(Form!$B$9:$K$83,ROW(Calc!B9),),"")<10,ROW(B17),0) -> 17 | E15: =IFERROR(INDEX($AA$6:$BX$6,1,SMALL($F$7:$F$56,ROW(E15)-ROW($E$6))),"") -> HR CONTACT | F15: =IFERROR(IF(ROWS(AllInput[])-COUNTIF(INDEX(Input!$B$7:$AJ$1006,,ROW(F15)-ROW($F$6)),"")>0,ROW(F15)-ROW($F$6),""),"") -> 9 | G15: =IF(AND(COUNT(INDEX($AA$7:$BX$21,,ROW(G15)-ROW($G$6)))>0,SUM(INDEX($AA$7:$BX$21,,ROW(G15)-ROW($G$6)))>0 ),F15,"") | I15: =IF(AA15="","",COUNTIF($AA$7:$AA$1006,AA15)) -> 1 | J15: =IFERROR(INDEX($AA$7:$AA$1006,SMALL($Z$7:$Z$1006,Y15),1),"") -> B-00010 | L15: =IF(P15="","",IF(ISNUMBER(MATCH(P15,$P$6:P14,0)),"",Y15)) | M15: =IF(Q15="","",IF(ISNUMBER(MATCH(Q15,$Q$6:Q14,0)),"",Y15)) -> 9 | N15: =IF(R15="","",IF(ISNUMBER(MATCH(R15,$R$6:R14,0)),"",Y15)) | O15: =IF(S15="","",IF(ISNUMBER(MATCH(S15,$S$6:S14,0)),"",Y15)) -> 9 | P15: =IFERROR(IF(OR(P$5>50, Z15=""),"",INDEX($AA$7:$BX$1007,Z15,CE$5)),"") -> Financial | Q15: =IFERROR(IF(OR(Q$5>50, Z15=""),"",INDEX($AA$7:$BX$1007,Z15,CF$5)),"") -> UK | R15: =IFERROR(IF(OR(R$5>50, Z15=""),"",INDEX($AA$7:$BX$1007,Z15,CG$5)),"") | S15: =IFERROR(IF(OR(S$5>50, Z15=""),"",INDEX($AA$7:$BX$1007,Z15,CH$5)),"") -> 93000 | T15: =IFERROR(IF(P15="","",INDEX(P$7:P$1006,SMALL($L$7:$L$1006,Y15),1)),"") -> Manufacturing | U15: =IFERROR(IF(Q15="","",INDEX(Q$7:Q$1006,SMALL($M$7:$M$1006,Y15),1)),"") -> Chile | V15: =IFERROR(IF(R15="","",INDEX(R$7:R$1006,SMALL($N$7:$N$1006,Y15),1)),"") | W15: =IFERROR(IF(S15="","",INDEX(S$7:S$1006,SMALL($O$7:$O$1006,Y15),1)),"") -> 93000 | Y15: 9 | Z15: =IF(OR(AA15="",AB15=""),"",Y15) -> 9 | AA15: =IFERROR(IF(LEN(INDEX(Input!$B$7:$AJ$1007,$Y15,AA$1))=0,"",INDEX(Input!$B$7:$AJ$1007,$Y15,AA$1)),"") -> B-00010 | AB15: =IFERROR(IF(LEN(INDEX(Input!$B$7:$AJ$1007,$Y15,AB$1))=0,"",INDEX(Input!$B$7:$AJ$1007,$Y15,AB$1)),"") -> Electric Logistics | AC15: =IF(OR($Z15="",AC$5=""),"",IFERROR(IF(INDEX(Input!$B$7:$AJ$1007,$Y15,AC$1)="","",INDEX(Input!$B$7:$AJ$1007,$Y15,AC$1)),"")) -> Cooperative Company | AD15: =IF(OR($Z15="",AD$5=""),"",IFERROR(IF(INDEX(Input!$B$7:$AJ$1007,$Y15,AD$1)="","",INDEX(Input!$B$7:$AJ$1007,$Y15,AD$1)),"")) -> Corporation | AE15: =IF(OR($Z15="",AE$5=""),"",IFERROR(IF(INDEX(Input!$B$7:$AJ$1007,$Y15,AE$1)="","",INDEX(Input!$B$7:$AJ$1007,$Y15,AE$1)),"")) -> Electric Logistics - xyz | AF15: =IF(OR($Z15="",AF$5=""),"",IFERROR(IF(INDEX(Input!$B$7:$AJ$1007,$Y15,AF$1)="","",INDEX(Input!$B$7:$AJ$1007,$Y15,AF$1)),"")) -> 31192 | AG15: =IF(OR($Z15="",AG$5=""),"",IFERROR(IF(INDEX(Input!$B$7:$AJ$1007,$Y15,AG$1)="","",INDEX(Input!$B$7:$AJ$1007,$Y15,AG$1)),"")) -> Marsden Melendez | AH15: =IF(OR($Z15="",AH$5=""),"",IFERROR(IF(INDEX(Input!$B$7:$AJ$1007,$Y15,AH$1)="","",INDEX(Input!$B$7:$AJ$1007,$Y15,AH$1)),"")) -> Financial | AI15: =IF(OR($Z15="",AI$5=""),"",IFERROR(IF(INDEX(Input!$B$7:$AJ$1007,$Y15,AI$1)="","",INDEX(Input!$B$7:$AJ$1007,$Y15,AI$1)),"")) -> Anthony Hull | AJ15: =IF(OR($Z15="",AJ$5=""),"",IFERROR(IF(INDEX(Input!$B$7:$AJ$1007,$Y15,AJ$1)="","",INDEX(Input!$B$7:$AJ$1007,$Y15,AJ$1)),"")) -> Barbara Nash | ... BX15: =IF(OR($Z15="",BX$5=""),"",IFERROR(IF(INDEX(Input!$B$7:$AJ$1007,$Y15,BX$1)="","",INDEX(Input!$B$7:$AJ$1007,$Y15,BX$1)),"")) | BY15: =IF(EA15="",EC15,INDEX(EA15:EC15,1,order1)&connector&INDEX(EA15:EC15,1,order2)&connector&INDEX(EA15:EC15,1,order3)) -> 5.25.1985 | BZ15: =IF(EE15="",EG15,INDEX(EE15:EG15,1,order1)&connector&INDEX(EE15:EG15,1,order2)&connector&INDEX(EE15:EG15,1,order3)) | CA15: =IF(EI15="",EK15,INDEX(EI15:EK15,1,order1)&connector&INDEX(EI15:EK15,1,order2)&connector&INDEX(EI15:EK15,1,order3)) | CB15: =IF(EM15="",EO15,INDEX(EM15:EO15,1,order1)&connector&INDEX(EM15:EO15,1,order2)&connector&INDEX(EM15:EO15,1,order3)) | CC15: =IF(EQ15="",ES15,INDEX(EQ15:ES15,1,order1)&connector&INDEX(EQ15:ES15,1,order2)&connector&INDEX(EQ15:ES15,1,order3)) | CD15: =IF(OR(AND(AA15="",AB15=""), CE15*CF15*CG15*CH15=0),"",ROW(CD15)-ROW($CD$6)) -> 9 | CE15: =IF(CE$5>0,IF(OR( IF(CE$4=1,INDEX($AA15:$BX15,1,CE$5)=CE$2, IF(CE$4=2,ISNUMBER(SEARCH(CE$2,INDEX($AA15:$BX15,1,CE$5),1)), IF(CE$4=3,IF(NOT(ISNUMBER(INDEX($AA15:$BX15,1,CE$5))),TRUE,INDEX($AA15:$BX15,1,CE$5)>CE$2), IF(CE$4=4,INDEX($AA15:$BX15,1,CE$5)<CE$2,FALSE)))),CE$2=""),1,0),1) -> 1 | CF15: =IF(CF$5>0,IF(OR( IF(CF$4=1,INDEX($AA15:$BX15,1,CF$5)=CF$2, IF(CF$4=2,ISNUMBER(SEARCH(CF$2,INDEX($AA15:$BX15,1,CF$5),1)), IF(CF$4=3,IF(NOT(ISNUMBER(INDEX($AA15:$BX15,1,CF$5))),TRUE,INDEX($AA15:$BX15,1,CF$5)>CF$2), IF(CF$4=4,INDEX($AA15:$BX15,1,CF$5)<CF$2,FALSE)))),CF$2=""),1,0),1) -> 1 | CG15: =IF(CG$5>0,IF(OR( IF(CG$4=1,INDEX($AA15:$BX15,1,CG$5)=CG$2, IF(CG$4=2,ISNUMBER(SEARCH(CG$2,INDEX($AA15:$BX15,1,CG$5),1)), IF(CG$4=3,IF(NOT(ISNUMBER(INDEX($AA15:$BX15,1,CG$5))),TRUE,INDEX($AA15:$BX15,1,CG$5)>CG$2), IF(CG$4=4,INDEX($AA15:$BX15,1,CG$5)<CG$2,FALSE)))),CG$2=""),1,0),1) -> 1 | CH15: =IF(CH$5>0,IF(OR( IF(CH$4=1,INDEX($AA15:$BX15,1,CH$5)=CH$2, IF(CH$4=2,ISNUMBER(SEARCH(CH$2,INDEX($AA15:$BX15,1,CH$5),1)), IF(CH$4=3,IF(NOT(ISNUMBER(INDEX($AA15:$BX15,1,CH$5))),TRUE,INDEX($AA15:$BX15,1,CH$5)>CH$2), IF(CH$4=4,INDEX($AA15:$BX15,1,CH$5)<CH$2,FALSE)))),CH$2=""),1,0),1) -> 1 | CJ15: =IFERROR(SMALL($Z$7:$Z$1006,Y15),"") -> 9 | CK15: =IF(CL15="","",IF(ISNUMBER(MATCH(CL15,$CL$6:CL14,0)),"",CJ15)) | CL15: =IFERROR(INDEX($AA$7:$BX$1006,$CJ15,CL$6),"") -> Cooperative Company | CM15: =IFERROR(IF(LEN(CL15)=0,"",INDEX(CL$7:CL$1006,SMALL($CK$7:$CK$1006,Y15),1)),"") | CN15: =IFERROR(IF(LEN(CM15)=0,"",COUNTIF(CL$7:CL$1006,CM15)),"") | CO15: =IFERROR(CN15+CJ15/10,"") | CR15: =IF(CS15="","",IF(ISNUMBER(MATCH(CS15,$CS$6:CS14,0)),"",CJ15)) -> 9 | CS15: =IFERROR(INDEX($AA$7:$BX$1006,$CJ15,CS$6),"") -> UK | CT15: =IFERROR(IF(LEN(CS15)=0,"",INDEX(CS$7:CS$1006,SMALL($CR$7:$CR$1006,Y15),1)),"") -> Chile | CU15: =IFERROR(IF(LEN(CT15)=0,"",COUNTIF(CS$7:CS$1006,CT15)),"") -> 2 | CV15: =IF(CW15="","",IF(ISNUMBER(MATCH(CW15,$CW$6:CW14,0)),"",CJ15)) | CW15: =IFERROR(INDEX($AA$7:$BX$1006,$CJ15,CW$6),"") -> Corporation | CX15: =IFERROR(IF(LEN(CW15)=0,"",INDEX(CW$7:CW$1006,SMALL($CV$7:$CV$1006,Y15),1)),"") | CY15: =IFERROR(IF(LEN(CX15)=0,"",COUNTIF(CW$7:CW$1006,CX15)),"") | CZ15: =IFERROR(CY15+CJ15/10,"") | DC15: =IF(DE15="","",IF(ISNUMBER(MATCH(DE15,$DE$6:DE14,0)),"",CJ15)) -> 9 | DD15: =IFERROR(INDEX($AA$7:$BX$1006,$CJ15,DD$6),"") -> 8034000 | DE15: =IFERROR(INDEX($AA$7:$BX$1006,$CJ15,DE$6),"") -> UK | DF15: =IFERROR(IF(LEN(DE15)=0,"",INDEX(DE$7:DE$1006,SMALL($DC$7:$DC$1006,Y15),1)),"") -> Chile | DG15: =IFERROR(IF(LEN(DF15)=0,"",SUMIF(DE$7:DE$1006,DF15,$DD$7:$DD$1006)),"") -> 6146000 | DH15: =IFERROR(INDEX($DF$7:$DF$1006,MATCH(LARGE($DG$7:$DG$1006,ROW(DI15)-ROW($DI$6)),$DG$7:$DG$1006,0),1),"") -> Brazil | DI15: =IFERROR(LARGE($DG$7:$DG$1006,ROW(DI15)-ROW($DI$6)),"") -> 6275000 | DJ15: =IF(DL15="","",IF(ISNUMBER(MATCH(DL15,$DL$6:DL14,0)),"",CJ15)) | DK15: =IFERROR(INDEX($AA$7:$BX$1006,$CJ15,DK$6),"") -> 8034000 | DL15: =IFERROR(INDEX($AA$7:$BX$1006,$CJ15,DL$6),"") -> Financial | DM15: =IFERROR(IF(LEN(DL15)=0,"",INDEX(DL$7:DL$1006,SMALL($DJ$7:$DJ$1006,Y15),1)),"") -> Manufacturing | DN15: =IFERROR(IF(LEN(DM15)=0,"", ROUND(AVERAGEIF(DL$7:DL$1006,DM15,$DK$7:$DK$1006),1)),"") -> 4759000 | DO15: =IFERROR(INDEX($AA$7:$BX$1006,$CJ15,DO$6),"") -> 905 | DP15: =MAX(DO7:DO1006) -> 1000 | DT15: Print area | DU15: Input | DV15: Output | DY15: Sep | EA15: =IFERROR(IF(ISNUMBER(EA$5),DAY(INDEX($AA15:$BX15,1,EA$5)),""),"") -> 25 | EB15: =IFERROR(IF(ISNUMBER(EA$5),IF(order2="x",INDEX(months,MONTH(INDEX($AA15:$BX15,1,EA$5)),1),MONTH(INDEX($AA15:$BX15,1,EA$5))),""),"") -> 5 | EC15: =IFERROR(IF(ISNUMBER(EA$5),YEAR(INDEX($AA15:$BX15,1,EA$5)),""),"") -> 1985 | EE15: =IFERROR(IF(ISNUMBER(EE$5),DAY(INDEX($AA15:$BX15,1,EE$5)),""),"") | EF15: =IFERROR(IF(ISNUMBER(EE$5),IF(order2="x", INDEX(months,MONTH(INDEX($AA15:$BX15,1,EE$5)),1),MONTH(INDEX($AA15:$BX15,1,EE$5))),""),"") | EG15: =IFERROR(IF(ISNUMBER(EE$5),YEAR(INDEX($AA15:$BX15,1,EE$5)),""),"") | EI15: =IFERROR(IF(ISNUMBER(EI$5),DAY(INDEX($AA15:$BX15,1,EI$5)),""),"") | EJ15: =IFERROR(IF(ISNUMBER(EI$5),IF(order2="x", INDEX(months,MONTH(INDEX($AA15:$BX15,1,EI$5)),1),MONTH(INDEX($AA15:$BX15,1,EI$5))),""),"") | EK15: =IFERROR(IF(ISNUMBER(EI$5),YEAR(INDEX($AA15:$BX15,1,EI$5)),""),"") | EM15: =IFERROR(IF(ISNUMBER(EM$5),DAY(INDEX($AA15:$BX15,1,EM$5)),""),"") | EN15: =IFERROR(IF(ISNUMBER(EM$5),IF(order2="x", INDEX(months,MONTH(INDEX($AA15:$BX15,1,EM$5)),1),MONTH(INDEX($AA15:$BX15,1,EM$5))),""),"") | EO15: =IFERROR(IF(ISNUMBER(EM$5),YEAR(INDEX($AA15:$BX15,1,EM$5)),""),"") | EQ15: =IFERROR(IF(ISNUMBER(EQ$5),DAY(INDEX($AA15:$BX15,1,EQ$5)),""),"") | ER15: =IFERROR(IF(ISNUMBER(EQ$5),IF(order2="x", INDEX(months,MONTH(INDEX($AA15:$BX15,1,EQ$5)),1),MONTH(INDEX($AA15:$BX15,1,EQ$5))),""),"") | ES15: =IFERROR(IF(ISNUMBER(EQ$5),YEAR(INDEX($AA15:$BX15,1,EQ$5)),""),"")
B16: =IF(COUNTIF(INDEX(Form!$B$9:$K$83,ROW(Calc!B10),),"")<10,ROW(B18),0) -> 0 | E16: =IFERROR(INDEX($AA$6:$BX$6,1,SMALL($F$7:$F$56,ROW(E16)-ROW($E$6))),"") -> CONTACT PERSON | F16: =IFERROR(IF(ROWS(AllInput[])-COUNTIF(INDEX(Input!$B$7:$AJ$1006,,ROW(F16)-ROW($F$6)),"")>0,ROW(F16)-ROW($F$6),""),"") -> 10 | G16: =IF(AND(COUNT(INDEX($AA$7:$BX$21,,ROW(G16)-ROW($G$6)))>0,SUM(INDEX($AA$7:$BX$21,,ROW(G16)-ROW($G$6)))>0 ),F16,"") | I16: =IF(AA16="","",COUNTIF($AA$7:$AA$1006,AA16)) -> 1 | J16: =IFERROR(INDEX($AA$7:$AA$1006,SMALL($Z$7:$Z$1006,Y16),1),"") -> B-00011 | L16: =IF(P16="","",IF(ISNUMBER(MATCH(P16,$P$6:P15,0)),"",Y16)) | M16: =IF(Q16="","",IF(ISNUMBER(MATCH(Q16,$Q$6:Q15,0)),"",Y16)) | N16: =IF(R16="","",IF(ISNUMBER(MATCH(R16,$R$6:R15,0)),"",Y16)) | O16: =IF(S16="","",IF(ISNUMBER(MATCH(S16,$S$6:S15,0)),"",Y16)) -> 10 | P16: =IFERROR(IF(OR(P$5>50, Z16=""),"",INDEX($AA$7:$BX$1007,Z16,CE$5)),"") -> Textile | Q16: =IFERROR(IF(OR(Q$5>50, Z16=""),"",INDEX($AA$7:$BX$1007,Z16,CF$5)),"") -> Poland | R16: =IFERROR(IF(OR(R$5>50, Z16=""),"",INDEX($AA$7:$BX$1007,Z16,CG$5)),"") | S16: =IFERROR(IF(OR(S$5>50, Z16=""),"",INDEX($AA$7:$BX$1007,Z16,CH$5)),"") -> 41800 | T16: =IFERROR(IF(P16="","",INDEX(P$7:P$1006,SMALL($L$7:$L$1006,Y16),1)),"") -> Agriculture | U16: =IFERROR(IF(Q16="","",INDEX(Q$7:Q$1006,SMALL($M$7:$M$1006,Y16),1)),"") -> Germany | V16: =IFERROR(IF(R16="","",INDEX(R$7:R$1006,SMALL($N$7:$N$1006,Y16),1)),"") | W16: =IFERROR(IF(S16="","",INDEX(S$7:S$1006,SMALL($O$7:$O$1006,Y16),1)),"") -> 41800 | Y16: 10 | Z16: =IF(OR(AA16="",AB16=""),"",Y16) -> 10 | AA16: =IFERROR(IF(LEN(INDEX(Input!$B$7:$AJ$1007,$Y16,AA$1))=0,"",INDEX(Input!$B$7:$AJ$1007,$Y16,AA$1)),"") -> B-00011 | AB16: =IFERROR(IF(LEN(INDEX(Input!$B$7:$AJ$1007,$Y16,AB$1))=0,"",INDEX(Input!$B$7:$AJ$1007,$Y16,AB$1)),"") -> Financenest | AC16: =IF(OR($Z16="",AC$5=""),"",IFERROR(IF(INDEX(Input!$B$7:$AJ$1007,$Y16,AC$1)="","",INDEX(Input!$B$7:$AJ$1007,$Y16,AC$1)),"")) -> Cooperative Company | AD16: =IF(OR($Z16="",AD$5=""),"",IFERROR(IF(INDEX(Input!$B$7:$AJ$1007,$Y16,AD$1)="","",INDEX(Input!$B$7:$AJ$1007,$Y16,AD$1)),"")) -> Startup | AE16: =IF(OR($Z16="",AE$5=""),"",IFERROR(IF(INDEX(Input!$B$7:$AJ$1007,$Y16,AE$1)="","",INDEX(Input!$B$7:$AJ$1007,$Y16,AE$1)),"")) -> Financenest - xyz | AF16: =IF(OR($Z16="",AF$5=""),"",IFERROR(IF(INDEX(Input!$B$7:$AJ$1007,$Y16,AF$1)="","",INDEX(Input!$B$7:$AJ$1007,$Y16,AF$1)),"")) -> 32629 | AG16: =IF(OR($Z16="",AG$5=""),"",IFERROR(IF(INDEX(Input!$B$7:$AJ$1007,$Y16,AG$1)="","",INDEX(Input!$B$7:$AJ$1007,$Y16,AG$1)),"")) -> Lani Robertson | AH16: =IF(OR($Z16="",AH$5=""),"",IFERROR(IF(INDEX(Input!$B$7:$AJ$1007,$Y16,AH$1)="","",INDEX(Input!$B$7:$AJ$1007,$Y16,AH$1)),"")) -> Textile | AI16: =IF(OR($Z16="",AI$5=""),"",IFERROR(IF(INDEX(Input!$B$7:$AJ$1007,$Y16,AI$1)="","",INDEX(Input!$B$7:$AJ$1007,$Y16,AI$1)),"")) -> Ethan Copeland | AJ16: =IF(OR($Z16="",AJ$5=""),"",IFERROR(IF(INDEX(Input!$B$7:$AJ$1007,$Y16,AJ$1)="","",INDEX(Input!$B$7:$AJ$1007,$Y16,AJ$1)),"")) -> Leroy Gates | ... BX16: =IF(OR($Z16="",BX$5=""),"",IFERROR(IF(INDEX(Input!$B$7:$AJ$1007,$Y16,BX$1)="","",INDEX(Input!$B$7:$AJ$1007,$Y16,BX$1)),"")) | BY16: =IF(EA16="",EC16,INDEX(EA16:EC16,1,order1)&connector&INDEX(EA16:EC16,1,order2)&connector&INDEX(EA16:EC16,1,order3)) -> 5.1.1989 | BZ16: =IF(EE16="",EG16,INDEX(EE16:EG16,1,order1)&connector&INDEX(EE16:EG16,1,order2)&connector&INDEX(EE16:EG16,1,order3)) | CA16: =IF(EI16="",EK16,INDEX(EI16:EK16,1,order1)&connector&INDEX(EI16:EK16,1,order2)&connector&INDEX(EI16:EK16,1,order3)) | CB16: =IF(EM16="",EO16,INDEX(EM16:EO16,1,order1)&connector&INDEX(EM16:EO16,1,order2)&connector&INDEX(EM16:EO16,1,order3)) | CC16: =IF(EQ16="",ES16,INDEX(EQ16:ES16,1,order1)&connector&INDEX(EQ16:ES16,1,order2)&connector&INDEX(EQ16:ES16,1,order3)) | CD16: =IF(OR(AND(AA16="",AB16=""), CE16*CF16*CG16*CH16=0),"",ROW(CD16)-ROW($CD$6)) | CE16: =IF(CE$5>0,IF(OR( IF(CE$4=1,INDEX($AA16:$BX16,1,CE$5)=CE$2, IF(CE$4=2,ISNUMBER(SEARCH(CE$2,INDEX($AA16:$BX16,1,CE$5),1)), IF(CE$4=3,IF(NOT(ISNUMBER(INDEX($AA16:$BX16,1,CE$5))),TRUE,INDEX($AA16:$BX16,1,CE$5)>CE$2), IF(CE$4=4,INDEX($AA16:$BX16,1,CE$5)<CE$2,FALSE)))),CE$2=""),1,0),1) -> 0 | CF16: =IF(CF$5>0,IF(OR( IF(CF$4=1,INDEX($AA16:$BX16,1,CF$5)=CF$2, IF(CF$4=2,ISNUMBER(SEARCH(CF$2,INDEX($AA16:$BX16,1,CF$5),1)), IF(CF$4=3,IF(NOT(ISNUMBER(INDEX($AA16:$BX16,1,CF$5))),TRUE,INDEX($AA16:$BX16,1,CF$5)>CF$2), IF(CF$4=4,INDEX($AA16:$BX16,1,CF$5)<CF$2,FALSE)))),CF$2=""),1,0),1) -> 1 | CG16: =IF(CG$5>0,IF(OR( IF(CG$4=1,INDEX($AA16:$BX16,1,CG$5)=CG$2, IF(CG$4=2,ISNUMBER(SEARCH(CG$2,INDEX($AA16:$BX16,1,CG$5),1)), IF(CG$4=3,IF(NOT(ISNUMBER(INDEX($AA16:$BX16,1,CG$5))),TRUE,INDEX($AA16:$BX16,1,CG$5)>CG$2), IF(CG$4=4,INDEX($AA16:$BX16,1,CG$5)<CG$2,FALSE)))),CG$2=""),1,0),1) -> 1 | CH16: =IF(CH$5>0,IF(OR( IF(CH$4=1,INDEX($AA16:$BX16,1,CH$5)=CH$2, IF(CH$4=2,ISNUMBER(SEARCH(CH$2,INDEX($AA16:$BX16,1,CH$5),1)), IF(CH$4=3,IF(NOT(ISNUMBER(INDEX($AA16:$BX16,1,CH$5))),TRUE,INDEX($AA16:$BX16,1,CH$5)>CH$2), IF(CH$4=4,INDEX($AA16:$BX16,1,CH$5)<CH$2,FALSE)))),CH$2=""),1,0),1) -> 1 | CJ16: =IFERROR(SMALL($Z$7:$Z$1006,Y16),"") -> 10 | CK16: =IF(CL16="","",IF(ISNUMBER(MATCH(CL16,$CL$6:CL15,0)),"",CJ16)) | CL16: =IFERROR(INDEX($AA$7:$BX$1006,$CJ16,CL$6),"") -> Cooperative Company | CM16: =IFERROR(IF(LEN(CL16)=0,"",INDEX(CL$7:CL$1006,SMALL($CK$7:$CK$1006,Y16),1)),"") | CN16: =IFERROR(IF(LEN(CM16)=0,"",COUNTIF(CL$7:CL$1006,CM16)),"") | CO16: =IFERROR(CN16+CJ16/10,"") | CR16: =IF(CS16="","",IF(ISNUMBER(MATCH(CS16,$CS$6:CS15,0)),"",CJ16)) | CS16: =IFERROR(INDEX($AA$7:$BX$1006,$CJ16,CS$6),"") -> Poland | CT16: =IFERROR(IF(LEN(CS16)=0,"",INDEX(CS$7:CS$1006,SMALL($CR$7:$CR$1006,Y16),1)),"") -> Germany | CU16: =IFERROR(IF(LEN(CT16)=0,"",COUNTIF(CS$7:CS$1006,CT16)),"") -> 4 | CV16: =IF(CW16="","",IF(ISNUMBER(MATCH(CW16,$CW$6:CW15,0)),"",CJ16)) | CW16: =IFERROR(INDEX($AA$7:$BX$1006,$CJ16,CW$6),"") -> Startup | CX16: =IFERROR(IF(LEN(CW16)=0,"",INDEX(CW$7:CW$1006,SMALL($CV$7:$CV$1006,Y16),1)),"") | CY16: =IFERROR(IF(LEN(CX16)=0,"",COUNTIF(CW$7:CW$1006,CX16)),"") | CZ16: =IFERROR(CY16+CJ16/10,"") | DC16: =IF(DE16="","",IF(ISNUMBER(MATCH(DE16,$DE$6:DE15,0)),"",CJ16)) | DD16: =IFERROR(INDEX($AA$7:$BX$1006,$CJ16,DD$6),"") -> 2214000 | DE16: =IFERROR(INDEX($AA$7:$BX$1006,$CJ16,DE$6),"") -> Poland | DF16: =IFERROR(IF(LEN(DE16)=0,"",INDEX(DE$7:DE$1006,SMALL($DC$7:$DC$1006,Y16),1)),"") -> Germany | DG16: =IFERROR(IF(LEN(DF16)=0,"",SUMIF(DE$7:DE$1006,DF16,$DD$7:$DD$1006)),"") -> 17980000 | DH16: =IFERROR(INDEX($DF$7:$DF$1006,MATCH(LARGE($DG$7:$DG$1006,ROW(DI16)-ROW($DI$6)),$DG$7:$DG$1006,0),1),"") -> Chile | DI16: =IFERROR(LARGE($DG$7:$DG$1006,ROW(DI16)-ROW($DI$6)),"") -> 6146000 | DJ16: =IF(DL16="","",IF(ISNUMBER(MATCH(DL16,$DL$6:DL15,0)),"",CJ16)) | DK16: =IFERROR(INDEX($AA$7:$BX$1006,$CJ16,DK$6),"") -> 2214000 | DL16: =IFERROR(INDEX($AA$7:$BX$1006,$CJ16,DL$6),"") -> Textile | DM16: =IFERROR(IF(LEN(DL16)=0,"",INDEX(DL$7:DL$1006,SMALL($DJ$7:$DJ$1006,Y16),1)),"") -> Agriculture | DN16: =IFERROR(IF(LEN(DM16)=0,"", ROUND(AVERAGEIF(DL$7:DL$1006,DM16,$DK$7:$DK$1006),1)),"") -> 3000 | DO16: =IFERROR(INDEX($AA$7:$BX$1006,$CJ16,DO$6),"") -> 525 | DT16: x | DU16: {=MAX(COLUMN(Input!$B$6:$AJ$6))-2} -> 34 | DV16: =COUNTA(Output!B6:N6)+2 -> 9 | DY16: Oct | EA16: =IFERROR(IF(ISNUMBER(EA$5),DAY(INDEX($AA16:$BX16,1,EA$5)),""),"") -> 1 | EB16: =IFERROR(IF(ISNUMBER(EA$5),IF(order2="x",INDEX(months,MONTH(INDEX($AA16:$BX16,1,EA$5)),1),MONTH(INDEX($AA16:$BX16,1,EA$5))),""),"") -> 5 | EC16: =IFERROR(IF(ISNUMBER(EA$5),YEAR(INDEX($AA16:$BX16,1,EA$5)),""),"") -> 1989 | EE16: =IFERROR(IF(ISNUMBER(EE$5),DAY(INDEX($AA16:$BX16,1,EE$5)),""),"") | EF16: =IFERROR(IF(ISNUMBER(EE$5),IF(order2="x", INDEX(months,MONTH(INDEX($AA16:$BX16,1,EE$5)),1),MONTH(INDEX($AA16:$BX16,1,EE$5))),""),"") | EG16: =IFERROR(IF(ISNUMBER(EE$5),YEAR(INDEX($AA16:$BX16,1,EE$5)),""),"") | EI16: =IFERROR(IF(ISNUMBER(EI$5),DAY(INDEX($AA16:$BX16,1,EI$5)),""),"") | EJ16: =IFERROR(IF(ISNUMBER(EI$5),IF(order2="x", INDEX(months,MONTH(INDEX($AA16:$BX16,1,EI$5)),1),MONTH(INDEX($AA16:$BX16,1,EI$5))),""),"") | EK16: =IFERROR(IF(ISNUMBER(EI$5),YEAR(INDEX($AA16:$BX16,1,EI$5)),""),"") | EM16: =IFERROR(IF(ISNUMBER(EM$5),DAY(INDEX($AA16:$BX16,1,EM$5)),""),"") | EN16: =IFERROR(IF(ISNUMBER(EM$5),IF(order2="x", INDEX(months,MONTH(INDEX($AA16:$BX16,1,EM$5)),1),MONTH(INDEX($AA16:$BX16,1,EM$5))),""),"") | EO16: =IFERROR(IF(ISNUMBER(EM$5),YEAR(INDEX($AA16:$BX16,1,EM$5)),""),"") | EQ16: =IFERROR(IF(ISNUMBER(EQ$5),DAY(INDEX($AA16:$BX16,1,EQ$5)),""),"") | ER16: =IFERROR(IF(ISNUMBER(EQ$5),IF(order2="x", INDEX(months,MONTH(INDEX($AA16:$BX16,1,EQ$5)),1),MONTH(INDEX($AA16:$BX16,1,EQ$5))),""),"") | ES16: =IFERROR(IF(ISNUMBER(EQ$5),YEAR(INDEX($AA16:$BX16,1,EQ$5)),""),"")
B17: =IF(COUNTIF(INDEX(Form!$B$9:$K$83,ROW(Calc!B11),),"")<10,ROW(B19),0) -> 19 | E17: =IFERROR(INDEX($AA$6:$BX$6,1,SMALL($F$7:$F$56,ROW(E17)-ROW($E$6))),"") -> PHONE NUMBER | F17: =IFERROR(IF(ROWS(AllInput[])-COUNTIF(INDEX(Input!$B$7:$AJ$1006,,ROW(F17)-ROW($F$6)),"")>0,ROW(F17)-ROW($F$6),""),"") -> 11 | G17: =IF(AND(COUNT(INDEX($AA$7:$BX$21,,ROW(G17)-ROW($G$6)))>0,SUM(INDEX($AA$7:$BX$21,,ROW(G17)-ROW($G$6)))>0 ),F17,"") | I17: =IF(AA17="","",COUNTIF($AA$7:$AA$1006,AA17)) -> 1 | J17: =IFERROR(INDEX($AA$7:$AA$1006,SMALL($Z$7:$Z$1006,Y17),1),"") -> B-00013 | L17: =IF(P17="","",IF(ISNUMBER(MATCH(P17,$P$6:P16,0)),"",Y17)) -> 11 | M17: =IF(Q17="","",IF(ISNUMBER(MATCH(Q17,$Q$6:Q16,0)),"",Y17)) | N17: =IF(R17="","",IF(ISNUMBER(MATCH(R17,$R$6:R16,0)),"",Y17)) | O17: =IF(S17="","",IF(ISNUMBER(MATCH(S17,$S$6:S16,0)),"",Y17)) -> 11 | P17: =IFERROR(IF(OR(P$5>50, Z17=""),"",INDEX($AA$7:$BX$1007,Z17,CE$5)),"") -> Petroleum | Q17: =IFERROR(IF(OR(Q$5>50, Z17=""),"",INDEX($AA$7:$BX$1007,Z17,CF$5)),"") -> Spain | R17: =IFERROR(IF(OR(R$5>50, Z17=""),"",INDEX($AA$7:$BX$1007,Z17,CG$5)),"") | S17: =IFERROR(IF(OR(S$5>50, Z17=""),"",INDEX($AA$7:$BX$1007,Z17,CH$5)),"") -> 67700 | T17: =IFERROR(IF(P17="","",INDEX(P$7:P$1006,SMALL($L$7:$L$1006,Y17),1)),"") | U17: =IFERROR(IF(Q17="","",INDEX(Q$7:Q$1006,SMALL($M$7:$M$1006,Y17),1)),"") -> Romania | V17: =IFERROR(IF(R17="","",INDEX(R$7:R$1006,SMALL($N$7:$N$1006,Y17),1)),"") | W17: =IFERROR(IF(S17="","",INDEX(S$7:S$1006,SMALL($O$7:$O$1006,Y17),1)),"") -> 67700 | Y17: 11 | Z17: =IF(OR(AA17="",AB17=""),"",Y17) -> 11 | AA17: =IFERROR(IF(LEN(INDEX(Input!$B$7:$AJ$1007,$Y17,AA$1))=0,"",INDEX(Input!$B$7:$AJ$1007,$Y17,AA$1)),"") -> B-00013 | AB17: =IFERROR(IF(LEN(INDEX(Input!$B$7:$AJ$1007,$Y17,AB$1))=0,"",INDEX(Input!$B$7:$AJ$1007,$Y17,AB$1)),"") -> Logisticsoont | AC17: =IF(OR($Z17="",AC$5=""),"",IFERROR(IF(INDEX(Input!$B$7:$AJ$1007,$Y17,AC$1)="","",INDEX(Input!$B$7:$AJ$1007,$Y17,AC$1)),"")) -> Joint Stock Company | AD17: =IF(OR($Z17="",AD$5=""),"",IFERROR(IF(INDEX(Input!$B$7:$AJ$1007,$Y17,AD$1)="","",INDEX(Input!$B$7:$AJ$1007,$Y17,AD$1)),"")) -> Partner | AE17: =IF(OR($Z17="",AE$5=""),"",IFERROR(IF(INDEX(Input!$B$7:$AJ$1007,$Y17,AE$1)="","",INDEX(Input!$B$7:$AJ$1007,$Y17,AE$1)),"")) -> Logisticsoont - xyz | AF17: =IF(OR($Z17="",AF$5=""),"",IFERROR(IF(INDEX(Input!$B$7:$AJ$1007,$Y17,AF$1)="","",INDEX(Input!$B$7:$AJ$1007,$Y17,AF$1)),"")) -> 35463 | AG17: =IF(OR($Z17="",AG$5=""),"",IFERROR(IF(INDEX(Input!$B$7:$AJ$1007,$Y17,AG$1)="","",INDEX(Input!$B$7:$AJ$1007,$Y17,AG$1)),"")) -> Kirestin Garrett | AH17: =IF(OR($Z17="",AH$5=""),"",IFERROR(IF(INDEX(Input!$B$7:$AJ$1007,$Y17,AH$1)="","",INDEX(Input!$B$7:$AJ$1007,$Y17,AH$1)),"")) -> Petroleum | AI17: =IF(OR($Z17="",AI$5=""),"",IFERROR(IF(INDEX(Input!$B$7:$AJ$1007,$Y17,AI$1)="","",INDEX(Input!$B$7:$AJ$1007,$Y17,AI$1)),"")) -> Imelda Rowe | AJ17: =IF(OR($Z17="",AJ$5=""),"",IFERROR(IF(INDEX(Input!$B$7:$AJ$1007,$Y17,AJ$1)="","",INDEX(Input!$B$7:$AJ$1007,$Y17,AJ$1)),"")) -> Ray Hampton | ... BX17: =IF(OR($Z17="",BX$5=""),"",IFERROR(IF(INDEX(Input!$B$7:$AJ$1007,$Y17,BX$1)="","",INDEX(Input!$B$7:$AJ$1007,$Y17,BX$1)),"")) | BY17: =IF(EA17="",EC17,INDEX(EA17:EC17,1,order1)&connector&INDEX(EA17:EC17,1,order2)&connector&INDEX(EA17:EC17,1,order3)) -> 2.2.1997 | BZ17: =IF(EE17="",EG17,INDEX(EE17:EG17,1,order1)&connector&INDEX(EE17:EG17,1,order2)&connector&INDEX(EE17:EG17,1,order3)) | CA17: =IF(EI17="",EK17,INDEX(EI17:EK17,1,order1)&connector&INDEX(EI17:EK17,1,order2)&connector&INDEX(EI17:EK17,1,order3)) | CB17: =IF(EM17="",EO17,INDEX(EM17:EO17,1,order1)&connector&INDEX(EM17:EO17,1,order2)&connector&INDEX(EM17:EO17,1,order3)) | CC17: =IF(EQ17="",ES17,INDEX(EQ17:ES17,1,order1)&connector&INDEX(EQ17:ES17,1,order2)&connector&INDEX(EQ17:ES17,1,order3)) | CD17: =IF(OR(AND(AA17="",AB17=""), CE17*CF17*CG17*CH17=0),"",ROW(CD17)-ROW($CD$6)) | CE17: =IF(CE$5>0,IF(OR( IF(CE$4=1,INDEX($AA17:$BX17,1,CE$5)=CE$2, IF(CE$4=2,ISNUMBER(SEARCH(CE$2,INDEX($AA17:$BX17,1,CE$5),1)), IF(CE$4=3,IF(NOT(ISNUMBER(INDEX($AA17:$BX17,1,CE$5))),TRUE,INDEX($AA17:$BX17,1,CE$5)>CE$2), IF(CE$4=4,INDEX($AA17:$BX17,1,CE$5)<CE$2,FALSE)))),CE$2=""),1,0),1) -> 0 | CF17: =IF(CF$5>0,IF(OR( IF(CF$4=1,INDEX($AA17:$BX17,1,CF$5)=CF$2, IF(CF$4=2,ISNUMBER(SEARCH(CF$2,INDEX($AA17:$BX17,1,CF$5),1)), IF(CF$4=3,IF(NOT(ISNUMBER(INDEX($AA17:$BX17,1,CF$5))),TRUE,INDEX($AA17:$BX17,1,CF$5)>CF$2), IF(CF$4=4,INDEX($AA17:$BX17,1,CF$5)<CF$2,FALSE)))),CF$2=""),1,0),1) -> 1 | CG17: =IF(CG$5>0,IF(OR( IF(CG$4=1,INDEX($AA17:$BX17,1,CG$5)=CG$2, IF(CG$4=2,ISNUMBER(SEARCH(CG$2,INDEX($AA17:$BX17,1,CG$5),1)), IF(CG$4=3,IF(NOT(ISNUMBER(INDEX($AA17:$BX17,1,CG$5))),TRUE,INDEX($AA17:$BX17,1,CG$5)>CG$2), IF(CG$4=4,INDEX($AA17:$BX17,1,CG$5)<CG$2,FALSE)))),CG$2=""),1,0),1) -> 1 | CH17: =IF(CH$5>0,IF(OR( IF(CH$4=1,INDEX($AA17:$BX17,1,CH$5)=CH$2, IF(CH$4=2,ISNUMBER(SEARCH(CH$2,INDEX($AA17:$BX17,1,CH$5),1)), IF(CH$4=3,IF(NOT(ISNUMBER(INDEX($AA17:$BX17,1,CH$5))),TRUE,INDEX($AA17:$BX17,1,CH$5)>CH$2), IF(CH$4=4,INDEX($AA17:$BX17,1,CH$5)<CH$2,FALSE)))),CH$2=""),1,0),1) -> 1 | CJ17: =IFERROR(SMALL($Z$7:$Z$1006,Y17),"") -> 11 | CK17: =IF(CL17="","",IF(ISNUMBER(MATCH(CL17,$CL$6:CL16,0)),"",CJ17)) -> 11 | CL17: =IFERROR(INDEX($AA$7:$BX$1006,$CJ17,CL$6),"") -> Joint Stock Company | CM17: =IFERROR(IF(LEN(CL17)=0,"",INDEX(CL$7:CL$1006,SMALL($CK$7:$CK$1006,Y17),1)),"") | CN17: =IFERROR(IF(LEN(CM17)=0,"",COUNTIF(CL$7:CL$1006,CM17)),"") | CO17: =IFERROR(CN17+CJ17/10,"") | CR17: =IF(CS17="","",IF(ISNUMBER(MATCH(CS17,$CS$6:CS16,0)),"",CJ17)) | CS17: =IFERROR(INDEX($AA$7:$BX$1006,$CJ17,CS$6),"") -> Spain | CT17: =IFERROR(IF(LEN(CS17)=0,"",INDEX(CS$7:CS$1006,SMALL($CR$7:$CR$1006,Y17),1)),"") -> Romania | CU17: =IFERROR(IF(LEN(CT17)=0,"",COUNTIF(CS$7:CS$1006,CT17)),"") -> 1 | CV17: =IF(CW17="","",IF(ISNUMBER(MATCH(CW17,$CW$6:CW16,0)),"",CJ17)) | CW17: =IFERROR(INDEX($AA$7:$BX$1006,$CJ17,CW$6),"") -> Partner | CX17: =IFERROR(IF(LEN(CW17)=0,"",INDEX(CW$7:CW$1006,SMALL($CV$7:$CV$1006,Y17),1)),"") | CY17: =IFERROR(IF(LEN(CX17)=0,"",COUNTIF(CW$7:CW$1006,CX17)),"") | CZ17: =IFERROR(CY17+CJ17/10,"") | DC17: =IF(DE17="","",IF(ISNUMBER(MATCH(DE17,$DE$6:DE16,0)),"",CJ17)) | DD17: =IFERROR(INDEX($AA$7:$BX$1006,$CJ17,DD$6),"") -> 5838000 | DE17: =IFERROR(INDEX($AA$7:$BX$1006,$CJ17,DE$6),"") -> Spain | DF17: =IFERROR(IF(LEN(DE17)=0,"",INDEX(DE$7:DE$1006,SMALL($DC$7:$DC$1006,Y17),1)),"") -> Romania | DG17: =IFERROR(IF(LEN(DF17)=0,"",SUMIF(DE$7:DE$1006,DF17,$DD$7:$DD$1006)),"") -> 4483000 | DH17: =IFERROR(INDEX($DF$7:$DF$1006,MATCH(LARGE($DG$7:$DG$1006,ROW(DI17)-ROW($DI$6)),$DG$7:$DG$1006,0),1),"") -> Romania | DI17: =IFERROR(LARGE($DG$7:$DG$1006,ROW(DI17)-ROW($DI$6)),"") -> 4483000 | DJ17: =IF(DL17="","",IF(ISNUMBER(MATCH(DL17,$DL$6:DL16,0)),"",CJ17)) -> 11 | DK17: =IFERROR(INDEX($AA$7:$BX$1006,$CJ17,DK$6),"") -> 5838000 | DL17: =IFERROR(INDEX($AA$7:$BX$1006,$CJ17,DL$6),"") -> Petroleum | DM17: =IFERROR(IF(LEN(DL17)=0,"",INDEX(DL$7:DL$1006,SMALL($DJ$7:$DJ$1006,Y17),1)),"") | DN17: =IFERROR(IF(LEN(DM17)=0,"", ROUND(AVERAGEIF(DL$7:DL$1006,DM17,$DK$7:$DK$1006),1)),"") | DO17: =IFERROR(INDEX($AA$7:$BX$1006,$CJ17,DO$6),"") -> 550 | DT17: y | DU17: =MAX(Z7:Z1006)+2 -> 27 | DV17: =IF(COUNT(CD7:CD1006)<14,14,COUNT(CD7:CD1006)) -> 14 | DY17: Nov | EA17: =IFERROR(IF(ISNUMBER(EA$5),DAY(INDEX($AA17:$BX17,1,EA$5)),""),"") -> 2 | EB17: =IFERROR(IF(ISNUMBER(EA$5),IF(order2="x",INDEX(months,MONTH(INDEX($AA17:$BX17,1,EA$5)),1),MONTH(INDEX($AA17:$BX17,1,EA$5))),""),"") -> 2 | EC17: =IFERROR(IF(ISNUMBER(EA$5),YEAR(INDEX($AA17:$BX17,1,EA$5)),""),"") -> 1997 | EE17: =IFERROR(IF(ISNUMBER(EE$5),DAY(INDEX($AA17:$BX17,1,EE$5)),""),"") | EF17: =IFERROR(IF(ISNUMBER(EE$5),IF(order2="x", INDEX(months,MONTH(INDEX($AA17:$BX17,1,EE$5)),1),MONTH(INDEX($AA17:$BX17,1,EE$5))),""),"") | EG17: =IFERROR(IF(ISNUMBER(EE$5),YEAR(INDEX($AA17:$BX17,1,EE$5)),""),"") | EI17: =IFERROR(IF(ISNUMBER(EI$5),DAY(INDEX($AA17:$BX17,1,EI$5)),""),"") | EJ17: =IFERROR(IF(ISNUMBER(EI$5),IF(order2="x", INDEX(months,MONTH(INDEX($AA17:$BX17,1,EI$5)),1),MONTH(INDEX($AA17:$BX17,1,EI$5))),""),"") | EK17: =IFERROR(IF(ISNUMBER(EI$5),YEAR(INDEX($AA17:$BX17,1,EI$5)),""),"") | EM17: =IFERROR(IF(ISNUMBER(EM$5),DAY(INDEX($AA17:$BX17,1,EM$5)),""),"") | EN17: =IFERROR(IF(ISNUMBER(EM$5),IF(order2="x", INDEX(months,MONTH(INDEX($AA17:$BX17,1,EM$5)),1),MONTH(INDEX($AA17:$BX17,1,EM$5))),""),"") | EO17: =IFERROR(IF(ISNUMBER(EM$5),YEAR(INDEX($AA17:$BX17,1,EM$5)),""),"") | EQ17: =IFERROR(IF(ISNUMBER(EQ$5),DAY(INDEX($AA17:$BX17,1,EQ$5)),""),"") | ER17: =IFERROR(IF(ISNUMBER(EQ$5),IF(order2="x", INDEX(months,MONTH(INDEX($AA17:$BX17,1,EQ$5)),1),MONTH(INDEX($AA17:$BX17,1,EQ$5))),""),"") | ES17: =IFERROR(IF(ISNUMBER(EQ$5),YEAR(INDEX($AA17:$BX17,1,EQ$5)),""),"")
B18: =IF(COUNTIF(INDEX(Form!$B$9:$K$83,ROW(Calc!B12),),"")<10,ROW(B20),0) -> 0 | E18: =IFERROR(INDEX($AA$6:$BX$6,1,SMALL($F$7:$F$56,ROW(E18)-ROW($E$6))),"") -> FAX | F18: =IFERROR(IF(ROWS(AllInput[])-COUNTIF(INDEX(Input!$B$7:$AJ$1006,,ROW(F18)-ROW($F$6)),"")>0,ROW(F18)-ROW($F$6),""),"") -> 12 | G18: =IF(AND(COUNT(INDEX($AA$7:$BX$21,,ROW(G18)-ROW($G$6)))>0,SUM(INDEX($AA$7:$BX$21,,ROW(G18)-ROW($G$6)))>0 ),F18,"") | I18: =IF(AA18="","",COUNTIF($AA$7:$AA$1006,AA18)) -> 1 | J18: =IFERROR(INDEX($AA$7:$AA$1006,SMALL($Z$7:$Z$1006,Y18),1),"") -> B-00014 | L18: =IF(P18="","",IF(ISNUMBER(MATCH(P18,$P$6:P17,0)),"",Y18)) | M18: =IF(Q18="","",IF(ISNUMBER(MATCH(Q18,$Q$6:Q17,0)),"",Y18)) -> 12 | N18: =IF(R18="","",IF(ISNUMBER(MATCH(R18,$R$6:R17,0)),"",Y18)) | O18: =IF(S18="","",IF(ISNUMBER(MATCH(S18,$S$6:S17,0)),"",Y18)) -> 12 | P18: =IFERROR(IF(OR(P$5>50, Z18=""),"",INDEX($AA$7:$BX$1007,Z18,CE$5)),"") -> Food industry | Q18: =IFERROR(IF(OR(Q$5>50, Z18=""),"",INDEX($AA$7:$BX$1007,Z18,CF$5)),"") -> Chile | R18: =IFERROR(IF(OR(R$5>50, Z18=""),"",INDEX($AA$7:$BX$1007,Z18,CG$5)),"") | S18: =IFERROR(IF(OR(S$5>50, Z18=""),"",INDEX($AA$7:$BX$1007,Z18,CH$5)),"") -> 86900 | T18: =IFERROR(IF(P18="","",INDEX(P$7:P$1006,SMALL($L$7:$L$1006,Y18),1)),"") | U18: =IFERROR(IF(Q18="","",INDEX(Q$7:Q$1006,SMALL($M$7:$M$1006,Y18),1)),"") -> Canada | V18: =IFERROR(IF(R18="","",INDEX(R$7:R$1006,SMALL($N$7:$N$1006,Y18),1)),"") | W18: =IFERROR(IF(S18="","",INDEX(S$7:S$1006,SMALL($O$7:$O$1006,Y18),1)),"") -> 86900 | Y18: 12 | Z18: =IF(OR(AA18="",AB18=""),"",Y18) -> 12 | AA18: =IFERROR(IF(LEN(INDEX(Input!$B$7:$AJ$1007,$Y18,AA$1))=0,"",INDEX(Input!$B$7:$AJ$1007,$Y18,AA$1)),"") -> B-00014 | AB18: =IFERROR(IF(LEN(INDEX(Input!$B$7:$AJ$1007,$Y18,AB$1))=0,"",INDEX(Input!$B$7:$AJ$1007,$Y18,AB$1)),"") -> Operationswind | AC18: =IF(OR($Z18="",AC$5=""),"",IFERROR(IF(INDEX(Input!$B$7:$AJ$1007,$Y18,AC$1)="","",INDEX(Input!$B$7:$AJ$1007,$Y18,AC$1)),"")) -> Commandite Company | AD18: =IF(OR($Z18="",AD$5=""),"",IFERROR(IF(INDEX(Input!$B$7:$AJ$1007,$Y18,AD$1)="","",INDEX(Input!$B$7:$AJ$1007,$Y18,AD$1)),"")) -> Contractor | AE18: =IF(OR($Z18="",AE$5=""),"",IFERROR(IF(INDEX(Input!$B$7:$AJ$1007,$Y18,AE$1)="","",INDEX(Input!$B$7:$AJ$1007,$Y18,AE$1)),"")) -> Operationswind - xyz | AF18: =IF(OR($Z18="",AF$5=""),"",IFERROR(IF(INDEX(Input!$B$7:$AJ$1007,$Y18,AF$1)="","",INDEX(Input!$B$7:$AJ$1007,$Y18,AF$1)),"")) -> 36220 | AG18: =IF(OR($Z18="",AG$5=""),"",IFERROR(IF(INDEX(Input!$B$7:$AJ$1007,$Y18,AG$1)="","",INDEX(Input!$B$7:$AJ$1007,$Y18,AG$1)),"")) -> Fitzgerald Merrill | AH18: =IF(OR($Z18="",AH$5=""),"",IFERROR(IF(INDEX(Input!$B$7:$AJ$1007,$Y18,AH$1)="","",INDEX(Input!$B$7:$AJ$1007,$Y18,AH$1)),"")) -> Food industry | AI18: =IF(OR($Z18="",AI$5=""),"",IFERROR(IF(INDEX(Input!$B$7:$AJ$1007,$Y18,AI$1)="","",INDEX(Input!$B$7:$AJ$1007,$Y18,AI$1)),"")) -> Garth Gallagher | AJ18: =IF(OR($Z18="",AJ$5=""),"",IFERROR(IF(INDEX(Input!$B$7:$AJ$1007,$Y18,AJ$1)="","",INDEX(Input!$B$7:$AJ$1007,$Y18,AJ$1)),"")) -> Benjamin White | ... BX18: =IF(OR($Z18="",BX$5=""),"",IFERROR(IF(INDEX(Input!$B$7:$AJ$1007,$Y18,BX$1)="","",INDEX(Input!$B$7:$AJ$1007,$Y18,BX$1)),"")) | BY18: =IF(EA18="",EC18,INDEX(EA18:EC18,1,order1)&connector&INDEX(EA18:EC18,1,order2)&connector&INDEX(EA18:EC18,1,order3)) -> 3.1.1999 | BZ18: =IF(EE18="",EG18,INDEX(EE18:EG18,1,order1)&connector&INDEX(EE18:EG18,1,order2)&connector&INDEX(EE18:EG18,1,order3)) | CA18: =IF(EI18="",EK18,INDEX(EI18:EK18,1,order1)&connector&INDEX(EI18:EK18,1,order2)&connector&INDEX(EI18:EK18,1,order3)) | CB18: =IF(EM18="",EO18,INDEX(EM18:EO18,1,order1)&connector&INDEX(EM18:EO18,1,order2)&connector&INDEX(EM18:EO18,1,order3)) | CC18: =IF(EQ18="",ES18,INDEX(EQ18:ES18,1,order1)&connector&INDEX(EQ18:ES18,1,order2)&connector&INDEX(EQ18:ES18,1,order3)) | CD18: =IF(OR(AND(AA18="",AB18=""), CE18*CF18*CG18*CH18=0),"",ROW(CD18)-ROW($CD$6)) | CE18: =IF(CE$5>0,IF(OR( IF(CE$4=1,INDEX($AA18:$BX18,1,CE$5)=CE$2, IF(CE$4=2,ISNUMBER(SEARCH(CE$2,INDEX($AA18:$BX18,1,CE$5),1)), IF(CE$4=3,IF(NOT(ISNUMBER(INDEX($AA18:$BX18,1,CE$5))),TRUE,INDEX($AA18:$BX18,1,CE$5)>CE$2), IF(CE$4=4,INDEX($AA18:$BX18,1,CE$5)<CE$2,FALSE)))),CE$2=""),1,0),1) -> 0 | CF18: =IF(CF$5>0,IF(OR( IF(CF$4=1,INDEX($AA18:$BX18,1,CF$5)=CF$2, IF(CF$4=2,ISNUMBER(SEARCH(CF$2,INDEX($AA18:$BX18,1,CF$5),1)), IF(CF$4=3,IF(NOT(ISNUMBER(INDEX($AA18:$BX18,1,CF$5))),TRUE,INDEX($AA18:$BX18,1,CF$5)>CF$2), IF(CF$4=4,INDEX($AA18:$BX18,1,CF$5)<CF$2,FALSE)))),CF$2=""),1,0),1) -> 1 | CG18: =IF(CG$5>0,IF(OR( IF(CG$4=1,INDEX($AA18:$BX18,1,CG$5)=CG$2, IF(CG$4=2,ISNUMBER(SEARCH(CG$2,INDEX($AA18:$BX18,1,CG$5),1)), IF(CG$4=3,IF(NOT(ISNUMBER(INDEX($AA18:$BX18,1,CG$5))),TRUE,INDEX($AA18:$BX18,1,CG$5)>CG$2), IF(CG$4=4,INDEX($AA18:$BX18,1,CG$5)<CG$2,FALSE)))),CG$2=""),1,0),1) -> 1 | CH18: =IF(CH$5>0,IF(OR( IF(CH$4=1,INDEX($AA18:$BX18,1,CH$5)=CH$2, IF(CH$4=2,ISNUMBER(SEARCH(CH$2,INDEX($AA18:$BX18,1,CH$5),1)), IF(CH$4=3,IF(NOT(ISNUMBER(INDEX($AA18:$BX18,1,CH$5))),TRUE,INDEX($AA18:$BX18,1,CH$5)>CH$2), IF(CH$4=4,INDEX($AA18:$BX18,1,CH$5)<CH$2,FALSE)))),CH$2=""),1,0),1) -> 1 | CJ18: =IFERROR(SMALL($Z$7:$Z$1006,Y18),"") -> 12 | CK18: =IF(CL18="","",IF(ISNUMBER(MATCH(CL18,$CL$6:CL17,0)),"",CJ18)) | CL18: =IFERROR(INDEX($AA$7:$BX$1006,$CJ18,CL$6),"") -> Commandite Company | CM18: =IFERROR(IF(LEN(CL18)=0,"",INDEX(CL$7:CL$1006,SMALL($CK$7:$CK$1006,Y18),1)),"") | CN18: =IFERROR(IF(LEN(CM18)=0,"",COUNTIF(CL$7:CL$1006,CM18)),"") | CO18: =IFERROR(CN18+CJ18/10,"") | CR18: =IF(CS18="","",IF(ISNUMBER(MATCH(CS18,$CS$6:CS17,0)),"",CJ18)) -> 12 | CS18: =IFERROR(INDEX($AA$7:$BX$1006,$CJ18,CS$6),"") -> Chile | CT18: =IFERROR(IF(LEN(CS18)=0,"",INDEX(CS$7:CS$1006,SMALL($CR$7:$CR$1006,Y18),1)),"") -> Canada | CU18: =IFERROR(IF(LEN(CT18)=0,"",COUNTIF(CS$7:CS$1006,CT18)),"") -> 1 | CV18: =IF(CW18="","",IF(ISNUMBER(MATCH(CW18,$CW$6:CW17,0)),"",CJ18)) | CW18: =IFERROR(INDEX($AA$7:$BX$1006,$CJ18,CW$6),"") -> Contractor | CX18: =IFERROR(IF(LEN(CW18)=0,"",INDEX(CW$7:CW$1006,SMALL($CV$7:$CV$1006,Y18),1)),"") | CY18: =IFERROR(IF(LEN(CX18)=0,"",COUNTIF(CW$7:CW$1006,CX18)),"") | CZ18: =IFERROR(CY18+CJ18/10,"") | DC18: =IF(DE18="","",IF(ISNUMBER(MATCH(DE18,$DE$6:DE17,0)),"",CJ18)) -> 12 | DD18: =IFERROR(INDEX($AA$7:$BX$1006,$CJ18,DD$6),"") -> 1387000 | DE18: =IFERROR(INDEX($AA$7:$BX$1006,$CJ18,DE$6),"") -> Chile | DF18: =IFERROR(IF(LEN(DE18)=0,"",INDEX(DE$7:DE$1006,SMALL($DC$7:$DC$1006,Y18),1)),"") -> Canada | DG18: =IFERROR(IF(LEN(DF18)=0,"",SUMIF(DE$7:DE$1006,DF18,$DD$7:$DD$1006)),"") -> 1414000 | DH18: =IFERROR(INDEX($DF$7:$DF$1006,MATCH(LARGE($DG$7:$DG$1006,ROW(DI18)-ROW($DI$6)),$DG$7:$DG$1006,0),1),"") -> Sweden | DI18: =IFERROR(LARGE($DG$7:$DG$1006,ROW(DI18)-ROW($DI$6)),"") -> 2225000 | DJ18: =IF(DL18="","",IF(ISNUMBER(MATCH(DL18,$DL$6:DL17,0)),"",CJ18)) | DK18: =IFERROR(INDEX($AA$7:$BX$1006,$CJ18,DK$6),"") -> 1387000 | DL18: =IFERROR(INDEX($AA$7:$BX$1006,$CJ18,DL$6),"") -> Food industry | DM18: =IFERROR(IF(LEN(DL18)=0,"",INDEX(DL$7:DL$1006,SMALL($DJ$7:$DJ$1006,Y18),1)),"") | DN18: =IFERROR(IF(LEN(DM18)=0,"", ROUND(AVERAGEIF(DL$7:DL$1006,DM18,$DK$7:$DK$1006),1)),"") | DO18: =IFERROR(INDEX($AA$7:$BX$1006,$CJ18,DO$6),"") -> 540 | DY18: Dec | EA18: =IFERROR(IF(ISNUMBER(EA$5),DAY(INDEX($AA18:$BX18,1,EA$5)),""),"") -> 1 | EB18: =IFERROR(IF(ISNUMBER(EA$5),IF(order2="x",INDEX(months,MONTH(INDEX($AA18:$BX18,1,EA$5)),1),MONTH(INDEX($AA18:$BX18,1,EA$5))),""),"") -> 3 | EC18: =IFERROR(IF(ISNUMBER(EA$5),YEAR(INDEX($AA18:$BX18,1,EA$5)),""),"") -> 1999 | EE18: =IFERROR(IF(ISNUMBER(EE$5),DAY(INDEX($AA18:$BX18,1,EE$5)),""),"") | EF18: =IFERROR(IF(ISNUMBER(EE$5),IF(order2="x", INDEX(months,MONTH(INDEX($AA18:$BX18,1,EE$5)),1),MONTH(INDEX($AA18:$BX18,1,EE$5))),""),"") | EG18: =IFERROR(IF(ISNUMBER(EE$5),YEAR(INDEX($AA18:$BX18,1,EE$5)),""),"") | EI18: =IFERROR(IF(ISNUMBER(EI$5),DAY(INDEX($AA18:$BX18,1,EI$5)),""),"") | EJ18: =IFERROR(IF(ISNUMBER(EI$5),IF(order2="x", INDEX(months,MONTH(INDEX($AA18:$BX18,1,EI$5)),1),MONTH(INDEX($AA18:$BX18,1,EI$5))),""),"") | EK18: =IFERROR(IF(ISNUMBER(EI$5),YEAR(INDEX($AA18:$BX18,1,EI$5)),""),"") | EM18: =IFERROR(IF(ISNUMBER(EM$5),DAY(INDEX($AA18:$BX18,1,EM$5)),""),"") | EN18: =IFERROR(IF(ISNUMBER(EM$5),IF(order2="x", INDEX(months,MONTH(INDEX($AA18:$BX18,1,EM$5)),1),MONTH(INDEX($AA18:$BX18,1,EM$5))),""),"") | EO18: =IFERROR(IF(ISNUMBER(EM$5),YEAR(INDEX($AA18:$BX18,1,EM$5)),""),"") | EQ18: =IFERROR(IF(ISNUMBER(EQ$5),DAY(INDEX($AA18:$BX18,1,EQ$5)),""),"") | ER18: =IFERROR(IF(ISNUMBER(EQ$5),IF(order2="x", INDEX(months,MONTH(INDEX($AA18:$BX18,1,EQ$5)),1),MONTH(INDEX($AA18:$BX18,1,EQ$5))),""),"") | ES18: =IFERROR(IF(ISNUMBER(EQ$5),YEAR(INDEX($AA18:$BX18,1,EQ$5)),""),"")
B19: =IF(COUNTIF(INDEX(Form!$B$9:$K$83,ROW(Calc!B13),),"")<10,ROW(B21),0) -> 21 | E19: =IFERROR(INDEX($AA$6:$BX$6,1,SMALL($F$7:$F$56,ROW(E19)-ROW($E$6))),"") -> EMAIL | F19: =IFERROR(IF(ROWS(AllInput[])-COUNTIF(INDEX(Input!$B$7:$AJ$1006,,ROW(F19)-ROW($F$6)),"")>0,ROW(F19)-ROW($F$6),""),"") -> 13 | G19: =IF(AND(COUNT(INDEX($AA$7:$BX$21,,ROW(G19)-ROW($G$6)))>0,SUM(INDEX($AA$7:$BX$21,,ROW(G19)-ROW($G$6)))>0 ),F19,"") | I19: =IF(AA19="","",COUNTIF($AA$7:$AA$1006,AA19)) -> 1 | J19: =IFERROR(INDEX($AA$7:$AA$1006,SMALL($Z$7:$Z$1006,Y19),1),"") -> B-00015 | L19: =IF(P19="","",IF(ISNUMBER(MATCH(P19,$P$6:P18,0)),"",Y19)) -> 13 | M19: =IF(Q19="","",IF(ISNUMBER(MATCH(Q19,$Q$6:Q18,0)),"",Y19)) -> 13 | N19: =IF(R19="","",IF(ISNUMBER(MATCH(R19,$R$6:R18,0)),"",Y19)) | O19: =IF(S19="","",IF(ISNUMBER(MATCH(S19,$S$6:S18,0)),"",Y19)) -> 13 | P19: =IFERROR(IF(OR(P$5>50, Z19=""),"",INDEX($AA$7:$BX$1007,Z19,CE$5)),"") -> Electronics | Q19: =IFERROR(IF(OR(Q$5>50, Z19=""),"",INDEX($AA$7:$BX$1007,Z19,CF$5)),"") -> Germany | R19: =IFERROR(IF(OR(R$5>50, Z19=""),"",INDEX($AA$7:$BX$1007,Z19,CG$5)),"") | S19: =IFERROR(IF(OR(S$5>50, Z19=""),"",INDEX($AA$7:$BX$1007,Z19,CH$5)),"") -> 23400 | T19: =IFERROR(IF(P19="","",INDEX(P$7:P$1006,SMALL($L$7:$L$1006,Y19),1)),"") | U19: =IFERROR(IF(Q19="","",INDEX(Q$7:Q$1006,SMALL($M$7:$M$1006,Y19),1)),"") -> Argentina | V19: =IFERROR(IF(R19="","",INDEX(R$7:R$1006,SMALL($N$7:$N$1006,Y19),1)),"") | W19: =IFERROR(IF(S19="","",INDEX(S$7:S$1006,SMALL($O$7:$O$1006,Y19),1)),"") -> 23400 | Y19: 13 | Z19: =IF(OR(AA19="",AB19=""),"",Y19) -> 13 | AA19: =IFERROR(IF(LEN(INDEX(Input!$B$7:$AJ$1007,$Y19,AA$1))=0,"",INDEX(Input!$B$7:$AJ$1007,$Y19,AA$1)),"") -> B-00015 | AB19: =IFERROR(IF(LEN(INDEX(Input!$B$7:$AJ$1007,$Y19,AB$1))=0,"",INDEX(Input!$B$7:$AJ$1007,$Y19,AB$1)),"") -> Artificial Operations | AC19: =IF(OR($Z19="",AC$5=""),"",IFERROR(IF(INDEX(Input!$B$7:$AJ$1007,$Y19,AC$1)="","",INDEX(Input!$B$7:$AJ$1007,$Y19,AC$1)),"")) -> Commandite Company | AD19: =IF(OR($Z19="",AD$5=""),"",IFERROR(IF(INDEX(Input!$B$7:$AJ$1007,$Y19,AD$1)="","",INDEX(Input!$B$7:$AJ$1007,$Y19,AD$1)),"")) -> Partner | AE19: =IF(OR($Z19="",AE$5=""),"",IFERROR(IF(INDEX(Input!$B$7:$AJ$1007,$Y19,AE$1)="","",INDEX(Input!$B$7:$AJ$1007,$Y19,AE$1)),"")) -> Artificial Operations - xyz | AF19: =IF(OR($Z19="",AF$5=""),"",IFERROR(IF(INDEX(Input!$B$7:$AJ$1007,$Y19,AF$1)="","",INDEX(Input!$B$7:$AJ$1007,$Y19,AF$1)),"")) -> 40852 | AG19: =IF(OR($Z19="",AG$5=""),"",IFERROR(IF(INDEX(Input!$B$7:$AJ$1007,$Y19,AG$1)="","",INDEX(Input!$B$7:$AJ$1007,$Y19,AG$1)),"")) -> Jacob Reeves | AH19: =IF(OR($Z19="",AH$5=""),"",IFERROR(IF(INDEX(Input!$B$7:$AJ$1007,$Y19,AH$1)="","",INDEX(Input!$B$7:$AJ$1007,$Y19,AH$1)),"")) -> Electronics | AI19: =IF(OR($Z19="",AI$5=""),"",IFERROR(IF(INDEX(Input!$B$7:$AJ$1007,$Y19,AI$1)="","",INDEX(Input!$B$7:$AJ$1007,$Y19,AI$1)),"")) -> Kay Riley | AJ19: =IF(OR($Z19="",AJ$5=""),"",IFERROR(IF(INDEX(Input!$B$7:$AJ$1007,$Y19,AJ$1)="","",INDEX(Input!$B$7:$AJ$1007,$Y19,AJ$1)),"")) -> Tasha Todd | ... BX19: =IF(OR($Z19="",BX$5=""),"",IFERROR(IF(INDEX(Input!$B$7:$AJ$1007,$Y19,BX$1)="","",INDEX(Input!$B$7:$AJ$1007,$Y19,BX$1)),"")) | BY19: =IF(EA19="",EC19,INDEX(EA19:EC19,1,order1)&connector&INDEX(EA19:EC19,1,order2)&connector&INDEX(EA19:EC19,1,order3)) -> 11.5.2011 | BZ19: =IF(EE19="",EG19,INDEX(EE19:EG19,1,order1)&connector&INDEX(EE19:EG19,1,order2)&connector&INDEX(EE19:EG19,1,order3)) | CA19: =IF(EI19="",EK19,INDEX(EI19:EK19,1,order1)&connector&INDEX(EI19:EK19,1,order2)&connector&INDEX(EI19:EK19,1,order3)) | CB19: =IF(EM19="",EO19,INDEX(EM19:EO19,1,order1)&connector&INDEX(EM19:EO19,1,order2)&connector&INDEX(EM19:EO19,1,order3)) | CC19: =IF(EQ19="",ES19,INDEX(EQ19:ES19,1,order1)&connector&INDEX(EQ19:ES19,1,order2)&connector&INDEX(EQ19:ES19,1,order3)) | CD19: =IF(OR(AND(AA19="",AB19=""), CE19*CF19*CG19*CH19=0),"",ROW(CD19)-ROW($CD$6)) | CE19: =IF(CE$5>0,IF(OR( IF(CE$4=1,INDEX($AA19:$BX19,1,CE$5)=CE$2, IF(CE$4=2,ISNUMBER(SEARCH(CE$2,INDEX($AA19:$BX19,1,CE$5),1)), IF(CE$4=3,IF(NOT(ISNUMBER(INDEX($AA19:$BX19,1,CE$5))),TRUE,INDEX($AA19:$BX19,1,CE$5)>CE$2), IF(CE$4=4,INDEX($AA19:$BX19,1,CE$5)<CE$2,FALSE)))),CE$2=""),1,0),1) -> 0 | CF19: =IF(CF$5>0,IF(OR( IF(CF$4=1,INDEX($AA19:$BX19,1,CF$5)=CF$2, IF(CF$4=2,ISNUMBER(SEARCH(CF$2,INDEX($AA19:$BX19,1,CF$5),1)), IF(CF$4=3,IF(NOT(ISNUMBER(INDEX($AA19:$BX19,1,CF$5))),TRUE,INDEX($AA19:$BX19,1,CF$5)>CF$2), IF(CF$4=4,INDEX($AA19:$BX19,1,CF$5)<CF$2,FALSE)))),CF$2=""),1,0),1) -> 1 | CG19: =IF(CG$5>0,IF(OR( IF(CG$4=1,INDEX($AA19:$BX19,1,CG$5)=CG$2, IF(CG$4=2,ISNUMBER(SEARCH(CG$2,INDEX($AA19:$BX19,1,CG$5),1)), IF(CG$4=3,IF(NOT(ISNUMBER(INDEX($AA19:$BX19,1,CG$5))),TRUE,INDEX($AA19:$BX19,1,CG$5)>CG$2), IF(CG$4=4,INDEX($AA19:$BX19,1,CG$5)<CG$2,FALSE)))),CG$2=""),1,0),1) -> 1 | CH19: =IF(CH$5>0,IF(OR( IF(CH$4=1,INDEX($AA19:$BX19,1,CH$5)=CH$2, IF(CH$4=2,ISNUMBER(SEARCH(CH$2,INDEX($AA19:$BX19,1,CH$5),1)), IF(CH$4=3,IF(NOT(ISNUMBER(INDEX($AA19:$BX19,1,CH$5))),TRUE,INDEX($AA19:$BX19,1,CH$5)>CH$2), IF(CH$4=4,INDEX($AA19:$BX19,1,CH$5)<CH$2,FALSE)))),CH$2=""),1,0),1) -> 1 | CJ19: =IFERROR(SMALL($Z$7:$Z$1006,Y19),"") -> 13 | CK19: =IF(CL19="","",IF(ISNUMBER(MATCH(CL19,$CL$6:CL18,0)),"",CJ19)) | CL19: =IFERROR(INDEX($AA$7:$BX$1006,$CJ19,CL$6),"") -> Commandite Company | CM19: =IFERROR(IF(LEN(CL19)=0,"",INDEX(CL$7:CL$1006,SMALL($CK$7:$CK$1006,Y19),1)),"") | CN19: =IFERROR(IF(LEN(CM19)=0,"",COUNTIF(CL$7:CL$1006,CM19)),"") | CO19: =IFERROR(CN19+CJ19/10,"") | CR19: =IF(CS19="","",IF(ISNUMBER(MATCH(CS19,$CS$6:CS18,0)),"",CJ19)) -> 13 | CS19: =IFERROR(INDEX($AA$7:$BX$1006,$CJ19,CS$6),"") -> Germany | CT19: =IFERROR(IF(LEN(CS19)=0,"",INDEX(CS$7:CS$1006,SMALL($CR$7:$CR$1006,Y19),1)),"") -> Argentina | CU19: =IFERROR(IF(LEN(CT19)=0,"",COUNTIF(CS$7:CS$1006,CT19)),"") -> 2 | CV19: =IF(CW19="","",IF(ISNUMBER(MATCH(CW19,$CW$6:CW18,0)),"",CJ19)) | CW19: =IFERROR(INDEX($AA$7:$BX$1006,$CJ19,CW$6),"") -> Partner | CX19: =IFERROR(IF(LEN(CW19)=0,"",INDEX(CW$7:CW$1006,SMALL($CV$7:$CV$1006,Y19),1)),"") | CY19: =IFERROR(IF(LEN(CX19)=0,"",COUNTIF(CW$7:CW$1006,CX19)),"") | CZ19: =IFERROR(CY19+CJ19/10,"") | DC19: =IF(DE19="","",IF(ISNUMBER(MATCH(DE19,$DE$6:DE18,0)),"",CJ19)) -> 13 | DD19: =IFERROR(INDEX($AA$7:$BX$1006,$CJ19,DD$6),"") -> 2940000 | DE19: =IFERROR(INDEX($AA$7:$BX$1006,$CJ19,DE$6),"") -> Germany | DF19: =IFERROR(IF(LEN(DE19)=0,"",INDEX(DE$7:DE$1006,SMALL($DC$7:$DC$1006,Y19),1)),"") -> Argentina | DG19: =IFERROR(IF(LEN(DF19)=0,"",SUMIF(DE$7:DE$1006,DF19,$DD$7:$DD$1006)),"") -> 6356000 | DH19: =IFERROR(INDEX($DF$7:$DF$1006,MATCH(LARGE($DG$7:$DG$1006,ROW(DI19)-ROW($DI$6)),$DG$7:$DG$1006,0),1),"") -> Canada | DI19: =IFERROR(LARGE($DG$7:$DG$1006,ROW(DI19)-ROW($DI$6)),"") -> 1414000 | DJ19: =IF(DL19="","",IF(ISNUMBER(MATCH(DL19,$DL$6:DL18,0)),"",CJ19)) -> 13 | DK19: =IFERROR(INDEX($AA$7:$BX$1006,$CJ19,DK$6),"") -> 2940000 | DL19: =IFERROR(INDEX($AA$7:$BX$1006,$CJ19,DL$6),"") -> Electronics | DM19: =IFERROR(IF(LEN(DL19)=0,"",INDEX(DL$7:DL$1006,SMALL($DJ$7:$DJ$1006,Y19),1)),"") | DN19: =IFERROR(IF(LEN(DM19)=0,"", ROUND(AVERAGEIF(DL$7:DL$1006,DM19,$DK$7:$DK$1006),1)),"") | DO19: =IFERROR(INDEX($AA$7:$BX$1006,$CJ19,DO$6),"") -> 825 | EA19: =IFERROR(IF(ISNUMBER(EA$5),DAY(INDEX($AA19:$BX19,1,EA$5)),""),"") -> 5 | EB19: =IFERROR(IF(ISNUMBER(EA$5),IF(order2="x",INDEX(months,MONTH(INDEX($AA19:$BX19,1,EA$5)),1),MONTH(INDEX($AA19:$BX19,1,EA$5))),""),"") -> 11 | EC19: =IFERROR(IF(ISNUMBER(EA$5),YEAR(INDEX($AA19:$BX19,1,EA$5)),""),"") -> 2011 | EE19: =IFERROR(IF(ISNUMBER(EE$5),DAY(INDEX($AA19:$BX19,1,EE$5)),""),"") | EF19: =IFERROR(IF(ISNUMBER(EE$5),IF(order2="x", INDEX(months,MONTH(INDEX($AA19:$BX19,1,EE$5)),1),MONTH(INDEX($AA19:$BX19,1,EE$5))),""),"") | EG19: =IFERROR(IF(ISNUMBER(EE$5),YEAR(INDEX($AA19:$BX19,1,EE$5)),""),"") | EI19: =IFERROR(IF(ISNUMBER(EI$5),DAY(INDEX($AA19:$BX19,1,EI$5)),""),"") | EJ19: =IFERROR(IF(ISNUMBER(EI$5),IF(order2="x", INDEX(months,MONTH(INDEX($AA19:$BX19,1,EI$5)),1),MONTH(INDEX($AA19:$BX19,1,EI$5))),""),"") | EK19: =IFERROR(IF(ISNUMBER(EI$5),YEAR(INDEX($AA19:$BX19,1,EI$5)),""),"") | EM19: =IFERROR(IF(ISNUMBER(EM$5),DAY(INDEX($AA19:$BX19,1,EM$5)),""),"") | EN19: =IFERROR(IF(ISNUMBER(EM$5),IF(order2="x", INDEX(months,MONTH(INDEX($AA19:$BX19,1,EM$5)),1),MONTH(INDEX($AA19:$BX19,1,EM$5))),""),"") | EO19: =IFERROR(IF(ISNUMBER(EM$5),YEAR(INDEX($AA19:$BX19,1,EM$5)),""),"") | EQ19: =IFERROR(IF(ISNUMBER(EQ$5),DAY(INDEX($AA19:$BX19,1,EQ$5)),""),"") | ER19: =IFERROR(IF(ISNUMBER(EQ$5),IF(order2="x", INDEX(months,MONTH(INDEX($AA19:$BX19,1,EQ$5)),1),MONTH(INDEX($AA19:$BX19,1,EQ$5))),""),"") | ES19: =IFERROR(IF(ISNUMBER(EQ$5),YEAR(INDEX($AA19:$BX19,1,EQ$5)),""),"")
B20: =IF(COUNTIF(INDEX(Form!$B$9:$K$83,ROW(Calc!B14),),"")<10,ROW(B22),0) -> 0 | E20: =IFERROR(INDEX($AA$6:$BX$6,1,SMALL($F$7:$F$56,ROW(E20)-ROW($E$6))),"") -> WEBSITE | F20: =IFERROR(IF(ROWS(AllInput[])-COUNTIF(INDEX(Input!$B$7:$AJ$1006,,ROW(F20)-ROW($F$6)),"")>0,ROW(F20)-ROW($F$6),""),"") -> 14 | G20: =IF(AND(COUNT(INDEX($AA$7:$BX$21,,ROW(G20)-ROW($G$6)))>0,SUM(INDEX($AA$7:$BX$21,,ROW(G20)-ROW($G$6)))>0 ),F20,"") | I20: =IF(AA20="","",COUNTIF($AA$7:$AA$1006,AA20)) -> 1 | J20: =IFERROR(INDEX($AA$7:$AA$1006,SMALL($Z$7:$Z$1006,Y20),1),"") -> B-00016 | L20: =IF(P20="","",IF(ISNUMBER(MATCH(P20,$P$6:P19,0)),"",Y20)) -> 14 | M20: =IF(Q20="","",IF(ISNUMBER(MATCH(Q20,$Q$6:Q19,0)),"",Y20)) -> 14 | N20: =IF(R20="","",IF(ISNUMBER(MATCH(R20,$R$6:R19,0)),"",Y20)) | O20: =IF(S20="","",IF(ISNUMBER(MATCH(S20,$S$6:S19,0)),"",Y20)) -> 14 | P20: =IFERROR(IF(OR(P$5>50, Z20=""),"",INDEX($AA$7:$BX$1007,Z20,CE$5)),"") -> Chemical | Q20: =IFERROR(IF(OR(Q$5>50, Z20=""),"",INDEX($AA$7:$BX$1007,Z20,CF$5)),"") -> Romania | R20: =IFERROR(IF(OR(R$5>50, Z20=""),"",INDEX($AA$7:$BX$1007,Z20,CG$5)),"") | S20: =IFERROR(IF(OR(S$5>50, Z20=""),"",INDEX($AA$7:$BX$1007,Z20,CH$5)),"") -> 44700 | T20: =IFERROR(IF(P20="","",INDEX(P$7:P$1006,SMALL($L$7:$L$1006,Y20),1)),"") | U20: =IFERROR(IF(Q20="","",INDEX(Q$7:Q$1006,SMALL($M$7:$M$1006,Y20),1)),"") | V20: =IFERROR(IF(R20="","",INDEX(R$7:R$1006,SMALL($N$7:$N$1006,Y20),1)),"") | W20: =IFERROR(IF(S20="","",INDEX(S$7:S$1006,SMALL($O$7:$O$1006,Y20),1)),"") -> 44700 | Y20: 14 | Z20: =IF(OR(AA20="",AB20=""),"",Y20) -> 14 | AA20: =IFERROR(IF(LEN(INDEX(Input!$B$7:$AJ$1007,$Y20,AA$1))=0,"",INDEX(Input!$B$7:$AJ$1007,$Y20,AA$1)),"") -> B-00016 | AB20: =IFERROR(IF(LEN(INDEX(Input!$B$7:$AJ$1007,$Y20,AB$1))=0,"",INDEX(Input!$B$7:$AJ$1007,$Y20,AB$1)),"") -> App Operations | AC20: =IF(OR($Z20="",AC$5=""),"",IFERROR(IF(INDEX(Input!$B$7:$AJ$1007,$Y20,AC$1)="","",INDEX(Input!$B$7:$AJ$1007,$Y20,AC$1)),"")) -> Limited Liability Company | AD20: =IF(OR($Z20="",AD$5=""),"",IFERROR(IF(INDEX(Input!$B$7:$AJ$1007,$Y20,AD$1)="","",INDEX(Input!$B$7:$AJ$1007,$Y20,AD$1)),"")) -> Corporation | AE20: =IF(OR($Z20="",AE$5=""),"",IFERROR(IF(INDEX(Input!$B$7:$AJ$1007,$Y20,AE$1)="","",INDEX(Input!$B$7:$AJ$1007,$Y20,AE$1)),"")) -> App Operations - xyz | AF20: =IF(OR($Z20="",AF$5=""),"",IFERROR(IF(INDEX(Input!$B$7:$AJ$1007,$Y20,AF$1)="","",INDEX(Input!$B$7:$AJ$1007,$Y20,AF$1)),"")) -> 44502 | AG20: =IF(OR($Z20="",AG$5=""),"",IFERROR(IF(INDEX(Input!$B$7:$AJ$1007,$Y20,AG$1)="","",INDEX(Input!$B$7:$AJ$1007,$Y20,AG$1)),"")) -> Maile Tyson | AH20: =IF(OR($Z20="",AH$5=""),"",IFERROR(IF(INDEX(Input!$B$7:$AJ$1007,$Y20,AH$1)="","",INDEX(Input!$B$7:$AJ$1007,$Y20,AH$1)),"")) -> Chemical | AI20: =IF(OR($Z20="",AI$5=""),"",IFERROR(IF(INDEX(Input!$B$7:$AJ$1007,$Y20,AI$1)="","",INDEX(Input!$B$7:$AJ$1007,$Y20,AI$1)),"")) -> Slade Richmond | AJ20: =IF(OR($Z20="",AJ$5=""),"",IFERROR(IF(INDEX(Input!$B$7:$AJ$1007,$Y20,AJ$1)="","",INDEX(Input!$B$7:$AJ$1007,$Y20,AJ$1)),"")) -> Alec Howard | ... BX20: =IF(OR($Z20="",BX$5=""),"",IFERROR(IF(INDEX(Input!$B$7:$AJ$1007,$Y20,BX$1)="","",INDEX(Input!$B$7:$AJ$1007,$Y20,BX$1)),"")) | BY20: =IF(EA20="",EC20,INDEX(EA20:EC20,1,order1)&connector&INDEX(EA20:EC20,1,order2)&connector&INDEX(EA20:EC20,1,order3)) -> 11.2.2021 | BZ20: =IF(EE20="",EG20,INDEX(EE20:EG20,1,order1)&connector&INDEX(EE20:EG20,1,order2)&connector&INDEX(EE20:EG20,1,order3)) | CA20: =IF(EI20="",EK20,INDEX(EI20:EK20,1,order1)&connector&INDEX(EI20:EK20,1,order2)&connector&INDEX(EI20:EK20,1,order3)) | CB20: =IF(EM20="",EO20,INDEX(EM20:EO20,1,order1)&connector&INDEX(EM20:EO20,1,order2)&connector&INDEX(EM20:EO20,1,order3)) | CC20: =IF(EQ20="",ES20,INDEX(EQ20:ES20,1,order1)&connector&INDEX(EQ20:ES20,1,order2)&connector&INDEX(EQ20:ES20,1,order3)) | CD20: =IF(OR(AND(AA20="",AB20=""), CE20*CF20*CG20*CH20=0),"",ROW(CD20)-ROW($CD$6)) | CE20: =IF(CE$5>0,IF(OR( IF(CE$4=1,INDEX($AA20:$BX20,1,CE$5)=CE$2, IF(CE$4=2,ISNUMBER(SEARCH(CE$2,INDEX($AA20:$BX20,1,CE$5),1)), IF(CE$4=3,IF(NOT(ISNUMBER(INDEX($AA20:$BX20,1,CE$5))),TRUE,INDEX($AA20:$BX20,1,CE$5)>CE$2), IF(CE$4=4,INDEX($AA20:$BX20,1,CE$5)<CE$2,FALSE)))),CE$2=""),1,0),1) -> 0 | CF20: =IF(CF$5>0,IF(OR( IF(CF$4=1,INDEX($AA20:$BX20,1,CF$5)=CF$2, IF(CF$4=2,ISNUMBER(SEARCH(CF$2,INDEX($AA20:$BX20,1,CF$5),1)), IF(CF$4=3,IF(NOT(ISNUMBER(INDEX($AA20:$BX20,1,CF$5))),TRUE,INDEX($AA20:$BX20,1,CF$5)>CF$2), IF(CF$4=4,INDEX($AA20:$BX20,1,CF$5)<CF$2,FALSE)))),CF$2=""),1,0),1) -> 1 | CG20: =IF(CG$5>0,IF(OR( IF(CG$4=1,INDEX($AA20:$BX20,1,CG$5)=CG$2, IF(CG$4=2,ISNUMBER(SEARCH(CG$2,INDEX($AA20:$BX20,1,CG$5),1)), IF(CG$4=3,IF(NOT(ISNUMBER(INDEX($AA20:$BX20,1,CG$5))),TRUE,INDEX($AA20:$BX20,1,CG$5)>CG$2), IF(CG$4=4,INDEX($AA20:$BX20,1,CG$5)<CG$2,FALSE)))),CG$2=""),1,0),1) -> 1 | CH20: =IF(CH$5>0,IF(OR( IF(CH$4=1,INDEX($AA20:$BX20,1,CH$5)=CH$2, IF(CH$4=2,ISNUMBER(SEARCH(CH$2,INDEX($AA20:$BX20,1,CH$5),1)), IF(CH$4=3,IF(NOT(ISNUMBER(INDEX($AA20:$BX20,1,CH$5))),TRUE,INDEX($AA20:$BX20,1,CH$5)>CH$2), IF(CH$4=4,INDEX($AA20:$BX20,1,CH$5)<CH$2,FALSE)))),CH$2=""),1,0),1) -> 1 | CJ20: =IFERROR(SMALL($Z$7:$Z$1006,Y20),"") -> 14 | CK20: =IF(CL20="","",IF(ISNUMBER(MATCH(CL20,$CL$6:CL19,0)),"",CJ20)) | CL20: =IFERROR(INDEX($AA$7:$BX$1006,$CJ20,CL$6),"") -> Limited Liability Company | CM20: =IFERROR(IF(LEN(CL20)=0,"",INDEX(CL$7:CL$1006,SMALL($CK$7:$CK$1006,Y20),1)),"") | CN20: =IFERROR(IF(LEN(CM20)=0,"",COUNTIF(CL$7:CL$1006,CM20)),"") | CO20: =IFERROR(CN20+CJ20/10,"") | CR20: =IF(CS20="","",IF(ISNUMBER(MATCH(CS20,$CS$6:CS19,0)),"",CJ20)) -> 14 | CS20: =IFERROR(INDEX($AA$7:$BX$1006,$CJ20,CS$6),"") -> Romania | CT20: =IFERROR(IF(LEN(CS20)=0,"",INDEX(CS$7:CS$1006,SMALL($CR$7:$CR$1006,Y20),1)),"") | CU20: =IFERROR(IF(LEN(CT20)=0,"",COUNTIF(CS$7:CS$1006,CT20)),"") | CV20: =IF(CW20="","",IF(ISNUMBER(MATCH(CW20,$CW$6:CW19,0)),"",CJ20)) | CW20: =IFERROR(INDEX($AA$7:$BX$1006,$CJ20,CW$6),"") -> Corporation | CX20: =IFERROR(IF(LEN(CW20)=0,"",INDEX(CW$7:CW$1006,SMALL($CV$7:$CV$1006,Y20),1)),"") | CY20: =IFERROR(IF(LEN(CX20)=0,"",COUNTIF(CW$7:CW$1006,CX20)),"") | CZ20: =IFERROR(CY20+CJ20/10,"") | DC20: =IF(DE20="","",IF(ISNUMBER(MATCH(DE20,$DE$6:DE19,0)),"",CJ20)) -> 14 | DD20: =IFERROR(INDEX($AA$7:$BX$1006,$CJ20,DD$6),"") -> 4483000 | DE20: =IFERROR(INDEX($AA$7:$BX$1006,$CJ20,DE$6),"") -> Romania | DF20: =IFERROR(IF(LEN(DE20)=0,"",INDEX(DE$7:DE$1006,SMALL($DC$7:$DC$1006,Y20),1)),"") | DG20: =IFERROR(IF(LEN(DF20)=0,"",SUMIF(DE$7:DE$1006,DF20,$DD$7:$DD$1006)),"") | DH20: =IFERROR(INDEX($DF$7:$DF$1006,MATCH(LARGE($DG$7:$DG$1006,ROW(DI20)-ROW($DI$6)),$DG$7:$DG$1006,0),1),"") | DI20: =IFERROR(LARGE($DG$7:$DG$1006,ROW(DI20)-ROW($DI$6)),"") | DJ20: =IF(DL20="","",IF(ISNUMBER(MATCH(DL20,$DL$6:DL19,0)),"",CJ20)) -> 14 | DK20: =IFERROR(INDEX($AA$7:$BX$1006,$CJ20,DK$6),"") -> 4483000 | DL20: =IFERROR(INDEX($AA$7:$BX$1006,$CJ20,DL$6),"") -> Chemical | DM20: =IFERROR(IF(LEN(DL20)=0,"",INDEX(DL$7:DL$1006,SMALL($DJ$7:$DJ$1006,Y20),1)),"") | DN20: =IFERROR(IF(LEN(DM20)=0,"", ROUND(AVERAGEIF(DL$7:DL$1006,DM20,$DK$7:$DK$1006),1)),"") | DO20: =IFERROR(INDEX($AA$7:$BX$1006,$CJ20,DO$6),"") -> 285 | EA20: =IFERROR(IF(ISNUMBER(EA$5),DAY(INDEX($AA20:$BX20,1,EA$5)),""),"") -> 2 | EB20: =IFERROR(IF(ISNUMBER(EA$5),IF(order2="x",INDEX(months,MONTH(INDEX($AA20:$BX20,1,EA$5)),1),MONTH(INDEX($AA20:$BX20,1,EA$5))),""),"") -> 11 | EC20: =IFERROR(IF(ISNUMBER(EA$5),YEAR(INDEX($AA20:$BX20,1,EA$5)),""),"") -> 2021 | EE20: =IFERROR(IF(ISNUMBER(EE$5),DAY(INDEX($AA20:$BX20,1,EE$5)),""),"") | EF20: =IFERROR(IF(ISNUMBER(EE$5),IF(order2="x", INDEX(months,MONTH(INDEX($AA20:$BX20,1,EE$5)),1),MONTH(INDEX($AA20:$BX20,1,EE$5))),""),"") | EG20: =IFERROR(IF(ISNUMBER(EE$5),YEAR(INDEX($AA20:$BX20,1,EE$5)),""),"") | EI20: =IFERROR(IF(ISNUMBER(EI$5),DAY(INDEX($AA20:$BX20,1,EI$5)),""),"") | EJ20: =IFERROR(IF(ISNUMBER(EI$5),IF(order2="x", INDEX(months,MONTH(INDEX($AA20:$BX20,1,EI$5)),1),MONTH(INDEX($AA20:$BX20,1,EI$5))),""),"") | EK20: =IFERROR(IF(ISNUMBER(EI$5),YEAR(INDEX($AA20:$BX20,1,EI$5)),""),"") | EM20: =IFERROR(IF(ISNUMBER(EM$5),DAY(INDEX($AA20:$BX20,1,EM$5)),""),"") | EN20: =IFERROR(IF(ISNUMBER(EM$5),IF(order2="x", INDEX(months,MONTH(INDEX($AA20:$BX20,1,EM$5)),1),MONTH(INDEX($AA20:$BX20,1,EM$5))),""),"") | EO20: =IFERROR(IF(ISNUMBER(EM$5),YEAR(INDEX($AA20:$BX20,1,EM$5)),""),"") | EQ20: =IFERROR(IF(ISNUMBER(EQ$5),DAY(INDEX($AA20:$BX20,1,EQ$5)),""),"") | ER20: =IFERROR(IF(ISNUMBER(EQ$5),IF(order2="x", INDEX(months,MONTH(INDEX($AA20:$BX20,1,EQ$5)),1),MONTH(INDEX($AA20:$BX20,1,EQ$5))),""),"") | ES20: =IFERROR(IF(ISNUMBER(EQ$5),YEAR(INDEX($AA20:$BX20,1,EQ$5)),""),"")
B21: =IF(COUNTIF(INDEX(Form!$B$9:$K$83,ROW(Calc!B15),),"")<10,ROW(B23),0) -> 23 | E21: =IFERROR(INDEX($AA$6:$BX$6,1,SMALL($F$7:$F$56,ROW(E21)-ROW($E$6))),"") -> LINKED IN | F21: =IFERROR(IF(ROWS(AllInput[])-COUNTIF(INDEX(Input!$B$7:$AJ$1006,,ROW(F21)-ROW($F$6)),"")>0,ROW(F21)-ROW($F$6),""),"") -> 15 | G21: =IF(AND(COUNT(INDEX($AA$7:$BX$21,,ROW(G21)-ROW($G$6)))>0,SUM(INDEX($AA$7:$BX$21,,ROW(G21)-ROW($G$6)))>0 ),F21,"") | I21: =IF(AA21="","",COUNTIF($AA$7:$AA$1006,AA21)) -> 1 | J21: =IFERROR(INDEX($AA$7:$AA$1006,SMALL($Z$7:$Z$1006,Y21),1),"") -> B-00017 | L21: =IF(P21="","",IF(ISNUMBER(MATCH(P21,$P$6:P20,0)),"",Y21)) | M21: =IF(Q21="","",IF(ISNUMBER(MATCH(Q21,$Q$6:Q20,0)),"",Y21)) -> 15 | N21: =IF(R21="","",IF(ISNUMBER(MATCH(R21,$R$6:R20,0)),"",Y21)) | O21: =IF(S21="","",IF(ISNUMBER(MATCH(S21,$S$6:S20,0)),"",Y21)) -> 15 | P21: =IFERROR(IF(OR(P$5>50, Z21=""),"",INDEX($AA$7:$BX$1007,Z21,CE$5)),"") -> Automotive | Q21: =IFERROR(IF(OR(Q$5>50, Z21=""),"",INDEX($AA$7:$BX$1007,Z21,CF$5)),"") -> Canada | R21: =IFERROR(IF(OR(R$5>50, Z21=""),"",INDEX($AA$7:$BX$1007,Z21,CG$5)),"") | S21: =IFERROR(IF(OR(S$5>50, Z21=""),"",INDEX($AA$7:$BX$1007,Z21,CH$5)),"") -> 83100 | T21: =IFERROR(IF(P21="","",INDEX(P$7:P$1006,SMALL($L$7:$L$1006,Y21),1)),"") | U21: =IFERROR(IF(Q21="","",INDEX(Q$7:Q$1006,SMALL($M$7:$M$1006,Y21),1)),"") | V21: =IFERROR(IF(R21="","",INDEX(R$7:R$1006,SMALL($N$7:$N$1006,Y21),1)),"") | W21: =IFERROR(IF(S21="","",INDEX(S$7:S$1006,SMALL($O$7:$O$1006,Y21),1)),"") -> 83100 | Y21: 15 | Z21: =IF(OR(AA21="",AB21=""),"",Y21) -> 15 | AA21: =IFERROR(IF(LEN(INDEX(Input!$B$7:$AJ$1007,$Y21,AA$1))=0,"",INDEX(Input!$B$7:$AJ$1007,$Y21,AA$1)),"") -> B-00017 | AB21: =IFERROR(IF(LEN(INDEX(Input!$B$7:$AJ$1007,$Y21,AB$1))=0,"",INDEX(Input!$B$7:$AJ$1007,$Y21,AB$1)),"") -> Command Operations | AC21: =IF(OR($Z21="",AC$5=""),"",IFERROR(IF(INDEX(Input!$B$7:$AJ$1007,$Y21,AC$1)="","",INDEX(Input!$B$7:$AJ$1007,$Y21,AC$1)),"")) -> Joint Stock Company | AD21: =IF(OR($Z21="",AD$5=""),"",IFERROR(IF(INDEX(Input!$B$7:$AJ$1007,$Y21,AD$1)="","",INDEX(Input!$B$7:$AJ$1007,$Y21,AD$1)),"")) -> Startup | AE21: =IF(OR($Z21="",AE$5=""),"",IFERROR(IF(INDEX(Input!$B$7:$AJ$1007,$Y21,AE$1)="","",INDEX(Input!$B$7:$AJ$1007,$Y21,AE$1)),"")) -> Command Operations - xyz | AF21: =IF(OR($Z21="",AF$5=""),"",IFERROR(IF(INDEX(Input!$B$7:$AJ$1007,$Y21,AF$1)="","",INDEX(Input!$B$7:$AJ$1007,$Y21,AF$1)),"")) -> 44402 | AG21: =IF(OR($Z21="",AG$5=""),"",IFERROR(IF(INDEX(Input!$B$7:$AJ$1007,$Y21,AG$1)="","",INDEX(Input!$B$7:$AJ$1007,$Y21,AG$1)),"")) -> Cora Terrell | AH21: =IF(OR($Z21="",AH$5=""),"",IFERROR(IF(INDEX(Input!$B$7:$AJ$1007,$Y21,AH$1)="","",INDEX(Input!$B$7:$AJ$1007,$Y21,AH$1)),"")) -> Automotive | AI21: =IF(OR($Z21="",AI$5=""),"",IFERROR(IF(INDEX(Input!$B$7:$AJ$1007,$Y21,AI$1)="","",INDEX(Input!$B$7:$AJ$1007,$Y21,AI$1)),"")) -> Ann Peters | AJ21: =IF(OR($Z21="",AJ$5=""),"",IFERROR(IF(INDEX(Input!$B$7:$AJ$1007,$Y21,AJ$1)="","",INDEX(Input!$B$7:$AJ$1007,$Y21,AJ$1)),"")) -> Hadassah Mueller | ... BX21: =IF(OR($Z21="",BX$5=""),"",IFERROR(IF(INDEX(Input!$B$7:$AJ$1007,$Y21,BX$1)="","",INDEX(Input!$B$7:$AJ$1007,$Y21,BX$1)),"")) | BY21: =IF(EA21="",EC21,INDEX(EA21:EC21,1,order1)&connector&INDEX(EA21:EC21,1,order2)&connector&INDEX(EA21:EC21,1,order3)) -> 7.25.2021 | BZ21: =IF(EE21="",EG21,INDEX(EE21:EG21,1,order1)&connector&INDEX(EE21:EG21,1,order2)&connector&INDEX(EE21:EG21,1,order3)) | CA21: =IF(EI21="",EK21,INDEX(EI21:EK21,1,order1)&connector&INDEX(EI21:EK21,1,order2)&connector&INDEX(EI21:EK21,1,order3)) | CB21: =IF(EM21="",EO21,INDEX(EM21:EO21,1,order1)&connector&INDEX(EM21:EO21,1,order2)&connector&INDEX(EM21:EO21,1,order3)) | CC21: =IF(EQ21="",ES21,INDEX(EQ21:ES21,1,order1)&connector&INDEX(EQ21:ES21,1,order2)&connector&INDEX(EQ21:ES21,1,order3)) | CD21: =IF(OR(AND(AA21="",AB21=""), CE21*CF21*CG21*CH21=0),"",ROW(CD21)-ROW($CD$6)) | CE21: =IF(CE$5>0,IF(OR( IF(CE$4=1,INDEX($AA21:$BX21,1,CE$5)=CE$2, IF(CE$4=2,ISNUMBER(SEARCH(CE$2,INDEX($AA21:$BX21,1,CE$5),1)), IF(CE$4=3,IF(NOT(ISNUMBER(INDEX($AA21:$BX21,1,CE$5))),TRUE,INDEX($AA21:$BX21,1,CE$5)>CE$2), IF(CE$4=4,INDEX($AA21:$BX21,1,CE$5)<CE$2,FALSE)))),CE$2=""),1,0),1) -> 0 | CF21: =IF(CF$5>0,IF(OR( IF(CF$4=1,INDEX($AA21:$BX21,1,CF$5)=CF$2, IF(CF$4=2,ISNUMBER(SEARCH(CF$2,INDEX($AA21:$BX21,1,CF$5),1)), IF(CF$4=3,IF(NOT(ISNUMBER(INDEX($AA21:$BX21,1,CF$5))),TRUE,INDEX($AA21:$BX21,1,CF$5)>CF$2), IF(CF$4=4,INDEX($AA21:$BX21,1,CF$5)<CF$2,FALSE)))),CF$2=""),1,0),1) -> 1 | CG21: =IF(CG$5>0,IF(OR( IF(CG$4=1,INDEX($AA21:$BX21,1,CG$5)=CG$2, IF(CG$4=2,ISNUMBER(SEARCH(CG$2,INDEX($AA21:$BX21,1,CG$5),1)), IF(CG$4=3,IF(NOT(ISNUMBER(INDEX($AA21:$BX21,1,CG$5))),TRUE,INDEX($AA21:$BX21,1,CG$5)>CG$2), IF(CG$4=4,INDEX($AA21:$BX21,1,CG$5)<CG$2,FALSE)))),CG$2=""),1,0),1) -> 1 | CH21: =IF(CH$5>0,IF(OR( IF(CH$4=1,INDEX($AA21:$BX21,1,CH$5)=CH$2, IF(CH$4=2,ISNUMBER(SEARCH(CH$2,INDEX($AA21:$BX21,1,CH$5),1)), IF(CH$4=3,IF(NOT(ISNUMBER(INDEX($AA21:$BX21,1,CH$5))),TRUE,INDEX($AA21:$BX21,1,CH$5)>CH$2), IF(CH$4=4,INDEX($AA21:$BX21,1,CH$5)<CH$2,FALSE)))),CH$2=""),1,0),1) -> 1 | CJ21: =IFERROR(SMALL($Z$7:$Z$1006,Y21),"") -> 15 | CK21: =IF(CL21="","",IF(ISNUMBER(MATCH(CL21,$CL$6:CL20,0)),"",CJ21)) | CL21: =IFERROR(INDEX($AA$7:$BX$1006,$CJ21,CL$6),"") -> Joint Stock Company | CM21: =IFERROR(IF(LEN(CL21)=0,"",INDEX(CL$7:CL$1006,SMALL($CK$7:$CK$1006,Y21),1)),"") | CN21: =IFERROR(IF(LEN(CM21)=0,"",COUNTIF(CL$7:CL$1006,CM21)),"") | CO21: =IFERROR(CN21+CJ21/10,"") | CR21: =IF(CS21="","",IF(ISNUMBER(MATCH(CS21,$CS$6:CS20,0)),"",CJ21)) -> 15 | CS21: =IFERROR(INDEX($AA$7:$BX$1006,$CJ21,CS$6),"") -> Canada | CT21: =IFERROR(IF(LEN(CS21)=0,"",INDEX(CS$7:CS$1006,SMALL($CR$7:$CR$1006,Y21),1)),"") | CU21: =IFERROR(IF(LEN(CT21)=0,"",COUNTIF(CS$7:CS$1006,CT21)),"") | CV21: =IF(CW21="","",IF(ISNUMBER(MATCH(CW21,$CW$6:CW20,0)),"",CJ21)) | CW21: =IFERROR(INDEX($AA$7:$BX$1006,$CJ21,CW$6),"") -> Startup | CX21: =IFERROR(IF(LEN(CW21)=0,"",INDEX(CW$7:CW$1006,SMALL($CV$7:$CV$1006,Y21),1)),"") | CY21: =IFERROR(IF(LEN(CX21)=0,"",COUNTIF(CW$7:CW$1006,CX21)),"") | CZ21: =IFERROR(CY21+CJ21/10,"") | DC21: =IF(DE21="","",IF(ISNUMBER(MATCH(DE21,$DE$6:DE20,0)),"",CJ21)) -> 15 | DD21: =IFERROR(INDEX($AA$7:$BX$1006,$CJ21,DD$6),"") -> 1414000 | DE21: =IFERROR(INDEX($AA$7:$BX$1006,$CJ21,DE$6),"") -> Canada | DF21: =IFERROR(IF(LEN(DE21)=0,"",INDEX(DE$7:DE$1006,SMALL($DC$7:$DC$1006,Y21),1)),"") | DG21: =IFERROR(IF(LEN(DF21)=0,"",SUMIF(DE$7:DE$1006,DF21,$DD$7:$DD$1006)),"") | DH21: =IFERROR(INDEX($DF$7:$DF$1006,MATCH(LARGE($DG$7:$DG$1006,ROW(DI21)-ROW($DI$6)),$DG$7:$DG$1006,0),1),"") | DI21: =IFERROR(LARGE($DG$7:$DG$1006,ROW(DI21)-ROW($DI$6)),"") | DJ21: =IF(DL21="","",IF(ISNUMBER(MATCH(DL21,$DL$6:DL20,0)),"",CJ21)) | DK21: =IFERROR(INDEX($AA$7:$BX$1006,$CJ21,DK$6),"") -> 1414000 | DL21: =IFERROR(INDEX($AA$7:$BX$1006,$CJ21,DL$6),"") -> Automotive | DM21: =IFERROR(IF(LEN(DL21)=0,"",INDEX(DL$7:DL$1006,SMALL($DJ$7:$DJ$1006,Y21),1)),"") | DN21: =IFERROR(IF(LEN(DM21)=0,"", ROUND(AVERAGEIF(DL$7:DL$1006,DM21,$DK$7:$DK$1006),1)),"") | DO21: =IFERROR(INDEX($AA$7:$BX$1006,$CJ21,DO$6),"") -> 860 | EA21: =IFERROR(IF(ISNUMBER(EA$5),DAY(INDEX($AA21:$BX21,1,EA$5)),""),"") -> 25 | EB21: =IFERROR(IF(ISNUMBER(EA$5),IF(order2="x",INDEX(months,MONTH(INDEX($AA21:$BX21,1,EA$5)),1),MONTH(INDEX($AA21:$BX21,1,EA$5))),""),"") -> 7 | EC21: =IFERROR(IF(ISNUMBER(EA$5),YEAR(INDEX($AA21:$BX21,1,EA$5)),""),"") -> 2021 | EE21: =IFERROR(IF(ISNUMBER(EE$5),DAY(INDEX($AA21:$BX21,1,EE$5)),""),"") | EF21: =IFERROR(IF(ISNUMBER(EE$5),IF(order2="x", INDEX(months,MONTH(INDEX($AA21:$BX21,1,EE$5)),1),MONTH(INDEX($AA21:$BX21,1,EE$5))),""),"") | EG21: =IFERROR(IF(ISNUMBER(EE$5),YEAR(INDEX($AA21:$BX21,1,EE$5)),""),"") | EI21: =IFERROR(IF(ISNUMBER(EI$5),DAY(INDEX($AA21:$BX21,1,EI$5)),""),"") | EJ21: =IFERROR(IF(ISNUMBER(EI$5),IF(order2="x", INDEX(months,MONTH(INDEX($AA21:$BX21,1,EI$5)),1),MONTH(INDEX($AA21:$BX21,1,EI$5))),""),"") | EK21: =IFERROR(IF(ISNUMBER(EI$5),YEAR(INDEX($AA21:$BX21,1,EI$5)),""),"") | EM21: =IFERROR(IF(ISNUMBER(EM$5),DAY(INDEX($AA21:$BX21,1,EM$5)),""),"") | EN21: =IFERROR(IF(ISNUMBER(EM$5),IF(order2="x", INDEX(months,MONTH(INDEX($AA21:$BX21,1,EM$5)),1),MONTH(INDEX($AA21:$BX21,1,EM$5))),""),"") | EO21: =IFERROR(IF(ISNUMBER(EM$5),YEAR(INDEX($AA21:$BX21,1,EM$5)),""),"") | EQ21: =IFERROR(IF(ISNUMBER(EQ$5),DAY(INDEX($AA21:$BX21,1,EQ$5)),""),"") | ER21: =IFERROR(IF(ISNUMBER(EQ$5),IF(order2="x", INDEX(months,MONTH(INDEX($AA21:$BX21,1,EQ$5)),1),MONTH(INDEX($AA21:$BX21,1,EQ$5))),""),"") | ES21: =IFERROR(IF(ISNUMBER(EQ$5),YEAR(INDEX($AA21:$BX21,1,EQ$5)),""),"")
B22: =IF(COUNTIF(INDEX(Form!$B$9:$K$83,ROW(Calc!B16),),"")<10,ROW(B24),0) -> 0 | E22: =IFERROR(INDEX($AA$6:$BX$6,1,SMALL($F$7:$F$56,ROW(E22)-ROW($E$6))),"") -> COUNTRY | F22: =IFERROR(IF(ROWS(AllInput[])-COUNTIF(INDEX(Input!$B$7:$AJ$1006,,ROW(F22)-ROW($F$6)),"")>0,ROW(F22)-ROW($F$6),""),"") | G22: =IF(AND(COUNT(INDEX($AA$7:$BX$21,,ROW(G22)-ROW($G$6)))>0,SUM(INDEX($AA$7:$BX$21,,ROW(G22)-ROW($G$6)))>0 ),F22,"") | I22: =IF(AA22="","",COUNTIF($AA$7:$AA$1006,AA22)) -> 1 | J22: =IFERROR(INDEX($AA$7:$AA$1006,SMALL($Z$7:$Z$1006,Y22),1),"") -> B-00018 | L22: =IF(P22="","",IF(ISNUMBER(MATCH(P22,$P$6:P21,0)),"",Y22)) -> 16 | M22: =IF(Q22="","",IF(ISNUMBER(MATCH(Q22,$Q$6:Q21,0)),"",Y22)) | N22: =IF(R22="","",IF(ISNUMBER(MATCH(R22,$R$6:R21,0)),"",Y22)) | O22: =IF(S22="","",IF(ISNUMBER(MATCH(S22,$S$6:S21,0)),"",Y22)) -> 16 | P22: =IFERROR(IF(OR(P$5>50, Z22=""),"",INDEX($AA$7:$BX$1007,Z22,CE$5)),"") -> Manufacturing | Q22: =IFERROR(IF(OR(Q$5>50, Z22=""),"",INDEX($AA$7:$BX$1007,Z22,CF$5)),"") -> Chile | R22: =IFERROR(IF(OR(R$5>50, Z22=""),"",INDEX($AA$7:$BX$1007,Z22,CG$5)),"") | S22: =IFERROR(IF(OR(S$5>50, Z22=""),"",INDEX($AA$7:$BX$1007,Z22,CH$5)),"") -> 45600 | T22: =IFERROR(IF(P22="","",INDEX(P$7:P$1006,SMALL($L$7:$L$1006,Y22),1)),"") | U22: =IFERROR(IF(Q22="","",INDEX(Q$7:Q$1006,SMALL($M$7:$M$1006,Y22),1)),"") | V22: =IFERROR(IF(R22="","",INDEX(R$7:R$1006,SMALL($N$7:$N$1006,Y22),1)),"") | W22: =IFERROR(IF(S22="","",INDEX(S$7:S$1006,SMALL($O$7:$O$1006,Y22),1)),"") -> 45600 | Y22: 16 | Z22: =IF(OR(AA22="",AB22=""),"",Y22) -> 16 | AA22: =IFERROR(IF(LEN(INDEX(Input!$B$7:$AJ$1007,$Y22,AA$1))=0,"",INDEX(Input!$B$7:$AJ$1007,$Y22,AA$1)),"") -> B-00018 | AB22: =IFERROR(IF(LEN(INDEX(Input!$B$7:$AJ$1007,$Y22,AB$1))=0,"",INDEX(Input!$B$7:$AJ$1007,$Y22,AB$1)),"") -> Fission Marketing | AC22: =IF(OR($Z22="",AC$5=""),"",IFERROR(IF(INDEX(Input!$B$7:$AJ$1007,$Y22,AC$1)="","",INDEX(Input!$B$7:$AJ$1007,$Y22,AC$1)),"")) -> Limited Liability Company | AD22: =IF(OR($Z22="",AD$5=""),"",IFERROR(IF(INDEX(Input!$B$7:$AJ$1007,$Y22,AD$1)="","",INDEX(Input!$B$7:$AJ$1007,$Y22,AD$1)),"")) -> Partner | AE22: =IF(OR($Z22="",AE$5=""),"",IFERROR(IF(INDEX(Input!$B$7:$AJ$1007,$Y22,AE$1)="","",INDEX(Input!$B$7:$AJ$1007,$Y22,AE$1)),"")) -> Fission Marketing - xyz | AF22: =IF(OR($Z22="",AF$5=""),"",IFERROR(IF(INDEX(Input!$B$7:$AJ$1007,$Y22,AF$1)="","",INDEX(Input!$B$7:$AJ$1007,$Y22,AF$1)),"")) -> 37246 | AG22: =IF(OR($Z22="",AG$5=""),"",IFERROR(IF(INDEX(Input!$B$7:$AJ$1007,$Y22,AG$1)="","",INDEX(Input!$B$7:$AJ$1007,$Y22,AG$1)),"")) -> Rhona Dillard | AH22: =IF(OR($Z22="",AH$5=""),"",IFERROR(IF(INDEX(Input!$B$7:$AJ$1007,$Y22,AH$1)="","",INDEX(Input!$B$7:$AJ$1007,$Y22,AH$1)),"")) -> Manufacturing | AI22: =IF(OR($Z22="",AI$5=""),"",IFERROR(IF(INDEX(Input!$B$7:$AJ$1007,$Y22,AI$1)="","",INDEX(Input!$B$7:$AJ$1007,$Y22,AI$1)),"")) -> Regan Hendricks | AJ22: =IF(OR($Z22="",AJ$5=""),"",IFERROR(IF(INDEX(Input!$B$7:$AJ$1007,$Y22,AJ$1)="","",INDEX(Input!$B$7:$AJ$1007,$Y22,AJ$1)),"")) -> Tashya Marsh | ... BX22: =IF(OR($Z22="",BX$5=""),"",IFERROR(IF(INDEX(Input!$B$7:$AJ$1007,$Y22,BX$1)="","",INDEX(Input!$B$7:$AJ$1007,$Y22,BX$1)),"")) | BY22: =IF(EA22="",EC22,INDEX(EA22:EC22,1,order1)&connector&INDEX(EA22:EC22,1,order2)&connector&INDEX(EA22:EC22,1,order3)) -> 12.21.2001 | BZ22: =IF(EE22="",EG22,INDEX(EE22:EG22,1,order1)&connector&INDEX(EE22:EG22,1,order2)&connector&INDEX(EE22:EG22,1,order3)) | CA22: =IF(EI22="",EK22,INDEX(EI22:EK22,1,order1)&connector&INDEX(EI22:EK22,1,order2)&connector&INDEX(EI22:EK22,1,order3)) | CB22: =IF(EM22="",EO22,INDEX(EM22:EO22,1,order1)&connector&INDEX(EM22:EO22,1,order2)&connector&INDEX(EM22:EO22,1,order3)) | CC22: =IF(EQ22="",ES22,INDEX(EQ22:ES22,1,order1)&connector&INDEX(EQ22:ES22,1,order2)&connector&INDEX(EQ22:ES22,1,order3)) | CD22: =IF(OR(AND(AA22="",AB22=""), CE22*CF22*CG22*CH22=0),"",ROW(CD22)-ROW($CD$6)) | CE22: =IF(CE$5>0,IF(OR( IF(CE$4=1,INDEX($AA22:$BX22,1,CE$5)=CE$2, IF(CE$4=2,ISNUMBER(SEARCH(CE$2,INDEX($AA22:$BX22,1,CE$5),1)), IF(CE$4=3,IF(NOT(ISNUMBER(INDEX($AA22:$BX22,1,CE$5))),TRUE,INDEX($AA22:$BX22,1,CE$5)>CE$2), IF(CE$4=4,INDEX($AA22:$BX22,1,CE$5)<CE$2,FALSE)))),CE$2=""),1,0),1) -> 0 | CF22: =IF(CF$5>0,IF(OR( IF(CF$4=1,INDEX($AA22:$BX22,1,CF$5)=CF$2, IF(CF$4=2,ISNUMBER(SEARCH(CF$2,INDEX($AA22:$BX22,1,CF$5),1)), IF(CF$4=3,IF(NOT(ISNUMBER(INDEX($AA22:$BX22,1,CF$5))),TRUE,INDEX($AA22:$BX22,1,CF$5)>CF$2), IF(CF$4=4,INDEX($AA22:$BX22,1,CF$5)<CF$2,FALSE)))),CF$2=""),1,0),1) -> 1 | CG22: =IF(CG$5>0,IF(OR( IF(CG$4=1,INDEX($AA22:$BX22,1,CG$5)=CG$2, IF(CG$4=2,ISNUMBER(SEARCH(CG$2,INDEX($AA22:$BX22,1,CG$5),1)), IF(CG$4=3,IF(NOT(ISNUMBER(INDEX($AA22:$BX22,1,CG$5))),TRUE,INDEX($AA22:$BX22,1,CG$5)>CG$2), IF(CG$4=4,INDEX($AA22:$BX22,1,CG$5)<CG$2,FALSE)))),CG$2=""),1,0),1) -> 1 | CH22: =IF(CH$5>0,IF(OR( IF(CH$4=1,INDEX($AA22:$BX22,1,CH$5)=CH$2, IF(CH$4=2,ISNUMBER(SEARCH(CH$2,INDEX($AA22:$BX22,1,CH$5),1)), IF(CH$4=3,IF(NOT(ISNUMBER(INDEX($AA22:$BX22,1,CH$5))),TRUE,INDEX($AA22:$BX22,1,CH$5)>CH$2), IF(CH$4=4,INDEX($AA22:$BX22,1,CH$5)<CH$2,FALSE)))),CH$2=""),1,0),1) -> 1 | CJ22: =IFERROR(SMALL($Z$7:$Z$1006,Y22),"") -> 16 | CK22: =IF(CL22="","",IF(ISNUMBER(MATCH(CL22,$CL$6:CL21,0)),"",CJ22)) | CL22: =IFERROR(INDEX($AA$7:$BX$1006,$CJ22,CL$6),"") -> Limited Liability Company | CM22: =IFERROR(IF(LEN(CL22)=0,"",INDEX(CL$7:CL$1006,SMALL($CK$7:$CK$1006,Y22),1)),"") | CN22: =IFERROR(IF(LEN(CM22)=0,"",COUNTIF(CL$7:CL$1006,CM22)),"") | CO22: =IFERROR(CN22+CJ22/10,"") | CR22: =IF(CS22="","",IF(ISNUMBER(MATCH(CS22,$CS$6:CS21,0)),"",CJ22)) | CS22: =IFERROR(INDEX($AA$7:$BX$1006,$CJ22,CS$6),"") -> Chile | CT22: =IFERROR(IF(LEN(CS22)=0,"",INDEX(CS$7:CS$1006,SMALL($CR$7:$CR$1006,Y22),1)),"") | CU22: =IFERROR(IF(LEN(CT22)=0,"",COUNTIF(CS$7:CS$1006,CT22)),"") | CV22: =IF(CW22="","",IF(ISNUMBER(MATCH(CW22,$CW$6:CW21,0)),"",CJ22)) | CW22: =IFERROR(INDEX($AA$7:$BX$1006,$CJ22,CW$6),"") -> Partner | CX22: =IFERROR(IF(LEN(CW22)=0,"",INDEX(CW$7:CW$1006,SMALL($CV$7:$CV$1006,Y22),1)),"") | CY22: =IFERROR(IF(LEN(CX22)=0,"",COUNTIF(CW$7:CW$1006,CX22)),"") | CZ22: =IFERROR(CY22+CJ22/10,"") | DC22: =IF(DE22="","",IF(ISNUMBER(MATCH(DE22,$DE$6:DE21,0)),"",CJ22)) | DD22: =IFERROR(INDEX($AA$7:$BX$1006,$CJ22,DD$6),"") -> 4759000 | DE22: =IFERROR(INDEX($AA$7:$BX$1006,$CJ22,DE$6),"") -> Chile | DF22: =IFERROR(IF(LEN(DE22)=0,"",INDEX(DE$7:DE$1006,SMALL($DC$7:$DC$1006,Y22),1)),"") | DG22: =IFERROR(IF(LEN(DF22)=0,"",SUMIF(DE$7:DE$1006,DF22,$DD$7:$DD$1006)),"") | DJ22: =IF(DL22="","",IF(ISNUMBER(MATCH(DL22,$DL$6:DL21,0)),"",CJ22)) -> 16 | DK22: =IFERROR(INDEX($AA$7:$BX$1006,$CJ22,DK$6),"") -> 4759000 | DL22: =IFERROR(INDEX($AA$7:$BX$1006,$CJ22,DL$6),"") -> Manufacturing | DM22: =IFERROR(IF(LEN(DL22)=0,"",INDEX(DL$7:DL$1006,SMALL($DJ$7:$DJ$1006,Y22),1)),"") | DN22: =IFERROR(IF(LEN(DM22)=0,"", ROUND(AVERAGEIF(DL$7:DL$1006,DM22,$DK$7:$DK$1006),1)),"") | DO22: =IFERROR(INDEX($AA$7:$BX$1006,$CJ22,DO$6),"") -> 130 | EA22: =IFERROR(IF(ISNUMBER(EA$5),DAY(INDEX($AA22:$BX22,1,EA$5)),""),"") -> 21 | EB22: =IFERROR(IF(ISNUMBER(EA$5),IF(order2="x",INDEX(months,MONTH(INDEX($AA22:$BX22,1,EA$5)),1),MONTH(INDEX($AA22:$BX22,1,EA$5))),""),"") -> 12 | EC22: =IFERROR(IF(ISNUMBER(EA$5),YEAR(INDEX($AA22:$BX22,1,EA$5)),""),"") -> 2001 | EE22: =IFERROR(IF(ISNUMBER(EE$5),DAY(INDEX($AA22:$BX22,1,EE$5)),""),"") | EF22: =IFERROR(IF(ISNUMBER(EE$5),IF(order2="x", INDEX(months,MONTH(INDEX($AA22:$BX22,1,EE$5)),1),MONTH(INDEX($AA22:$BX22,1,EE$5))),""),"") | EG22: =IFERROR(IF(ISNUMBER(EE$5),YEAR(INDEX($AA22:$BX22,1,EE$5)),""),"") | EI22: =IFERROR(IF(ISNUMBER(EI$5),DAY(INDEX($AA22:$BX22,1,EI$5)),""),"") | EJ22: =IFERROR(IF(ISNUMBER(EI$5),IF(order2="x", INDEX(months,MONTH(INDEX($AA22:$BX22,1,EI$5)),1),MONTH(INDEX($AA22:$BX22,1,EI$5))),""),"") | EK22: =IFERROR(IF(ISNUMBER(EI$5),YEAR(INDEX($AA22:$BX22,1,EI$5)),""),"") | EM22: =IFERROR(IF(ISNUMBER(EM$5),DAY(INDEX($AA22:$BX22,1,EM$5)),""),"") | EN22: =IFERROR(IF(ISNUMBER(EM$5),IF(order2="x", INDEX(months,MONTH(INDEX($AA22:$BX22,1,EM$5)),1),MONTH(INDEX($AA22:$BX22,1,EM$5))),""),"") | EO22: =IFERROR(IF(ISNUMBER(EM$5),YEAR(INDEX($AA22:$BX22,1,EM$5)),""),"") | EQ22: =IFERROR(IF(ISNUMBER(EQ$5),DAY(INDEX($AA22:$BX22,1,EQ$5)),""),"") | ER22: =IFERROR(IF(ISNUMBER(EQ$5),IF(order2="x", INDEX(months,MONTH(INDEX($AA22:$BX22,1,EQ$5)),1),MONTH(INDEX($AA22:$BX22,1,EQ$5))),""),"") | ES22: =IFERROR(IF(ISNUMBER(EQ$5),YEAR(INDEX($AA22:$BX22,1,EQ$5)),""),"")
B23: =IF(COUNTIF(INDEX(Form!$B$9:$K$83,ROW(Calc!B17),),"")<10,ROW(B25),0) -> 25 | E23: =IFERROR(INDEX($AA$6:$BX$6,1,SMALL($F$7:$F$56,ROW(E23)-ROW($E$6))),"") -> CITY | F23: =IFERROR(IF(ROWS(AllInput[])-COUNTIF(INDEX(Input!$B$7:$AJ$1006,,ROW(F23)-ROW($F$6)),"")>0,ROW(F23)-ROW($F$6),""),"") -> 17 | G23: =IF(AND(COUNT(INDEX($AA$7:$BX$21,,ROW(G23)-ROW($G$6)))>0,SUM(INDEX($AA$7:$BX$21,,ROW(G23)-ROW($G$6)))>0 ),F23,"") | I23: =IF(AA23="","",COUNTIF($AA$7:$AA$1006,AA23)) -> 1 | J23: =IFERROR(INDEX($AA$7:$AA$1006,SMALL($Z$7:$Z$1006,Y23),1),"") -> B-00019 | L23: =IF(P23="","",IF(ISNUMBER(MATCH(P23,$P$6:P22,0)),"",Y23)) -> 17 | M23: =IF(Q23="","",IF(ISNUMBER(MATCH(Q23,$Q$6:Q22,0)),"",Y23)) | N23: =IF(R23="","",IF(ISNUMBER(MATCH(R23,$R$6:R22,0)),"",Y23)) | O23: =IF(S23="","",IF(ISNUMBER(MATCH(S23,$S$6:S22,0)),"",Y23)) -> 17 | P23: =IFERROR(IF(OR(P$5>50, Z23=""),"",INDEX($AA$7:$BX$1007,Z23,CE$5)),"") -> Agriculture | Q23: =IFERROR(IF(OR(Q$5>50, Z23=""),"",INDEX($AA$7:$BX$1007,Z23,CF$5)),"") -> Brazil | R23: =IFERROR(IF(OR(R$5>50, Z23=""),"",INDEX($AA$7:$BX$1007,Z23,CG$5)),"") | S23: =IFERROR(IF(OR(S$5>50, Z23=""),"",INDEX($AA$7:$BX$1007,Z23,CH$5)),"") -> 21000 | T23: =IFERROR(IF(P23="","",INDEX(P$7:P$1006,SMALL($L$7:$L$1006,Y23),1)),"") | U23: =IFERROR(IF(Q23="","",INDEX(Q$7:Q$1006,SMALL($M$7:$M$1006,Y23),1)),"") | V23: =IFERROR(IF(R23="","",INDEX(R$7:R$1006,SMALL($N$7:$N$1006,Y23),1)),"") | W23: =IFERROR(IF(S23="","",INDEX(S$7:S$1006,SMALL($O$7:$O$1006,Y23),1)),"") -> 21000 | Y23: 17 | Z23: =IF(OR(AA23="",AB23=""),"",Y23) -> 17 | AA23: =IFERROR(IF(LEN(INDEX(Input!$B$7:$AJ$1007,$Y23,AA$1))=0,"",INDEX(Input!$B$7:$AJ$1007,$Y23,AA$1)),"") -> B-00019 | AB23: =IFERROR(IF(LEN(INDEX(Input!$B$7:$AJ$1007,$Y23,AB$1))=0,"",INDEX(Input!$B$7:$AJ$1007,$Y23,AB$1)),"") -> Programmatic Marketing | AC23: =IF(OR($Z23="",AC$5=""),"",IFERROR(IF(INDEX(Input!$B$7:$AJ$1007,$Y23,AC$1)="","",INDEX(Input!$B$7:$AJ$1007,$Y23,AC$1)),"")) -> Collective Company | AD23: =IF(OR($Z23="",AD$5=""),"",IFERROR(IF(INDEX(Input!$B$7:$AJ$1007,$Y23,AD$1)="","",INDEX(Input!$B$7:$AJ$1007,$Y23,AD$1)),"")) -> Contractor | AE23: =IF(OR($Z23="",AE$5=""),"",IFERROR(IF(INDEX(Input!$B$7:$AJ$1007,$Y23,AE$1)="","",INDEX(Input!$B$7:$AJ$1007,$Y23,AE$1)),"")) -> Programmatic Marketing - xyz | AF23: =IF(OR($Z23="",AF$5=""),"",IFERROR(IF(INDEX(Input!$B$7:$AJ$1007,$Y23,AF$1)="","",INDEX(Input!$B$7:$AJ$1007,$Y23,AF$1)),"")) -> 44425 | AG23: =IF(OR($Z23="",AG$5=""),"",IFERROR(IF(INDEX(Input!$B$7:$AJ$1007,$Y23,AG$1)="","",INDEX(Input!$B$7:$AJ$1007,$Y23,AG$1)),"")) -> Darius Lee | AH23: =IF(OR($Z23="",AH$5=""),"",IFERROR(IF(INDEX(Input!$B$7:$AJ$1007,$Y23,AH$1)="","",INDEX(Input!$B$7:$AJ$1007,$Y23,AH$1)),"")) -> Agriculture | AI23: =IF(OR($Z23="",AI$5=""),"",IFERROR(IF(INDEX(Input!$B$7:$AJ$1007,$Y23,AI$1)="","",INDEX(Input!$B$7:$AJ$1007,$Y23,AI$1)),"")) -> Anthony Mullen | AJ23: =IF(OR($Z23="",AJ$5=""),"",IFERROR(IF(INDEX(Input!$B$7:$AJ$1007,$Y23,AJ$1)="","",INDEX(Input!$B$7:$AJ$1007,$Y23,AJ$1)),"")) -> Bianca Gamble | ... BX23: =IF(OR($Z23="",BX$5=""),"",IFERROR(IF(INDEX(Input!$B$7:$AJ$1007,$Y23,BX$1)="","",INDEX(Input!$B$7:$AJ$1007,$Y23,BX$1)),"")) | BY23: =IF(EA23="",EC23,INDEX(EA23:EC23,1,order1)&connector&INDEX(EA23:EC23,1,order2)&connector&INDEX(EA23:EC23,1,order3)) -> 8.17.2021 | BZ23: =IF(EE23="",EG23,INDEX(EE23:EG23,1,order1)&connector&INDEX(EE23:EG23,1,order2)&connector&INDEX(EE23:EG23,1,order3)) | CA23: =IF(EI23="",EK23,INDEX(EI23:EK23,1,order1)&connector&INDEX(EI23:EK23,1,order2)&connector&INDEX(EI23:EK23,1,order3)) | CB23: =IF(EM23="",EO23,INDEX(EM23:EO23,1,order1)&connector&INDEX(EM23:EO23,1,order2)&connector&INDEX(EM23:EO23,1,order3)) | CC23: =IF(EQ23="",ES23,INDEX(EQ23:ES23,1,order1)&connector&INDEX(EQ23:ES23,1,order2)&connector&INDEX(EQ23:ES23,1,order3)) | CD23: =IF(OR(AND(AA23="",AB23=""), CE23*CF23*CG23*CH23=0),"",ROW(CD23)-ROW($CD$6)) | CE23: =IF(CE$5>0,IF(OR( IF(CE$4=1,INDEX($AA23:$BX23,1,CE$5)=CE$2, IF(CE$4=2,ISNUMBER(SEARCH(CE$2,INDEX($AA23:$BX23,1,CE$5),1)), IF(CE$4=3,IF(NOT(ISNUMBER(INDEX($AA23:$BX23,1,CE$5))),TRUE,INDEX($AA23:$BX23,1,CE$5)>CE$2), IF(CE$4=4,INDEX($AA23:$BX23,1,CE$5)<CE$2,FALSE)))),CE$2=""),1,0),1) -> 0 | CF23: =IF(CF$5>0,IF(OR( IF(CF$4=1,INDEX($AA23:$BX23,1,CF$5)=CF$2, IF(CF$4=2,ISNUMBER(SEARCH(CF$2,INDEX($AA23:$BX23,1,CF$5),1)), IF(CF$4=3,IF(NOT(ISNUMBER(INDEX($AA23:$BX23,1,CF$5))),TRUE,INDEX($AA23:$BX23,1,CF$5)>CF$2), IF(CF$4=4,INDEX($AA23:$BX23,1,CF$5)<CF$2,FALSE)))),CF$2=""),1,0),1) -> 1 | CG23: =IF(CG$5>0,IF(OR( IF(CG$4=1,INDEX($AA23:$BX23,1,CG$5)=CG$2, IF(CG$4=2,ISNUMBER(SEARCH(CG$2,INDEX($AA23:$BX23,1,CG$5),1)), IF(CG$4=3,IF(NOT(ISNUMBER(INDEX($AA23:$BX23,1,CG$5))),TRUE,INDEX($AA23:$BX23,1,CG$5)>CG$2), IF(CG$4=4,INDEX($AA23:$BX23,1,CG$5)<CG$2,FALSE)))),CG$2=""),1,0),1) -> 1 | CH23: =IF(CH$5>0,IF(OR( IF(CH$4=1,INDEX($AA23:$BX23,1,CH$5)=CH$2, IF(CH$4=2,ISNUMBER(SEARCH(CH$2,INDEX($AA23:$BX23,1,CH$5),1)), IF(CH$4=3,IF(NOT(ISNUMBER(INDEX($AA23:$BX23,1,CH$5))),TRUE,INDEX($AA23:$BX23,1,CH$5)>CH$2), IF(CH$4=4,INDEX($AA23:$BX23,1,CH$5)<CH$2,FALSE)))),CH$2=""),1,0),1) -> 1 | CJ23: =IFERROR(SMALL($Z$7:$Z$1006,Y23),"") -> 17 | CK23: =IF(CL23="","",IF(ISNUMBER(MATCH(CL23,$CL$6:CL22,0)),"",CJ23)) | CL23: =IFERROR(INDEX($AA$7:$BX$1006,$CJ23,CL$6),"") -> Collective Company | CM23: =IFERROR(IF(LEN(CL23)=0,"",INDEX(CL$7:CL$1006,SMALL($CK$7:$CK$1006,Y23),1)),"") | CN23: =IFERROR(IF(LEN(CM23)=0,"",COUNTIF(CL$7:CL$1006,CM23)),"") | CO23: =IFERROR(CN23+CJ23/10,"") | CR23: =IF(CS23="","",IF(ISNUMBER(MATCH(CS23,$CS$6:CS22,0)),"",CJ23)) | CS23: =IFERROR(INDEX($AA$7:$BX$1006,$CJ23,CS$6),"") -> Brazil | CT23: =IFERROR(IF(LEN(CS23)=0,"",INDEX(CS$7:CS$1006,SMALL($CR$7:$CR$1006,Y23),1)),"") | CU23: =IFERROR(IF(LEN(CT23)=0,"",COUNTIF(CS$7:CS$1006,CT23)),"") | CV23: =IF(CW23="","",IF(ISNUMBER(MATCH(CW23,$CW$6:CW22,0)),"",CJ23)) | CW23: =IFERROR(INDEX($AA$7:$BX$1006,$CJ23,CW$6),"") -> Contractor | CX23: =IFERROR(IF(LEN(CW23)=0,"",INDEX(CW$7:CW$1006,SMALL($CV$7:$CV$1006,Y23),1)),"") | CY23: =IFERROR(IF(LEN(CX23)=0,"",COUNTIF(CW$7:CW$1006,CX23)),"") | CZ23: =IFERROR(CY23+CJ23/10,"") | DC23: =IF(DE23="","",IF(ISNUMBER(MATCH(DE23,$DE$6:DE22,0)),"",CJ23)) | DD23: =IFERROR(INDEX($AA$7:$BX$1006,$CJ23,DD$6),"") -> 3000 | DE23: =IFERROR(INDEX($AA$7:$BX$1006,$CJ23,DE$6),"") -> Brazil | DF23: =IFERROR(IF(LEN(DE23)=0,"",INDEX(DE$7:DE$1006,SMALL($DC$7:$DC$1006,Y23),1)),"") | DG23: =IFERROR(IF(LEN(DF23)=0,"",SUMIF(DE$7:DE$1006,DF23,$DD$7:$DD$1006)),"") | DJ23: =IF(DL23="","",IF(ISNUMBER(MATCH(DL23,$DL$6:DL22,0)),"",CJ23)) -> 17 | DK23: =IFERROR(INDEX($AA$7:$BX$1006,$CJ23,DK$6),"") -> 3000 | DL23: =IFERROR(INDEX($AA$7:$BX$1006,$CJ23,DL$6),"") -> Agriculture | DM23: =IFERROR(IF(LEN(DL23)=0,"",INDEX(DL$7:DL$1006,SMALL($DJ$7:$DJ$1006,Y23),1)),"") | DN23: =IFERROR(IF(LEN(DM23)=0,"", ROUND(AVERAGEIF(DL$7:DL$1006,DM23,$DK$7:$DK$1006),1)),"") | DO23: =IFERROR(INDEX($AA$7:$BX$1006,$CJ23,DO$6),"") -> 90 | EA23: =IFERROR(IF(ISNUMBER(EA$5),DAY(INDEX($AA23:$BX23,1,EA$5)),""),"") -> 17 | EB23: =IFERROR(IF(ISNUMBER(EA$5),IF(order2="x",INDEX(months,MONTH(INDEX($AA23:$BX23,1,EA$5)),1),MONTH(INDEX($AA23:$BX23,1,EA$5))),""),"") -> 8 | EC23: =IFERROR(IF(ISNUMBER(EA$5),YEAR(INDEX($AA23:$BX23,1,EA$5)),""),"") -> 2021 | EE23: =IFERROR(IF(ISNUMBER(EE$5),DAY(INDEX($AA23:$BX23,1,EE$5)),""),"") | EF23: =IFERROR(IF(ISNUMBER(EE$5),IF(order2="x", INDEX(months,MONTH(INDEX($AA23:$BX23,1,EE$5)),1),MONTH(INDEX($AA23:$BX23,1,EE$5))),""),"") | EG23: =IFERROR(IF(ISNUMBER(EE$5),YEAR(INDEX($AA23:$BX23,1,EE$5)),""),"") | EI23: =IFERROR(IF(ISNUMBER(EI$5),DAY(INDEX($AA23:$BX23,1,EI$5)),""),"") | EJ23: =IFERROR(IF(ISNUMBER(EI$5),IF(order2="x", INDEX(months,MONTH(INDEX($AA23:$BX23,1,EI$5)),1),MONTH(INDEX($AA23:$BX23,1,EI$5))),""),"") | EK23: =IFERROR(IF(ISNUMBER(EI$5),YEAR(INDEX($AA23:$BX23,1,EI$5)),""),"") | EM23: =IFERROR(IF(ISNUMBER(EM$5),DAY(INDEX($AA23:$BX23,1,EM$5)),""),"") | EN23: =IFERROR(IF(ISNUMBER(EM$5),IF(order2="x", INDEX(months,MONTH(INDEX($AA23:$BX23,1,EM$5)),1),MONTH(INDEX($AA23:$BX23,1,EM$5))),""),"") | EO23: =IFERROR(IF(ISNUMBER(EM$5),YEAR(INDEX($AA23:$BX23,1,EM$5)),""),"") | EQ23: =IFERROR(IF(ISNUMBER(EQ$5),DAY(INDEX($AA23:$BX23,1,EQ$5)),""),"") | ER23: =IFERROR(IF(ISNUMBER(EQ$5),IF(order2="x", INDEX(months,MONTH(INDEX($AA23:$BX23,1,EQ$5)),1),MONTH(INDEX($AA23:$BX23,1,EQ$5))),""),"") | ES23: =IFERROR(IF(ISNUMBER(EQ$5),YEAR(INDEX($AA23:$BX23,1,EQ$5)),""),"")
